Workbook

Sheet Rebases
A1: Before taking this survey, were you familiar with the concept of cloud computing? | B1: BASE: All Respondents | C1: =IFERROR(VLOOKUP(A1, E1:G200, 2, FALSE), 0) -> 1 | D1: =IFERROR(VLOOKUP(A1, E1:G200, 3, FALSE), 0) -> 11 | E1: =Contents!D9 -> Before taking this survey, were you familiar with the concept of cloud computing? | F1: =Contents!C9 -> 1 | G1: =Contents!E9 -> 11
A2: Do you know if your company directly buys any services from a cloud provider? (eg. Amazon Web Services, Microsoft Azure, Google Cloud Platform) | B2: BASE: All Respondents | C2: =IFERROR(VLOOKUP(A2, E2:G201, 2, FALSE), 0) -> 2 | D2: =IFERROR(VLOOKUP(A2, E2:G201, 3, FALSE), 0) -> 18 | E2: =Contents!D10 -> Do you know if your company directly buys any services from a cloud provider? (eg. Amazon Web Services, Microsoft Azure, Google Cloud Platform) | F2: =Contents!C10 -> 2 | G2: =Contents!E10 -> 18
A3: Which of the following purposes do you use a cloud computing provider for?Please select all that apply | B3: BASE: Cloud User | C3: =IFERROR(VLOOKUP(A3, E3:G202, 2, FALSE), 0) -> 3 | D3: =IFERROR(VLOOKUP(A3, E3:G202, 3, FALSE), 0) -> 26 | E3: =Contents!D11 -> Which of the following purposes do you use a cloud computing provider for?Please select all that apply | F3: =Contents!C11 -> 3 | G3: =Contents!E11 -> 26
A4: Which, if any, of the following best describes how you use cloud services?Please select all that apply | B4: BASE: Cloud User | C4: =IFERROR(VLOOKUP(A4, E4:G203, 2, FALSE), 0) -> 4 | D4: =IFERROR(VLOOKUP(A4, E4:G203, 3, FALSE), 0) -> 41 | E4: =Contents!D12 -> Which, if any, of the following best describes how you use cloud services?Please select all that apply | F4: =Contents!C12 -> 4 | G4: =Contents!E12 -> 41
A5: Besides cloud computing and personal computers for your staff, does your company own any centralised computers, servers, on-premises computing or data centres of its own? | B5: BASE: Cloud User | C5: =IFERROR(VLOOKUP(A5, E5:G204, 2, FALSE), 0) -> 5 | D5: =IFERROR(VLOOKUP(A5, E5:G204, 3, FALSE), 0) -> 47 | E5: =Contents!D13 -> Besides cloud computing and personal computers for your staff, does your company own any centralised computers, servers, on-premises computing or data centres of its own? | F5: =Contents!C13 -> 5 | G5: =Contents!E13 -> 47
A6: Does your business operate in any of the following sectors?Please select all that apply | B6: BASE: All Respondents | C6: =IFERROR(VLOOKUP(A6, E6:G205, 2, FALSE), 0) -> 6 | D6: =IFERROR(VLOOKUP(A6, E6:G205, 3, FALSE), 0) -> 53 | E6: =Contents!D14 -> Does your business operate in any of the following sectors?Please select all that apply | F6: =Contents!C14 -> 6 | G6: =Contents!E14 -> 53
A7: And more specifically, which one of the following sectors would you say is the best description for your business ? | B7: BASE: All Respondents | C7: =IFERROR(VLOOKUP(A7, E7:G206, 2, FALSE), 0) -> 7 | D7: =IFERROR(VLOOKUP(A7, E7:G206, 3, FALSE), 0) -> 65 | E7: =Contents!D15 -> And more specifically, which one of the following sectors would you say is the best description for your business ? | F7: =Contents!C15 -> 7 | G7: =Contents!E15 -> 65
A8: What is the approximate annual revenue of your business? | B8: BASE: All Respondents | C8: =IFERROR(VLOOKUP(A8, E8:G207, 2, FALSE), 0) -> 8 | D8: =IFERROR(VLOOKUP(A8, E8:G207, 3, FALSE), 0) -> 88 | E8: =Contents!D16 -> What is the approximate annual revenue of your business? | F8: =Contents!C16 -> 8 | G8: =Contents!E16 -> 88
A9: In 2021, how much did the revenue of your company grow? | B9: BASE: All Respondents | C9: =IFERROR(VLOOKUP(A9, E9:G208, 2, FALSE), 0) -> 9 | D9: =IFERROR(VLOOKUP(A9, E9:G208, 3, FALSE), 0) -> 104 | E9: =Contents!D17 -> In 2021, how much did the revenue of your company grow? | F9: =Contents!C17 -> 9 | G9: =Contents!E17 -> 104
A10: And over the last three years, how much did the revenue of your company grow on average? | B10: BASE: All Respondents | C10: =IFERROR(VLOOKUP(A10, E10:G209, 2, FALSE), 0) -> 10 | D10: =IFERROR(VLOOKUP(A10, E10:G209, 3, FALSE), 0) -> 119 | E10: =Contents!D18 -> And over the last three years, how much did the revenue of your company grow on average? | F10: =Contents!C18 -> 10 | G10: =Contents!E18 -> 119
A11: In 2021, how did the headcount of your company change? | B11: BASE: All Respondents | C11: =IFERROR(VLOOKUP(A11, E11:G210, 2, FALSE), 0) -> 11 | D11: =IFERROR(VLOOKUP(A11, E11:G210, 3, FALSE), 0) -> 134 | E11: =Contents!D19 -> In 2021, how did the headcount of your company change? | F11: =Contents!C19 -> 11 | G11: =Contents!E19 -> 134
A12: What proportion of your staff worked remotely for at least part of the week in 2019? | B12: BASE: All Respondents | C12: =IFERROR(VLOOKUP(A12, E12:G211, 2, FALSE), 0) -> 12 | D12: =IFERROR(VLOOKUP(A12, E12:G211, 3, FALSE), 0) -> 149 | E12: =Contents!D20 -> What proportion of your staff worked remotely for at least part of the week in 2019? | F12: =Contents!C20 -> 12 | G12: =Contents!E20 -> 149
... A170: To what extent, if at all, would you trust your data to be secure in the following scenarios?: Hosted in the data centre of a global company, hosted outside Europe | B170: BASE: All Respondents | C170: =IFERROR(VLOOKUP(A170, E170:G369, 2, FALSE), 0) -> 170 | D170: =IFERROR(VLOOKUP(A170, E170:G369, 3, FALSE), 0) -> 1508 | E170: =Contents!D178 -> To what extent, if at all, would you trust your data to be secure in the following scenarios?: Hosted in the data centre of a global company, hosted outside Europe | F170: =Contents!C178 -> 170 | G170: =Contents!E178 -> 1508
C171: =IFERROR(VLOOKUP(A171, E171:G370, 2, FALSE), 0) -> 0 | D171: =IFERROR(VLOOKUP(A171, E171:G370, 3, FALSE), 0) -> 0 | E171: =Contents!D179 -> 0 | F171: =Contents!C179 -> 0 | G171: =Contents!E179 -> 0
C172: =IFERROR(VLOOKUP(A172, E172:G371, 2, FALSE), 0) -> 0 | D172: =IFERROR(VLOOKUP(A172, E172:G371, 3, FALSE), 0) -> 0 | E172: =Contents!D180 -> 0 | F172: =Contents!C180 -> 0 | G172: =Contents!E180 -> 0
C173: =IFERROR(VLOOKUP(A173, E173:G372, 2, FALSE), 0) -> 0 | D173: =IFERROR(VLOOKUP(A173, E173:G372, 3, FALSE), 0) -> 0 | E173: =Contents!D181 -> 0 | F173: =Contents!C181 -> 0 | G173: =Contents!E181 -> 0
C174: =IFERROR(VLOOKUP(A174, E174:G373, 2, FALSE), 0) -> 0 | D174: =IFERROR(VLOOKUP(A174, E174:G373, 3, FALSE), 0) -> 0 | E174: =Contents!D182 -> 0 | F174: =Contents!C182 -> 0 | G174: =Contents!E182 -> 0
C175: =IFERROR(VLOOKUP(A175, E175:G374, 2, FALSE), 0) -> 0 | D175: =IFERROR(VLOOKUP(A175, E175:G374, 3, FALSE), 0) -> 0 | E175: =Contents!D183 -> 0 | F175: =Contents!C183 -> 0 | G175: =Contents!E183 -> 0
C176: =IFERROR(VLOOKUP(A176, E176:G375, 2, FALSE), 0) -> 0 | D176: =IFERROR(VLOOKUP(A176, E176:G375, 3, FALSE), 0) -> 0 | E176: =Contents!D184 -> 0 | F176: =Contents!C184 -> 0 | G176: =Contents!E184 -> 0
C177: =IFERROR(VLOOKUP(A177, E177:G376, 2, FALSE), 0) -> 0 | D177: =IFERROR(VLOOKUP(A177, E177:G376, 3, FALSE), 0) -> 0 | E177: =Contents!D185 -> 0 | F177: =Contents!C185 -> 0 | G177: =Contents!E185 -> 0
C178: =IFERROR(VLOOKUP(A178, E178:G377, 2, FALSE), 0) -> 0 | D178: =IFERROR(VLOOKUP(A178, E178:G377, 3, FALSE), 0) -> 0 | E178: =Contents!D186 -> 0 | F178: =Contents!C186 -> 0 | G178: =Contents!E186 -> 0
C179: =IFERROR(VLOOKUP(A179, E179:G378, 2, FALSE), 0) -> 0 | D179: =IFERROR(VLOOKUP(A179, E179:G378, 3, FALSE), 0) -> 0 | E179: =Contents!D187 -> 0 | F179: =Contents!C187 -> 0 | G179: =Contents!E187 -> 0
C180: =IFERROR(VLOOKUP(A180, E180:G379, 2, FALSE), 0) -> 0 | D180: =IFERROR(VLOOKUP(A180, E180:G379, 3, FALSE), 0) -> 0 | E180: =Contents!D188 -> 0 | F180: =Contents!C188 -> 0 | G180: =Contents!E188 -> 0
C181: =IFERROR(VLOOKUP(A181, E181:G380, 2, FALSE), 0) -> 0 | D181: =IFERROR(VLOOKUP(A181, E181:G380, 3, FALSE), 0) -> 0 | E181: =Contents!D189 -> 0 | F181: =Contents!C189 -> 0 | G181: =Contents!E189 -> 0
C182: =IFERROR(VLOOKUP(A182, E182:G381, 2, FALSE), 0) -> 0 | D182: =IFERROR(VLOOKUP(A182, E182:G381, 3, FALSE), 0) -> 0 | E182: =Contents!D190 -> 0 | F182: =Contents!C190 -> 0 | G182: =Contents!E190 -> 0
... C200: =IFERROR(VLOOKUP(A200, E200:G399, 2, FALSE), 0) -> 0 | D200: =IFERROR(VLOOKUP(A200, E200:G399, 3, FALSE), 0) -> 0 | E200: =Contents!D208 -> 0 | F200: =Contents!C208 -> 0 | G200: =Contents!E208 -> 0

Sheet Cover Sheet
F7: Public First Poll for AWS Italy (Business Count)
F10: Fieldwork: | K10: 22nd Apr - 26th Apr 2022
F11: Interview Method: | K11: Online Survey
F12: Population represented: | K12: Italian senior business decision makers
F13: Sample size: | K13: 1018
F16: Methodology:
F17: All results are weighted using Iterative Proportional Fitting, or 'Raking'. The results are weighted by business size and region to Nationally Representative proportions
F19: Public First is a member of the BPC and abides by its rules. For more information please contact the Public First polling team:
F20: =HYPERLINK("mailto:" & "polling@publicfirst.co.uk" & "?subject="& F7, "polling@publicfirst.co.uk") -> polling@publicfirst.co.uk

Sheet Contents
D2: Table of Contents
D6: =HYPERLINK("#'Full Results'!A1", "Full Results") -> Full Results
D8: Individual Tables | E8: Full Result Row | F8: Question Base
C9: 1 | D9: =HYPERLINK("#'Table 1'!A1", " Before taking this survey, were you familiar with the concept of cloud computing?") -> Before taking this survey, were you familiar with the concept of cloud computing? | E9: =HYPERLINK("#'Full Results'!A11", "11") -> 11 | F9: BASE: All Respondents
C10: 2 | D10: =HYPERLINK("#'Table 2'!A1", " Do you know if your company directly buys any services from a cloud provider? (eg. Amazon Web Services, Microsoft Azure, Google Cloud Platform)") -> Do you know if your company directly buys any services from a cloud provider? (eg. Amazon Web Services, Microsoft Azure, Google Cloud Platform) | E10: =HYPERLINK("#'Full Results'!A18", "18") -> 18 | F10: BASE: All Respondents
C11: 3 | D11: =HYPERLINK("#'Table 3'!A1", "Which of the following purposes do you use a cloud computing provider for?Please select all that apply") -> Which of the following purposes do you use a cloud computing provider for?Please select all that apply | E11: =HYPERLINK("#'Full Results'!A26", "26") -> 26 | F11: BASE: Cloud User
C12: 4 | D12: =HYPERLINK("#'Table 4'!A1", "Which, if any, of the following best describes how you use cloud services?Please select all that apply") -> Which, if any, of the following best describes how you use cloud services?Please select all that apply | E12: =HYPERLINK("#'Full Results'!A41", "41") -> 41 | F12: BASE: Cloud User
C13: 5 | D13: =HYPERLINK("#'Table 5'!A1", " Besides cloud computing and personal computers for your staff, does your company own any centralised computers, servers, on-premises computing or data centres of its own?") -> Besides cloud computing and personal computers for your staff, does your company own any centralised computers, servers, on-premises computing or data centres of its own? | E13: =HYPERLINK("#'Full Results'!A47", "47") -> 47 | F13: BASE: Cloud User
C14: 6 | D14: =HYPERLINK("#'Table 6'!A1", "Does your business operate in any of the following sectors?Please select all that apply") -> Does your business operate in any of the following sectors?Please select all that apply | E14: =HYPERLINK("#'Full Results'!A53", "53") -> 53 | F14: BASE: All Respondents
C15: 7 | D15: =HYPERLINK("#'Table 7'!A1", " And more specifically, which one of the following sectors would you say is the best description for your business ?") -> And more specifically, which one of the following sectors would you say is the best description for your business ? | E15: =HYPERLINK("#'Full Results'!A65", "65") -> 65 | F15: BASE: All Respondents
C16: 8 | D16: =HYPERLINK("#'Table 8'!A1", " What is the approximate annual revenue of your business?") -> What is the approximate annual revenue of your business? | E16: =HYPERLINK("#'Full Results'!A88", "88") -> 88 | F16: BASE: All Respondents
C17: 9 | D17: =HYPERLINK("#'Table 9'!A1", " In 2021, how much did the revenue of your company grow? ") -> In 2021, how much did the revenue of your company grow? | E17: =HYPERLINK("#'Full Results'!A104", "104") -> 104 | F17: BASE: All Respondents
C18: 10 | D18: =HYPERLINK("#'Table 10'!A1", " And over the last three years, how much did the revenue of your company grow on average? ") -> And over the last three years, how much did the revenue of your company grow on average? | E18: =HYPERLINK("#'Full Results'!A119", "119") -> 119 | F18: BASE: All Respondents
C19: 11 | D19: =HYPERLINK("#'Table 11'!A1", " In 2021, how did the headcount of your company change?") -> In 2021, how did the headcount of your company change? | E19: =HYPERLINK("#'Full Results'!A134", "134") -> 134 | F19: BASE: All Respondents
C20: 12 | D20: =HYPERLINK("#'Table 12'!A1", " What proportion of your staff worked remotely for at least part of the week in 2019?") -> What proportion of your staff worked remotely for at least part of the week in 2019? | E20: =HYPERLINK("#'Full Results'!A149", "149") -> 149 | F20: BASE: All Respondents
C21: 13 | D21: =HYPERLINK("#'Table 13'!A1", " What proportion of your staff are currently working remotely for at least part of the week?") -> What proportion of your staff are currently working remotely for at least part of the week? | E21: =HYPERLINK("#'Full Results'!A165", "165") -> 165 | F21: BASE: All Respondents
C22: 14 | D22: =HYPERLINK("#'Table 14'!A1", " How likely do you think it is that a significant proportion of your staff will work remotely even after the Covid-19 pandemic fully ends?") -> How likely do you think it is that a significant proportion of your staff will work remotely even after the Covid-19 pandemic fully ends? | E22: =HYPERLINK("#'Full Results'!A181", "181") -> 181 | F22: BASE: All Respondents
C23: 15 | D23: =HYPERLINK("#'Table 15'!A1", "Grid Summary: Which, if any, of the following management practices does your business use?") -> Grid Summary: Which, if any, of the following management practices does your business use? | F23: BASE: All Respondents
C24: 16 | D24: =HYPERLINK("#'Table 16'!A1", "Which, if any, of the following management practices does your business use?: Setting long-term goals") -> Which, if any, of the following management practices does your business use?: Setting long-term goals | E24: =HYPERLINK("#'Full Results'!A193", "193") -> 193 | F24: BASE: All Respondents
C25: 17 | D25: =HYPERLINK("#'Table 17'!A1", "Which, if any, of the following management practices does your business use?: Setting short-term performance benchmarks") -> Which, if any, of the following management practices does your business use?: Setting short-term performance benchmarks | E25: =HYPERLINK("#'Full Results'!A200", "200") -> 200 | F25: BASE: All Respondents
C26: 18 | D26: =HYPERLINK("#'Table 18'!A1", "Which, if any, of the following management practices does your business use?: Rewarding high performers with bonuses or higher salary") -> Which, if any, of the following management practices does your business use?: Rewarding high performers with bonuses or higher salary | E26: =HYPERLINK("#'Full Results'!A207", "207") -> 207 | F26: BASE: All Respondents
C27: 19 | D27: =HYPERLINK("#'Table 19'!A1", "Which, if any, of the following management practices does your business use?: Offering training for underperformers") -> Which, if any, of the following management practices does your business use?: Offering training for underperformers | E27: =HYPERLINK("#'Full Results'!A214", "214") -> 214 | F27: BASE: All Respondents
C28: 20 | D28: =HYPERLINK("#'Table 20'!A1", "Which, if any, of the following management practices does your business use?: Have a structured process for collecting performance data") -> Which, if any, of the following management practices does your business use?: Have a structured process for collecting performance data | E28: =HYPERLINK("#'Full Results'!A221", "221") -> 221 | F28: BASE: All Respondents
C29: 21 | D29: =HYPERLINK("#'Table 21'!A1", "Which, if any, of the following management practices does your business use?: Have a structured process for analysing performance data") -> Which, if any, of the following management practices does your business use?: Have a structured process for analysing performance data | E29: =HYPERLINK("#'Full Results'!A228", "228") -> 228 | F29: BASE: All Respondents
C30: 22 | D30: =HYPERLINK("#'Table 22'!A1", "If you had to choose, which of the following types of infrastructure investment would prefer your Government to prioritise in your local area?Please select up to three") -> If you had to choose, which of the following types of infrastructure investment would prefer your Government to prioritise in your local area?Please select up to three | E30: =HYPERLINK("#'Full Results'!A235", "235") -> 235 | F30: BASE: All Respondents
C31: 23 | D31: =HYPERLINK("#'Table 23'!A1", "Grid Summary: Overall, how satisfied or dissatisfied are you with the speed and reliability of your Internet connection in the following locations?") -> Grid Summary: Overall, how satisfied or dissatisfied are you with the speed and reliability of your Internet connection in the following locations? | F31: BASE: All Respondents
C32: 24 | D32: =HYPERLINK("#'Table 24'!A1", "Overall, how satisfied or dissatisfied are you with the speed and reliability of your Internet connection in the following locations?: At home") -> Overall, how satisfied or dissatisfied are you with the speed and reliability of your Internet connection in the following locations?: At home | E32: =HYPERLINK("#'Full Results'!A245", "245") -> 245 | F32: BASE: All Respondents
C33: 25 | D33: =HYPERLINK("#'Table 25'!A1", "Overall, how satisfied or dissatisfied are you with the speed and reliability of your Internet connection in the following locations?: At work") -> Overall, how satisfied or dissatisfied are you with the speed and reliability of your Internet connection in the following locations?: At work | E33: =HYPERLINK("#'Full Results'!A257", "257") -> 257 | F33: BASE: All Respondents
C34: 26 | D34: =HYPERLINK("#'Table 26'!A1", "Overall, how satisfied or dissatisfied are you with the speed and reliability of your Internet connection in the following locations?: While travelling") -> Overall, how satisfied or dissatisfied are you with the speed and reliability of your Internet connection in the following locations?: While travelling | E34: =HYPERLINK("#'Full Results'!A269", "269") -> 269 | F34: BASE: All Respondents
C35: 27 | D35: =HYPERLINK("#'Table 27'!A1", "Grid Summary: How confident or unconfident would you be that you could perform the following digital activities?") -> Grid Summary: How confident or unconfident would you be that you could perform the following digital activities? | F35: BASE: All Respondents
C36: 28 | D36: =HYPERLINK("#'Table 28'!A1", "How confident or unconfident would you be that you could perform the following digital activities?: Save a document") -> How confident or unconfident would you be that you could perform the following digital activities?: Save a document | E36: =HYPERLINK("#'Full Results'!A281", "281") -> 281 | F36: BASE: All Respondents
C37: 29 | D37: =HYPERLINK("#'Table 29'!A1", "How confident or unconfident would you be that you could perform the following digital activities?: Tracking changes in a document") -> How confident or unconfident would you be that you could perform the following digital activities?: Tracking changes in a document | E37: =HYPERLINK("#'Full Results'!A293", "293") -> 293 | F37: BASE: All Respondents
C38: 30 | D38: =HYPERLINK("#'Table 30'!A1", "How confident or unconfident would you be that you could perform the following digital activities?: Send an email") -> How confident or unconfident would you be that you could perform the following digital activities?: Send an email | E38: =HYPERLINK("#'Full Results'!A305", "305") -> 305 | F38: BASE: All Respondents
C39: 31 | D39: =HYPERLINK("#'Table 31'!A1", "How confident or unconfident would you be that you could perform the following digital activities?: Share a file online") -> How confident or unconfident would you be that you could perform the following digital activities?: Share a file online | E39: =HYPERLINK("#'Full Results'!A317", "317") -> 317 | F39: BASE: All Respondents
C40: 32 | D40: =HYPERLINK("#'Table 32'!A1", "How confident or unconfident would you be that you could perform the following digital activities?: Post something on social media") -> How confident or unconfident would you be that you could perform the following digital activities?: Post something on social media | E40: =HYPERLINK("#'Full Results'!A329", "329") -> 329 | F40: BASE: All Respondents
C41: 33 | D41: =HYPERLINK("#'Table 33'!A1", "How confident or unconfident would you be that you could perform the following digital activities?: Create a spreadsheet to track your budget") -> How confident or unconfident would you be that you could perform the following digital activities?: Create a spreadsheet to track your budget | E41: =HYPERLINK("#'Full Results'!A341", "341") -> 341 | F41: BASE: All Respondents
C42: 34 | D42: =HYPERLINK("#'Table 34'!A1", "How confident or unconfident would you be that you could perform the following digital activities?: Find a good price for a product online") -> How confident or unconfident would you be that you could perform the following digital activities?: Find a good price for a product online | E42: =HYPERLINK("#'Full Results'!A353", "353") -> 353 | F42: BASE: All Respondents
C43: 35 | D43: =HYPERLINK("#'Table 35'!A1", "How confident or unconfident would you be that you could perform the following digital activities?: Research a topic") -> How confident or unconfident would you be that you could perform the following digital activities?: Research a topic | E43: =HYPERLINK("#'Full Results'!A365", "365") -> 365 | F43: BASE: All Respondents
C44: 36 | D44: =HYPERLINK("#'Table 36'!A1", "How confident or unconfident would you be that you could perform the following digital activities?: Edit a photo") -> How confident or unconfident would you be that you could perform the following digital activities?: Edit a photo | E44: =HYPERLINK("#'Full Results'!A377", "377") -> 377 | F44: BASE: All Respondents
C45: 37 | D45: =HYPERLINK("#'Table 37'!A1", "How confident or unconfident would you be that you could perform the following digital activities?: Create your own website") -> How confident or unconfident would you be that you could perform the following digital activities?: Create your own website | E45: =HYPERLINK("#'Full Results'!A389", "389") -> 389 | F45: BASE: All Respondents
C46: 38 | D46: =HYPERLINK("#'Table 38'!A1", "How confident or unconfident would you be that you could perform the following digital activities?: Program a small application") -> How confident or unconfident would you be that you could perform the following digital activities?: Program a small application | E46: =HYPERLINK("#'Full Results'!A401", "401") -> 401 | F46: BASE: All Respondents
C47: 39 | D47: =HYPERLINK("#'Table 39'!A1", "How confident or unconfident would you be that you could perform the following digital activities?: Build a machine learning model") -> How confident or unconfident would you be that you could perform the following digital activities?: Build a machine learning model | E47: =HYPERLINK("#'Full Results'!A413", "413") -> 413 | F47: BASE: All Respondents
C48: 40 | D48: =HYPERLINK("#'Table 40'!A1", " Compared to the average business in your industry, would you say that your company is an early adopter of new technology?") -> Compared to the average business in your industry, would you say that your company is an early adopter of new technology? | E48: =HYPERLINK("#'Full Results'!A425", "425") -> 425 | F48: BASE: All Respondents
C49: 41 | D49: =HYPERLINK("#'Table 41'!A1", " How much in total does your company spend on IT, digital tools and services?") -> How much in total does your company spend on IT, digital tools and services? | E49: =HYPERLINK("#'Full Results'!A432", "432") -> 432 | F49: BASE: All Respondents
C50: 42 | D50: =HYPERLINK("#'Table 42'!A1", " In the last five years, would you say that digital technology has become more or less important to your business?") -> In the last five years, would you say that digital technology has become more or less important to your business? | E50: =HYPERLINK("#'Full Results'!A448", "448") -> 448 | F50: BASE: All Respondents
C51: 43 | D51: =HYPERLINK("#'Table 43'!A1", " And in the next five years, do you expect that the impact of new digital technology in your business is likely to be greater, around the same, or less than in the last five years?") -> And in the next five years, do you expect that the impact of new digital technology in your business is likely to be greater, around the same, or less than in the last five years? | E51: =HYPERLINK("#'Full Results'!A457", "457") -> 457 | F51: BASE: All Respondents
C52: 44 | D52: =HYPERLINK("#'Table 44'!A1", "Which, if any, of the following do you think it would be possible for your business to use digital technology to help with more than you do currently?Please select all that apply") -> Which, if any, of the following do you think it would be possible for your business to use digital technology to help with more than you do currently?Please select all that apply | E52: =HYPERLINK("#'Full Results'!A464", "464") -> 464 | F52: BASE: All Respondents
C53: 45 | D53: =HYPERLINK("#'Table 45'!A1", "And which, if any, of the following are important barriers which explain why your company doesn’t use more digital technology?Please select all that apply") -> And which, if any, of the following are important barriers which explain why your company doesn’t use more digital technology?Please select all that apply | E53: =HYPERLINK("#'Full Results'!A476", "476") -> 476 | F53: BASE: All Respondents
C54: 46 | D54: =HYPERLINK("#'Table 46'!A1", "Grid Summary: Which, if any, of the following purposes does your business use online tools for?") -> Grid Summary: Which, if any, of the following purposes does your business use online tools for? | F54: BASE: All Respondents
C55: 47 | D55: =HYPERLINK("#'Table 47'!A1", "Which, if any, of the following purposes does your business use online tools for?: Selling your products or services to your customers online") -> Which, if any, of the following purposes does your business use online tools for?: Selling your products or services to your customers online | E55: =HYPERLINK("#'Full Results'!A488", "488") -> 488 | F55: BASE: All Respondents
C56: 48 | D56: =HYPERLINK("#'Table 48'!A1", "Which, if any, of the following purposes does your business use online tools for?: Advertising your products or services to your customers online") -> Which, if any, of the following purposes does your business use online tools for?: Advertising your products or services to your customers online | E56: =HYPERLINK("#'Full Results'!A495", "495") -> 495 | F56: BASE: All Respondents
C57: 49 | D57: =HYPERLINK("#'Table 49'!A1", "Which, if any, of the following purposes does your business use online tools for?: Spreading awareness about your products or services through social media") -> Which, if any, of the following purposes does your business use online tools for?: Spreading awareness about your products or services through social media | E57: =HYPERLINK("#'Full Results'!A502", "502") -> 502 | F57: BASE: All Respondents
C58: 50 | D58: =HYPERLINK("#'Table 50'!A1", "Which, if any, of the following purposes does your business use online tools for?: Supporting remote working") -> Which, if any, of the following purposes does your business use online tools for?: Supporting remote working | E58: =HYPERLINK("#'Full Results'!A509", "509") -> 509 | F58: BASE: All Respondents
C59: 51 | D59: =HYPERLINK("#'Table 51'!A1", "Which, if any, of the following purposes does your business use online tools for?: Tracking inventory or orders") -> Which, if any, of the following purposes does your business use online tools for?: Tracking inventory or orders | E59: =HYPERLINK("#'Full Results'!A516", "516") -> 516 | F59: BASE: All Respondents
C60: 52 | D60: =HYPERLINK("#'Table 52'!A1", "Which, if any, of the following purposes does your business use online tools for?: Analysing your internal data") -> Which, if any, of the following purposes does your business use online tools for?: Analysing your internal data | E60: =HYPERLINK("#'Full Results'!A523", "523") -> 523 | F60: BASE: All Respondents
C61: 53 | D61: =HYPERLINK("#'Table 53'!A1", "Which, if any, of the following purposes does your business use online tools for?: To store data online") -> Which, if any, of the following purposes does your business use online tools for?: To store data online | E61: =HYPERLINK("#'Full Results'!A530", "530") -> 530 | F61: BASE: All Respondents
C62: 54 | D62: =HYPERLINK("#'Table 54'!A1", "Which, if any, of the following purposes does your business use online tools for?: Running your own custom internal applications") -> Which, if any, of the following purposes does your business use online tools for?: Running your own custom internal applications | E62: =HYPERLINK("#'Full Results'!A537", "537") -> 537 | F62: BASE: All Respondents
C63: 55 | D63: =HYPERLINK("#'Table 55'!A1", " What proportion of your customer revenue would you say comes through online sales?") -> What proportion of your customer revenue would you say comes through online sales? | E63: =HYPERLINK("#'Full Results'!A544", "544") -> 544 | F63: BASE: All Respondents
C64: 56 | D64: =HYPERLINK("#'Table 56'!A1", "Grid Summary: Online apps or cloud services access their data or run their applications through the Internet, rather than storing it on a device’s local hard drive. Examples of online apps or cloud services include Google Docs, Zoom, Slack, or Am...") -> Grid Summary: Online apps or cloud services access their data or run their applications through the Internet, rather than storing it on a device’s local hard drive. Examples of online apps or cloud services include Google Docs, Zoom, Slack, or Am... | F64: BASE: All Respondents
C65: 57 | D65: =HYPERLINK("#'Table 57'!A1", "Online apps or cloud services access their data or run their applications through the Internet, rather than storing it on a device’s local hard drive. Examples of online apps or cloud services include Google Docs, Zoom, Slack, or Amazon Alexa. Wh...") -> Online apps or cloud services access their data or run their applications through the Internet, rather than storing it on a device’s local hard drive. Examples of online apps or cloud services include Google Docs, Zoom, Slack, or Amazon Alexa. Wh... | E65: =HYPERLINK("#'Full Results'!A554", "554") -> 554 | F65: BASE: All Respondents
C66: 58 | D66: =HYPERLINK("#'Table 58'!A1", "Online apps or cloud services access their data or run their applications through the Internet, rather than storing it on a device’s local hard drive. Examples of online apps or cloud services include Google Docs, Zoom, Slack, or Amazon Alexa. Wh...") -> Online apps or cloud services access their data or run their applications through the Internet, rather than storing it on a device’s local hard drive. Examples of online apps or cloud services include Google Docs, Zoom, Slack, or Amazon Alexa. Wh... | E66: =HYPERLINK("#'Full Results'!A561", "561") -> 561 | F66: BASE: All Respondents
C67: 59 | D67: =HYPERLINK("#'Table 59'!A1", "Online apps or cloud services access their data or run their applications through the Internet, rather than storing it on a device’s local hard drive. Examples of online apps or cloud services include Google Docs, Zoom, Slack, or Amazon Alexa. Wh...") -> Online apps or cloud services access their data or run their applications through the Internet, rather than storing it on a device’s local hard drive. Examples of online apps or cloud services include Google Docs, Zoom, Slack, or Amazon Alexa. Wh... | E67: =HYPERLINK("#'Full Results'!A568", "568") -> 568 | F67: BASE: All Respondents
C68: 60 | D68: =HYPERLINK("#'Table 60'!A1", "Online apps or cloud services access their data or run their applications through the Internet, rather than storing it on a device’s local hard drive. Examples of online apps or cloud services include Google Docs, Zoom, Slack, or Amazon Alexa. Wh...") -> Online apps or cloud services access their data or run their applications through the Internet, rather than storing it on a device’s local hard drive. Examples of online apps or cloud services include Google Docs, Zoom, Slack, or Amazon Alexa. Wh... | E68: =HYPERLINK("#'Full Results'!A575", "575") -> 575 | F68: BASE: All Respondents
C69: 61 | D69: =HYPERLINK("#'Table 61'!A1", "Online apps or cloud services access their data or run their applications through the Internet, rather than storing it on a device’s local hard drive. Examples of online apps or cloud services include Google Docs, Zoom, Slack, or Amazon Alexa. Wh...") -> Online apps or cloud services access their data or run their applications through the Internet, rather than storing it on a device’s local hard drive. Examples of online apps or cloud services include Google Docs, Zoom, Slack, or Amazon Alexa. Wh... | E69: =HYPERLINK("#'Full Results'!A582", "582") -> 582 | F69: BASE: All Respondents
C70: 62 | D70: =HYPERLINK("#'Table 62'!A1", "Online apps or cloud services access their data or run their applications through the Internet, rather than storing it on a device’s local hard drive. Examples of online apps or cloud services include Google Docs, Zoom, Slack, or Amazon Alexa. Wh...") -> Online apps or cloud services access their data or run their applications through the Internet, rather than storing it on a device’s local hard drive. Examples of online apps or cloud services include Google Docs, Zoom, Slack, or Amazon Alexa. Wh... | E70: =HYPERLINK("#'Full Results'!A589", "589") -> 589 | F70: BASE: All Respondents
C71: 63 | D71: =HYPERLINK("#'Table 63'!A1", "Online apps or cloud services access their data or run their applications through the Internet, rather than storing it on a device’s local hard drive. Examples of online apps or cloud services include Google Docs, Zoom, Slack, or Amazon Alexa. Wh...") -> Online apps or cloud services access their data or run their applications through the Internet, rather than storing it on a device’s local hard drive. Examples of online apps or cloud services include Google Docs, Zoom, Slack, or Amazon Alexa. Wh... | E71: =HYPERLINK("#'Full Results'!A596", "596") -> 596 | F71: BASE: All Respondents
C72: 64 | D72: =HYPERLINK("#'Table 64'!A1", "Online apps or cloud services access their data or run their applications through the Internet, rather than storing it on a device’s local hard drive. Examples of online apps or cloud services include Google Docs, Zoom, Slack, or Amazon Alexa. Wh...") -> Online apps or cloud services access their data or run their applications through the Internet, rather than storing it on a device’s local hard drive. Examples of online apps or cloud services include Google Docs, Zoom, Slack, or Amazon Alexa. Wh... | E72: =HYPERLINK("#'Full Results'!A603", "603") -> 603 | F72: BASE: All Respondents
C73: 65 | D73: =HYPERLINK("#'Table 65'!A1", "Online apps or cloud services access their data or run their applications through the Internet, rather than storing it on a device’s local hard drive. Examples of online apps or cloud services include Google Docs, Zoom, Slack, or Amazon Alexa. Wh...") -> Online apps or cloud services access their data or run their applications through the Internet, rather than storing it on a device’s local hard drive. Examples of online apps or cloud services include Google Docs, Zoom, Slack, or Amazon Alexa. Wh... | E73: =HYPERLINK("#'Full Results'!A610", "610") -> 610 | F73: BASE: All Respondents
C74: 66 | D74: =HYPERLINK("#'Table 66'!A1", "Online apps or cloud services access their data or run their applications through the Internet, rather than storing it on a device’s local hard drive. Examples of online apps or cloud services include Google Docs, Zoom, Slack, or Amazon Alexa. Wh...") -> Online apps or cloud services access their data or run their applications through the Internet, rather than storing it on a device’s local hard drive. Examples of online apps or cloud services include Google Docs, Zoom, Slack, or Amazon Alexa. Wh... | E74: =HYPERLINK("#'Full Results'!A617", "617") -> 617 | F74: BASE: All Respondents
C75: 67 | D75: =HYPERLINK("#'Table 67'!A1", "Online apps or cloud services access their data or run their applications through the Internet, rather than storing it on a device’s local hard drive. Examples of online apps or cloud services include Google Docs, Zoom, Slack, or Amazon Alexa. Wh...") -> Online apps or cloud services access their data or run their applications through the Internet, rather than storing it on a device’s local hard drive. Examples of online apps or cloud services include Google Docs, Zoom, Slack, or Amazon Alexa. Wh... | E75: =HYPERLINK("#'Full Results'!A624", "624") -> 624 | F75: BASE: All Respondents
C76: 68 | D76: =HYPERLINK("#'Table 68'!A1", "Online apps or cloud services access their data or run their applications through the Internet, rather than storing it on a device’s local hard drive. Examples of online apps or cloud services include Google Docs, Zoom, Slack, or Amazon Alexa. Wh...") -> Online apps or cloud services access their data or run their applications through the Internet, rather than storing it on a device’s local hard drive. Examples of online apps or cloud services include Google Docs, Zoom, Slack, or Amazon Alexa. Wh... | E76: =HYPERLINK("#'Full Results'!A631", "631") -> 631 | F76: BASE: All Respondents
C77: 69 | D77: =HYPERLINK("#'Table 69'!A1", "Online apps or cloud services access their data or run their applications through the Internet, rather than storing it on a device’s local hard drive. Examples of online apps or cloud services include Google Docs, Zoom, Slack, or Amazon Alexa. Wh...") -> Online apps or cloud services access their data or run their applications through the Internet, rather than storing it on a device’s local hard drive. Examples of online apps or cloud services include Google Docs, Zoom, Slack, or Amazon Alexa. Wh... | E77: =HYPERLINK("#'Full Results'!A638", "638") -> 638 | F77: BASE: All Respondents
C78: 70 | D78: =HYPERLINK("#'Table 70'!A1", "Online apps or cloud services access their data or run their applications through the Internet, rather than storing it on a device’s local hard drive. Examples of online apps or cloud services include Google Docs, Zoom, Slack, or Amazon Alexa. Wh...") -> Online apps or cloud services access their data or run their applications through the Internet, rather than storing it on a device’s local hard drive. Examples of online apps or cloud services include Google Docs, Zoom, Slack, or Amazon Alexa. Wh... | E78: =HYPERLINK("#'Full Results'!A645", "645") -> 645 | F78: BASE: All Respondents
C79: 71 | D79: =HYPERLINK("#'Table 71'!A1", "Online apps or cloud services access their data or run their applications through the Internet, rather than storing it on a device’s local hard drive. Examples of online apps or cloud services include Google Docs, Zoom, Slack, or Amazon Alexa. Wh...") -> Online apps or cloud services access their data or run their applications through the Internet, rather than storing it on a device’s local hard drive. Examples of online apps or cloud services include Google Docs, Zoom, Slack, or Amazon Alexa. Wh... | E79: =HYPERLINK("#'Full Results'!A652", "652") -> 652 | F79: BASE: All Respondents
C80: 72 | D80: =HYPERLINK("#'Table 72'!A1", "Online apps or cloud services access their data or run their applications through the Internet, rather than storing it on a device’s local hard drive. Examples of online apps or cloud services include Google Docs, Zoom, Slack, or Amazon Alexa. Wh...") -> Online apps or cloud services access their data or run their applications through the Internet, rather than storing it on a device’s local hard drive. Examples of online apps or cloud services include Google Docs, Zoom, Slack, or Amazon Alexa. Wh... | E80: =HYPERLINK("#'Full Results'!A659", "659") -> 659 | F80: BASE: All Respondents
C81: 73 | D81: =HYPERLINK("#'Table 73'!A1", "Online apps or cloud services access their data or run their applications through the Internet, rather than storing it on a device’s local hard drive. Examples of online apps or cloud services include Google Docs, Zoom, Slack, or Amazon Alexa. Wh...") -> Online apps or cloud services access their data or run their applications through the Internet, rather than storing it on a device’s local hard drive. Examples of online apps or cloud services include Google Docs, Zoom, Slack, or Amazon Alexa. Wh... | E81: =HYPERLINK("#'Full Results'!A666", "666") -> 666 | F81: BASE: All Respondents
C82: 74 | D82: =HYPERLINK("#'Table 74'!A1", "Online apps or cloud services access their data or run their applications through the Internet, rather than storing it on a device’s local hard drive. Examples of online apps or cloud services include Google Docs, Zoom, Slack, or Amazon Alexa. Wh...") -> Online apps or cloud services access their data or run their applications through the Internet, rather than storing it on a device’s local hard drive. Examples of online apps or cloud services include Google Docs, Zoom, Slack, or Amazon Alexa. Wh... | E82: =HYPERLINK("#'Full Results'!A673", "673") -> 673 | F82: BASE: All Respondents
C83: 75 | D83: =HYPERLINK("#'Table 75'!A1", " And how important would you say those same technologies are to your business: Office suite (word processing, spreadsheets etc)") -> And how important would you say those same technologies are to your business: Office suite (word processing, spreadsheets etc) | E83: =HYPERLINK("#'Full Results'!A680", "680") -> 680 | F83: BASE: Uses Cloud for Office Suite
C84: 76 | D84: =HYPERLINK("#'Table 76'!A1", " And how important would you say those same technologies are to your business: Web hosting") -> And how important would you say those same technologies are to your business: Web hosting | E84: =HYPERLINK("#'Full Results'!A688", "688") -> 688 | F84: BASE: Uses Cloud for Web Hosting
C85: 77 | D85: =HYPERLINK("#'Table 77'!A1", " And how important would you say those same technologies are to your business: Instant messaging or employee collaboration ") -> And how important would you say those same technologies are to your business: Instant messaging or employee collaboration | E85: =HYPERLINK("#'Full Results'!A696", "696") -> 696 | F85: BASE: Uses Cloud for Messaging
C86: 78 | D86: =HYPERLINK("#'Table 78'!A1", " And how important would you say those same technologies are to your business: Video calls") -> And how important would you say those same technologies are to your business: Video calls | E86: =HYPERLINK("#'Full Results'!A704", "704") -> 704 | F86: BASE: Uses Cloud for Video Calls
C87: 79 | D87: =HYPERLINK("#'Table 79'!A1", " And how important would you say those same technologies are to your business: Tracking inventory") -> And how important would you say those same technologies are to your business: Tracking inventory | E87: =HYPERLINK("#'Full Results'!A712", "712") -> 712 | F87: BASE: Uses Cloud to Track Inventory
C88: 80 | D88: =HYPERLINK("#'Table 80'!A1", " And how important would you say those same technologies are to your business: Customer support / CRM") -> And how important would you say those same technologies are to your business: Customer support / CRM | E88: =HYPERLINK("#'Full Results'!A720", "720") -> 720 | F88: BASE: Uses Cloud for Customer Support
C89: 81 | D89: =HYPERLINK("#'Table 81'!A1", " And how important would you say those same technologies are to your business: Time tracking") -> And how important would you say those same technologies are to your business: Time tracking | E89: =HYPERLINK("#'Full Results'!A728", "728") -> 728 | F89: BASE: Uses Cloud to Track Time
C90: 82 | D90: =HYPERLINK("#'Table 82'!A1", " And how important would you say those same technologies are to your business: Managing expenses") -> And how important would you say those same technologies are to your business: Managing expenses | E90: =HYPERLINK("#'Full Results'!A736", "736") -> 736 | F90: BASE: Uses Cloud to Manage Expenses
C91: 83 | D91: =HYPERLINK("#'Table 83'!A1", " And how important would you say those same technologies are to your business: Enterprise Resource Planning (ERP)") -> And how important would you say those same technologies are to your business: Enterprise Resource Planning (ERP) | E91: =HYPERLINK("#'Full Results'!A744", "744") -> 744 | F91: BASE: Uses Cloud for ERP
C92: 84 | D92: =HYPERLINK("#'Table 84'!A1", " And how important would you say those same technologies are to your business: Project management") -> And how important would you say those same technologies are to your business: Project management | E92: =HYPERLINK("#'Full Results'!A752", "752") -> 752 | F92: BASE: Uses Cloud for Project Management
C93: 85 | D93: =HYPERLINK("#'Table 85'!A1", " And how important would you say those same technologies are to your business: Accounting") -> And how important would you say those same technologies are to your business: Accounting | E93: =HYPERLINK("#'Full Results'!A760", "760") -> 760 | F93: BASE: Uses Cloud for Accounting
C94: 86 | D94: =HYPERLINK("#'Table 86'!A1", " And how important would you say those same technologies are to your business: Invoicing") -> And how important would you say those same technologies are to your business: Invoicing | E94: =HYPERLINK("#'Full Results'!A768", "768") -> 768 | F94: BASE: Uses Cloud for Invoicing
C95: 87 | D95: =HYPERLINK("#'Table 87'!A1", " And how important would you say those same technologies are to your business: Data dashboards or analytics") -> And how important would you say those same technologies are to your business: Data dashboards or analytics | E95: =HYPERLINK("#'Full Results'!A776", "776") -> 776 | F95: BASE: Uses Cloud for Analytics
C96: 88 | D96: =HYPERLINK("#'Table 88'!A1", " And how important would you say those same technologies are to your business: 3D Printing") -> And how important would you say those same technologies are to your business: 3D Printing | E96: =HYPERLINK("#'Full Results'!A784", "784") -> 784 | F96: BASE: Uses Cloud to 3D Print
C97: 89 | D97: =HYPERLINK("#'Table 89'!A1", " And how important would you say those same technologies are to your business: Internet of Things (IoT)") -> And how important would you say those same technologies are to your business: Internet of Things (IoT) | E97: =HYPERLINK("#'Full Results'!A792", "792") -> 792 | F97: BASE: Uses Cloud for IoT
C98: 90 | D98: =HYPERLINK("#'Table 90'!A1", " And how important would you say those same technologies are to your business: Cloud computing") -> And how important would you say those same technologies are to your business: Cloud computing | E98: =HYPERLINK("#'Full Results'!A800", "800") -> 800 | F98: BASE: Uses Cloud for Cloud Computing
C99: 91 | D99: =HYPERLINK("#'Table 91'!A1", " And how important would you say those same technologies are to your business: Artificial intelligence and/or machine learning") -> And how important would you say those same technologies are to your business: Artificial intelligence and/or machine learning | E99: =HYPERLINK("#'Full Results'!A808", "808") -> 808 | F99: BASE: Uses Cloud for AI
C100: 92 | D100: =HYPERLINK("#'Table 92'!A1", " And how important would you say those same technologies are to your business: Blockchain") -> And how important would you say those same technologies are to your business: Blockchain | E100: =HYPERLINK("#'Full Results'!A816", "816") -> 816 | F100: BASE: Uses Cloud for Blockchain
C101: 93 | D101: =HYPERLINK("#'Table 93'!A1", "Grid Summary: Which, if any, of the following are true for your business?") -> Grid Summary: Which, if any, of the following are true for your business? | F101: BASE: All Respondents
C102: 94 | D102: =HYPERLINK("#'Table 94'!A1", "Which, if any, of the following are true for your business?: More than 50% of your employees use computers with access to the internet for business purposes") -> Which, if any, of the following are true for your business?: More than 50% of your employees use computers with access to the internet for business purposes | E102: =HYPERLINK("#'Full Results'!A824", "824") -> 824 | F102: BASE: All Respondents
C103: 95 | D103: =HYPERLINK("#'Table 95'!A1", "Which, if any, of the following are true for your business?: Your business employs ICT specialists") -> Which, if any, of the following are true for your business?: Your business employs ICT specialists | E103: =HYPERLINK("#'Full Results'!A830", "830") -> 830 | F103: BASE: All Respondents
C104: 96 | D104: =HYPERLINK("#'Table 96'!A1", "Which, if any, of the following are true for your business?: The internet connection for your business is at least 30 Mb/s") -> Which, if any, of the following are true for your business?: The internet connection for your business is at least 30 Mb/s | E104: =HYPERLINK("#'Full Results'!A836", "836") -> 836 | F104: BASE: All Respondents
C105: 97 | D105: =HYPERLINK("#'Table 97'!A1", "Which, if any, of the following are true for your business?: Your business provides more than 20% of your employees with a portable device that connects to the internet, for business purposes") -> Which, if any, of the following are true for your business?: Your business provides more than 20% of your employees with a portable device that connects to the internet, for business purposes | E105: =HYPERLINK("#'Full Results'!A842", "842") -> 842 | F105: BASE: All Respondents
...

Sheet Full Results
D2: Full Results
D5: Region of Italy | J5: Number of Employees | O5: Annual Revenue | Z5: Revenue Change | AH5: Cloud User | AK5: Type of Cloud | AO5: AWS User | AR5: Woman-owned Business | AU5: Grouped Employee Count | AX5: Tech Adoption | BA5: Digital Intensity
C6: Total | D6: Centre | E6: South | F6: Islands | G6: North East | H6: North West | J6: 1-9 | K6: 10-49 | L6: 50-249 | M6: 250+ | O6: Under EUR 85,000 | P6: EUR 85,001 to EUR 250,000 | Q6: EUR 250,001 to EUR 500,000 | R6: EUR 500,001 to EUR 1 million | S6: EUR 1 million to EUR 2 million | T6: EUR 2 million to EUR 5 million | U6: EUR 5 million to EUR 10 million | V6: EUR 10 million to EUR 20 million | W6: EUR 20 million to EUR 50 million | X6: Over EUR 50 million | Z6: Declined by 10%+ | AA6: Declined by 6-10% | AB6: Declined by 0-5% | AC6: Stayed about the same size | AD6: Grown by 0-5% | AE6: Grown by 6-10% | AF6: Grown by 10%+ | AH6: Yes | AI6: No | AK6: IaaS / PaaS | AL6: Both | AM6: SaaS | AO6: Yes | AP6: No | AR6: Yes | AS6: No | AU6: Less than 250 employees | AV6: 250+ employees | AX6: Early adopter | AY6: Not early adopter | BA6: Low | BB6: Medium | BC6: High | BD6: Very High
B7: Unweighted | C7: 1018 | D7: 240 | E7: 171 | F7: 75 | G7: 180 | H7: 352 | J7: 422 | K7: 205 | L7: 103 | M7: 288 | O7: 233 | P7: 82 | Q7: 77 | R7: 95 | S7: 83 | T7: 67 | U7: 52 | V7: 70 | W7: 64 | X7: 103 | Z7: 207 | AA7: 81 | AB7: 93 | AC7: 235 | AD7: 138 | AE7: 114 | AF7: 98 | AH7: 612 | AI7: 406 | AK7: 200 | AL7: 100 | AM7: 284 | AO7: 130 | AP7: 888 | AR7: 323 | AS7: 695 | AU7: 730 | AV7: 288 | AX7: 169 | AY7: 849 | BA7: 231 | BB7: 306 | BC7: 408 | BD7: 73
B8: Weighted | C8: 1018 | D8: 221 | E8: 203 | F8: 87 | G8: 212 | H8: 295 | J8: 965 | K8: 46 | L8: 6 | M8: 1 | O8: 493 | P8: 157 | Q8: 98 | R8: 89 | S8: 38 | T8: 35 | U8: 8 | V8: 8 | W8: 3 | X8: 4 | Z8: 325 | AA8: 69 | AB8: 53 | AC8: 249 | AD8: 109 | AE8: 84 | AF8: 85 | AH8: 400 | AI8: 618 | AK8: 110 | AL8: 26 | AM8: 224 | AO8: 58 | AP8: 960 | AR8: 384 | AS8: 634 | AU8: 1017 | AV8: 1 | AX8: 69 | AY8: 949 | BA8: 341 | BB8: 440 | BC8: 219 | BD8: 18
B11: Before taking this survey, were you familiar with the concept of cloud computing?
B12: BASE: All Respondents
B13: I am very familiar with this concept and I understand what it means | C13: 0.44139579 | D13: 0.46042783 | E13: 0.44837927 | F13: 0.28824074 | G13: 0.48788299 | H13: 0.43409232 | J13: 0.43213478 | K13: 0.59912018 | L13: 0.65661866 | M13: 0.8302392 | O13: 0.41990557 | P13: 0.37542186 | Q13: 0.4145667 | R13: 0.59981397 | S13: 0.68927801 | T13: 0.54920741 | U13: 0.76130023 | V13: 0.59387705 | W13: 0.98028805 | X13: 0.77736076 | Z13: 0.40837013 | AA13: 0.32565396 | AB13: 0.61309811 | AC13: 0.47013554 | AD13: 0.46578716 | AE13: 0.5093536 | AF13: 0.43454978 | AH13: 0.68448713 | AI13: 0.28383199 | AK13: 0.8015742 | AL13: 0.80364485 | AM13: 0.68274886 | AO13: 0.72036593 | AP13: 0.42443752 | AR13: 0.38080581 | AS13: 0.47810856 | AU13: 0.44101896 | AV13: 0.8302392 | AX13: 0.76275258 | AY13: 0.41814694 | BA13: 0.33437462 | BB13: 0.41334828 | BC13: 0.64468381 | BD13: 0.67675948
B14: I have heard this concept before, but I do not know what it means | C14: 0.33555524 | D14: 0.39378566 | E14: 0.28887286 | F14: 0.42308386 | G14: 0.35358499 | H14: 0.28528508 | J14: 0.33690553 | K14: 0.32414232 | L14: 0.23913291 | M14: 0.13860149 | O14: 0.31810725 | P14: 0.40053963 | Q14: 0.40224928 | R14: 0.31976039 | S14: 0.24836129 | T14: 0.31107189 | U14: 0.20524622 | V14: 0.37580341 | W14: 0.019711949 | X14: 0.1880748 | Z14: 0.34522431 | AA14: 0.46834784 | AB14: 0.22095666 | AC14: 0.30153142 | AD14: 0.27894388 | AE14: 0.38471324 | AF14: 0.32375619 | AH14: 0.2462837 | AI14: 0.39341811 | AK14: 0.19839603 | AL14: 0.19635515 | AM14: 0.23547195 | AO14: 0.27963407 | AP14: 0.33895462 | AR14: 0.31560871 | AS14: 0.34764127 | AU14: 0.33574611 | AV14: 0.13860149 | AX14: 0.16202881 | AY14: 0.34810917 | BA14: 0.35451764 | BB14: 0.35437114 | BC14: 0.28029206 | BD14: 0.18988913
B15: No, I have not heard of this concept before | C15: 0.20722377 | D15: 0.13656741 | E15: 0.25092557 | F15: 0.25657943 | G15: 0.15735544 | H15: 0.25136524 | J15: 0.21459897 | K15: 0.071310504 | L15: 0.092802487 | M15: 0.027836354 | O15: 0.24283455 | P15: 0.19724705 | Q15: 0.18318402 | R15: 0.080425643 | S15: 0.062360695 | T15: 0.1397207 | U15: 0.033453553 | V15: 0.030319532 | W15: 0 | X15: 0.03456444 | Z15: 0.23802411 | AA15: 0.17117475 | AB15: 0.12766224 | AC15: 0.21101898 | AD15: 0.23548956 | AE15: 0.10593317 | AF15: 0.21632963 | AH15: 0.062427565 | AI15: 0.3010759 | AK15: 2.9763889e-05 | AL15: 0 | AM15: 0.069632598 | AO15: 0 | AP15: 0.21982066 | AR15: 0.28590029 | AS15: 0.15955197 | AU15: 0.20739762 | AV15: 0.027836354 | AX15: 0.075218612 | AY15: 0.2167738 | BA15: 0.282475 | BB15: 0.22274568 | BC15: 0.065187951 | BD15: 0.13335138
B16: Don’t know | C16: 0.0158252 | D16: 0.0092191009 | E16: 0.011822301 | F16: 0.032095981 | G16: 0.0011765702 | H16: 0.029257363 | J16: 0.016360727 | K16: 0.0054269928 | L16: 0.011445945 | M16: 0.0033229562 | O16: 0.01915264 | P16: 0.02679145 | Q16: 0 | R16: 0 | S16: 0 | T16: 0 | U16: 0 | V16: 0 | W16: 0 | X16: 0 | Z16: 0.0083814499 | AA16: 0.034823446 | AB16: 0.038282989 | AC16: 0.017314066 | AD16: 0.019779395 | AE16: 0 | AF16: 0.025364399 | AH16: 0.0068016096 | AI16: 0.021673995 | AK16: 0 | AL16: 0 | AM16: 0.012146585 | AO16: 0 | AP16: 0.016787196 | AR16: 0.017685183 | AS16: 0.014698197 | AU16: 0.015837316 | AV16: 0.0033229562 | AX16: 0 | AY16: 0.016970089 | BA16: 0.028632744 | BB16: 0.0095349054 | BC16: 0.0098361731 | BD16: 0
B18: Do you know if your company directly buys any services from a cloud provider? (eg. Amazon Web Services, Microsoft Azure, Google Cloud Platform)
B19: BASE: All Respondents
B20: Yes - we definitely do | C20: 0.30397668 | D20: 0.308287 | E20: 0.22932397 | F20: 0.31393367 | G20: 0.37098752 | H20: 0.30102537 | J20: 0.29470432 | K20: 0.46784547 | L20: 0.47146547 | M20: 0.7109029 | O20: 0.23174091 | P20: 0.25951758 | Q20: 0.35962862 | R20: 0.61561241 | S20: 0.55614208 | T20: 0.32584757 | U20: 0.62292192 | V20: 0.56549037 | W20: 0.95843787 | X20: 0.77534934 | Z20: 0.28289684 | AA20: 0.32651804 | AB20: 0.46615263 | AC20: 0.28013491 | AD20: 0.38681154 | AE20: 0.2933169 | AF20: 0.29065755 | AH20: 0.77295558 | AI20: 0 | AK20: 0.8905708 | AL20: 0.79288817 | AM20: 0.77475784 | AO20: 0.82174878 | AP20: 0.27250192 | AR20: 0.31446064 | AS20: 0.29762422 | AU20: 0.30358232 | AV20: 0.7109029 | AX20: 0.56335262 | AY20: 0.28521189 | BA20: 0.19805601 | BB20: 0.25781973 | BC20: 0.54298901 | BD20: 0.52585872
B21: Yes - I think we probably do | C21: 0.089288714 | D21: 0.079804351 | E21: 0.10991025 | F21: 0.13387169 | G21: 0.042313517 | H21: 0.10281378 | J21: 0.085033178 | K21: 0.15724082 | L21: 0.23999361 | M21: 0.16037586 | O21: 0.10216211 | P21: 0.10510153 | Q21: 0.061606522 | R21: 0.021981179 | S21: 0.15745867 | T21: 0.019723311 | U21: 0.17255187 | V21: 0.2902904 | W21: 0.020998554 | X21: 0.10994945 | Z21: 0.066208312 | AA21: 0.1220051 | AB21: 0.10450789 | AC21: 0.10870132 | AD21: 0.051909483 | AE21: 0.15691091 | AF21: 0.057573305 | AH21: 0.22704442 | AI21: 0 | AK21: 0.1094292 | AL21: 0.20711183 | AM21: 0.22524216 | AO21: 0.17825122 | AP21: 0.083880787 | AR21: 0.1086275 | AS21: 0.077570928 | AU21: 0.089219823 | AV21: 0.16037586 | AX21: 0.055820153 | AY21: 0.091710027 | BA21: 0.042866291 | BB21: 0.093152871 | BC21: 0.13420414 | BD21: 0.32671576
B22: Not sure | C22: 0.04550727 | D22: 0.049114277 | E22: 0.053709925 | F22: 0.035964537 | G22: 0.016149064 | H22: 0.061072932 | J22: 0.043841818 | K22: 0.074578042 | L22: 0.091134866 | M22: 0.039922598 | O22: 0.046800874 | P22: 0.031936275 | Q22: 0.0024432192 | R22: 0.10750132 | S22: 0.019844097 | T22: 0.0070890012 | U22: 0.00050661475 | V22: 0.00038960619 | W22: 0.00098494393 | X22: 0.018047543 | Z22: 0.042642308 | AA22: 0.13801495 | AB22: 0.04435733 | AC22: 0.041977766 | AD22: 0.0069205155 | AE22: 0.024405401 | AF22: 0.053118364 | AH22: 0 | AI22: 0.075003585 | AK22: 0 | AL22: 0 | AM22: 0 | AO22: 0 | AP22: 0.048273604 | AR22: 0.0610348 | AS22: 0.036098806 | AU22: 0.045512682 | AV22: 0.039922598 | AX22: 0.040186058 | AY22: 0.045892238 | BA22: 0.057574825 | BB22: 0.0433712 | BC22: 0.022689011 | BD22: 0.14721106
B23: No - I think we probably don’t | C23: 0.11755089 | D23: 0.087743974 | E23: 0.097235653 | F23: 0.16273092 | G23: 0.16354373 | H23: 0.10748368 | J23: 0.11854295 | K23: 0.099210799 | L23: 0.11255388 | M23: 0.032215495 | O23: 0.083752947 | P23: 0.20807049 | Q23: 0.073002713 | R23: 0.037538291 | S23: 0.180956 | T23: 0.23572576 | U23: 0.033453553 | V23: 0.031714369 | W23: 0.0010427088 | X23: 0.019298802 | Z23: 0.1354716 | AA23: 0.072504739 | AB23: 0.15432183 | AC23: 0.055838401 | AD23: 0.14987341 | AE23: 0.13223466 | AF23: 0.11154608 | AH23: 0 | AI23: 0.1937435 | AK23: 0 | AL23: 0 | AM23: 0 | AO23: 0 | AP23: 0.12469667 | AR23: 0.098053294 | AS23: 0.1293649 | AU23: 0.11763359 | AV23: 0.032215495 | AX23: 0.038931612 | AY23: 0.12323867 | BA23: 0.12714191 | BB23: 0.13543744 | BC23: 0.076410235 | BD23: 0
B24: No - we definitely don’t | C24: 0.44367645 | D24: 0.47505039 | E24: 0.50982021 | F24: 0.35349918 | G24: 0.40700617 | H24: 0.42760423 | J24: 0.45787773 | K24: 0.20112487 | L24: 0.084852164 | M24: 0.056583148 | O24: 0.53554316 | P24: 0.39537413 | Q24: 0.50331893 | R24: 0.21736679 | S24: 0.085599161 | T24: 0.41161436 | U24: 0.17056605 | V24: 0.11211525 | W24: 0.018535921 | X24: 0.077354862 | Z24: 0.47278094 | AA24: 0.34095717 | AB24: 0.23066032 | AC24: 0.5133476 | AD24: 0.40448505 | AE24: 0.39313213 | AF24: 0.4871047 | AH24: 0 | AI24: 0.73125291 | AK24: 0 | AL24: 0 | AM24: 0 | AO24: 0 | AP24: 0.47064702 | AR24: 0.41782377 | AS24: 0.45934114 | AU24: 0.44405158 | AV24: 0.056583148 | AX24: 0.30170955 | AY24: 0.45394717 | BA24: 0.57436097 | BB24: 0.47021876 | BC24: 0.2237076 | BD24: 0.00021446514
B26: Which of the following purposes do you use a cloud computing provider for?Please select all that apply
B27: BASE: Cloud User
B28: Online data storage or file sharing | C28: 0.58310973 | D28: 0.60237966 | E28: 0.53887233 | F28: 0.75313438 | G28: 0.64503282 | H28: 0.49366272 | J28: 0.58637486 | K28: 0.55611497 | L28: 0.49100166 | M28: 0.55540489 | O28: 0.58274328 | P28: 0.72614507 | Q28: 0.54007003 | R28: 0.54294277 | S28: 0.65337941 | T28: 0.51435765 | U28: 0.38537107 | V28: 0.52737187 | W28: 0.22462438 | X28: 0.17168138 | Z28: 0.51878609 | AA28: 0.77168846 | AB28: 0.69563327 | AC28: 0.53749371 | AD28: 0.69570703 | AE28: 0.47553186 | AF28: 0.67299486 | AH28: 0.58310973 | AI28: * | AK28: 0.58506363 | AL28: 0.80164301 | AM28: 0.61903032 | AO28: 0.62200882 | AP28: 0.57647464 | AR28: 0.53668921 | AS28: 0.61482731 | AU28: 0.58316929 | AV28: 0.55540489 | AX28: 0.45934184 | AY28: 0.5978187 | BA28: 0.58265923 | BB28: 0.59055088 | BC28: 0.54726316 | BD28: 0.85757061
B29: Online documents (eg. Google Docs, Microsoft Office 365 etc) | C29: 0.54417555 | D29: 0.56156355 | E29: 0.62478313 | F29: 0.26576662 | G29: 0.58644806 | H29: 0.54501747 | J29: 0.54012216 | K29: 0.59628352 | L29: 0.53949164 | M29: 0.55404746 | O29: 0.46948488 | P29: 0.69879314 | Q29: 0.5894374 | R29: 0.61836114 | S29: 0.45070288 | T29: 0.91126498 | U29: 0.40884435 | V29: 0.83754602 | W29: 0.24336851 | X29: 0.25755589 | Z29: 0.46694035 | AA29: 0.57666645 | AB29: 0.54824413 | AC29: 0.5541139 | AD29: 0.66677975 | AE29: 0.54769753 | AF29: 0.57828932 | AH29: 0.54417555 | AI29: * | AK29: 0.56917728 | AL29: 0.68383866 | AM29: 0.55153945 | AO29: 0.58125233 | AP29: 0.5378513 | AR29: 0.54358609 | AS29: 0.54457831 | AU29: 0.54415433 | AV29: 0.55404746 | AX29: 0.45442014 | AY29: 0.55484237 | BA29: 0.43624705 | BB29: 0.57363444 | BC29: 0.55707055 | BD29: 0.70054321
B30: Online email or messaging | C30: 0.4565887 | D30: 0.47212203 | E30: 0.29282951 | F30: 0.3707307 | G30: 0.59572738 | H30: 0.46581016 | J30: 0.46170258 | K30: 0.39036095 | L30: 0.47802508 | M30: 0.38245677 | O30: 0.45838364 | P30: 0.53612984 | Q30: 0.52061578 | R30: 0.42427573 | S30: 0.3449641 | T30: 0.66409971 | U30: 0.86015431 | V30: 0.45456559 | W30: 0.17884519 | X30: 0.17124261 | Z30: 0.42942461 | AA30: 0.45277912 | AB30: 0.71086649 | AC30: 0.38331723 | AD30: 0.45612215 | AE30: 0.28999412 | AF30: 0.87881986 | AH30: 0.4565887 | AI30: * | AK30: 0.49167805 | AL30: 0.4903949 | AM30: 0.46306374 | AO30: 0.56080495 | AP30: 0.43881234 | AR30: 0.5062446 | AS30: 0.42266049 | AU30: 0.45674805 | AV30: 0.38245677 | AX30: 0.60009798 | AY30: 0.43953359 | BA30: 0.33732584 | BB30: 0.39081086 | BC30: 0.61648209 | BD30: 0.20923868
B31: Disaster Recovery | C31: 0.30217621 | D31: 0.35615769 | E31: 0.26447809 | F31: 0.37224773 | G31: 0.22666506 | H31: 0.31772631 | J31: 0.30357296 | K31: 0.27986242 | L31: 0.32622042 | M31: 0.3319572 | O31: 0.25090683 | P31: 0.45336857 | Q31: 0.29081423 | R31: 0.38864565 | S31: 0.3300875 | T31: 0.24183735 | U31: 0.27001925 | V31: 0.07724508 | W31: 0.1480468 | X31: 0.12232578 | Z31: 0.29703558 | AA31: 0.27092135 | AB31: 0.4409311 | AC31: 0.34072303 | AD31: 0.4154409 | AE31: 0.25967865 | AF31: 0.094356984 | AH31: 0.30217621 | AI31: * | AK31: 0.30212709 | AL31: 0.65223107 | AM31: 0.28466874 | AO31: 0.40104484 | AP31: 0.28531201 | AR31: 0.30971527 | AS31: 0.29702503 | AU31: 0.30211219 | AV31: 0.3319572 | AX31: 0.31161493 | AY31: 0.30105448 | BA31: 0.2196198 | BB31: 0.28058308 | BC31: 0.36595558 | BD31: 0.34399352
B32: Running your business’s internal applications | C32: 0.27496555 | D32: 0.20098428 | E32: 0.23824312 | F32: 0.2538302 | G32: 0.40261836 | H32: 0.26248037 | J32: 0.26720459 | K32: 0.34400738 | L32: 0.4407312 | M32: 0.44459383 | O32: 0.16762692 | P32: 0.25831344 | Q32: 0.39833619 | R32: 0.33697467 | S32: 0.49500308 | T32: 0.30512277 | U32: 0.61400686 | V32: 0.52817497 | W32: 0.79653667 | X32: 0.78477597 | Z32: 0.23632618 | AA32: 0.28875332 | AB32: 0.23330706 | AC32: 0.23752091 | AD32: 0.36055892 | AE32: 0.44771876 | AF32: 0.33681683 | AH32: 0.27496555 | AI32: * | AK32: 0.24858523 | AL32: 0.61104197 | AM32: 0.27322424 | AO32: 0.28286589 | AP32: 0.27361797 | AR32: 0.32397545 | AS32: 0.24147873 | AU32: 0.27460091 | AV32: 0.44459383 | AX32: 0.27950894 | AY32: 0.27442559 | BA32: 0.19949596 | BB32: 0.15715436 | BC32: 0.41974547 | BD32: 0.46308535
B33: Running your business’s external or customer facing applications | C33: 0.24293693 | D33: 0.29070096 | E33: 0.19859383 | F33: 0.32680892 | G33: 0.24911132 | H33: 0.20221303 | J33: 0.23209803 | K33: 0.34115185 | L33: 0.4631068 | M33: 0.47682444 | O33: 0.19706207 | P33: 0.33205266 | Q33: 0.23172621 | R33: 0.14015087 | S33: 0.28431395 | T33: 0.46830173 | U33: 0.19318995 | V33: 0.45335438 | W33: 0.87742802 | X33: 0.89023107 | Z33: 0.21278843 | AA33: 0.26952872 | AB33: 0.51984219 | AC33: 0.20452164 | AD33: 0.28080183 | AE33: 0.34235374 | AF33: 0.022056269 | AH33: 0.24293693 | AI33: * | AK33: 0.29617683 | AL33: 0.47448499 | AM33: 0.21306744 | AO33: 0.38434436 | AP33: 0.21881681 | AR33: 0.27291842 | AS33: 0.22245158 | AU33: 0.24243416 | AV33: 0.47682444 | AX33: 0.31717882 | AY33: 0.23411378 | BA33: 0.15541489 | BB33: 0.18573745 | BC33: 0.34909954 | BD33: 0.25941589
B34: Distributing or receiving data from external customers | C34: 0.21405452 | D34: 0.14444947 | E34: 0.20723622 | F34: 0.15958817 | G34: 0.33766634 | H34: 0.19500474 | J34: 0.20468677 | K34: 0.29948165 | L34: 0.40247926 | M34: 0.40738699 | O34: 0.16328891 | P34: 0.22415906 | Q34: 0.24463193 | R34: 0.27423168 | S34: 0.44185785 | T34: 0.27920068 | U34: 0.22936176 | V34: 0.1464805 | W34: 0.045886702 | X34: 0.12454075 | Z34: 0.17677252 | AA34: 0.17820453 | AB34: 0.315109 | AC34: 0.2864879 | AD34: 0.23049046 | AE34: 0.18068688 | AF34: 0.030466929 | AH34: 0.21405452 | AI34: * | AK34: 0.30416827 | AL34: 0.51663 | AM34: 0.15211159 | AO34: 0.42649052 | AP34: 0.17781893 | AR34: 0.18856139 | AS34: 0.23147311 | AU34: 0.21363893 | AV34: 0.40738699 | AX34: 0.33882644 | AY34: 0.19922623 | BA34: 0.2282972 | BB34: 0.10075508 | BC34: 0.32100159 | BD34: 0.24282565
B35: Big Data analysis | C35: 0.13577633 | D35: 0.13652668 | E35: 0.15136611 | F35: 0.30931882 | G35: 0.098318897 | H35: 0.097021356 | J35: 0.12807475 | K35: 0.20938939 | L35: 0.25876846 | M35: 0.34189499 | O35: 0.14646551 | P35: 0.16099804 | Q35: 0.1244267 | R35: 0.060344679 | S35: 0.14336446 | T35: 0.2730628 | U35: 0.14271393 | V35: 0.4854475 | W35: 0.026344941 | X35: 0.13869539 | Z35: 0.05439203 | AA35: 0.19713114 | AB35: 0.34123383 | AC35: 0.23349127 | AD35: 0.12258334 | AE35: 0.030394336 | AF35: 0.070983281 | AH35: 0.13577633 | AI35: * | AK35: 0.16353447 | AL35: 0.28885485 | AM35: 0.11746855 | AO35: 0.30748246 | AP35: 0.10648811 | AR35: 0.15352046 | AS35: 0.12365236 | AU35: 0.13533326 | AV35: 0.34189499 | AX35: 0.18833433 | AY35: 0.12953017 | BA35: 0.11183589 | BB35: 0.092402981 | BC35: 0.18166495 | BD35: 0.25620914
B36: Monitoring key metrics | C36: 0.12363257 | D36: 0.13720396 | E36: 0.21850856 | F36: 0.010950036 | G36: 0.037538296 | H36: 0.15918949 | J36: 0.12112059 | K36: 0.14333856 | L36: 0.15515156 | M36: 0.37801839 | O36: 0.11150832 | P36: 0.077735147 | Q36: 0.11254462 | R36: 0.17813227 | S36: 0.1933401 | T36: 0.041043331 | U36: 0.4860427 | V36: 0.12936797 | W36: 0.045725257 | X36: 0.68664198 | Z36: 0.088075933 | AA36: 0.22501018 | AB36: 0.18329539 | AC36: 0.10510686 | AD36: 0.056812962 | AE36: 0.13064951 | AF36: 0.23811683 | AH36: 0.12363257 | AI36: * | AK36: 0.1620654 | AL36: 0.19317317 | AM36: 0.10987895 | AO36: 0.21996412 | AP36: 0.10720113 | AR36: 0.16355297 | AS36: 0.096356305 | AU36: 0.12308574 | AV36: 0.37801839 | AX36: 0.19397657 | AY36: 0.11527266 | BA36: 0.057162 | BB36: 0.089853318 | BC36: 0.16777375 | BD36: 0.39204207
B37: Artificial Intelligence and/or machine learning | C37: 0.076793652 | D37: 0.098677451 | E37: 0.086649775 | F37: 0.021687815 | G37: 0.061506666 | H37: 0.084605484 | J37: 0.072756185 | K37: 0.086985111 | L37: 0.2866918 | M37: 0.40483499 | O37: 0.098189546 | P37: 0.0082510848 | Q37: 0.055461814 | R37: 0.046381914 | S37: 0.092511842 | T37: 0.022827645 | U37: 0.036232863 | V37: 0.49988193 | W37: 0.74658295 | X37: 0.085821802 | Z37: 0.059083118 | AA37: 0.0011680933 | AB37: 0.32964601 | AC37: 0.060228536 | AD37: 0.0076139193 | AE37: 0.13635567 | AF37: 0.0023251289 | AH37: 0.076793652 | AI37: * | AK37: 0.093929853 | AL37: 0.28614733 | AM37: 0.058069357 | AO37: 0.20769906 | AP37: 0.054464881 | AR37: 0.088965929 | AS37: 0.068476745 | AU37: 0.076088496 | AV37: 0.40483499 | AX37: 0.12559329 | AY37: 0.070994146 | BA37: 0.027816945 | BB37: 0.03294989 | BC37: 0.1280431 | BD37: 0.28406002
B38: Don’t Know | C38: 0.018191641 | D38: 3.6070092e-05 | E38: 0.034849967 | F38: 0.06989348 | G38: 0 | H38: 0.018105142 | J38: 0.019866135 | K38: 0 | L38: 0 | M38: 0.0036025993 | O38: 0.029661774 | P38: 0 | Q38: 0 | R38: 0 | S38: 0 | T38: 0 | U38: 0 | V38: 0 | W38: 0 | X38: 0.00097088334 | Z38: 0.024035659 | AA38: 0 | AB38: 0 | AC38: 0.047036354 | AD38: 0 | AE38: 0 | AF38: 0 | AH38: 0.018191641 | AI38: * | AK38: 2.8115003e-05 | AL38: 0 | AM38: 0.012146585 | AO38: 0 | AP38: 0.021294622 | AR38: 0.014768194 | AS38: 0.020530767 | AU38: 0.018223001 | AV38: 0.0036025993 | AX38: 0 | AY38: 0.020353594 | BA38: 0.062388715 | BB38: 0.013970522 | BC38: 2.0833139e-05 | BD38: 0
B39: Other (please specify) | C39: 0.017761296 | D39: 0.0023310077 | E39: 0 | F39: 0 | G39: 0.02901097 | H39: 0.036671497 | J39: 0.018708893 | K39: 0.0069588185 | L39: 0.012743505 | M39: 0 | O39: 0.015450805 | P39: 0 | Q39: 0.0013347011 | R39: 0.037987687 | S39: 0.080489329 | T39: 0.01644236 | U39: 0 | V39: 0 | W39: 0 | X39: 0 | Z39: 0.041429439 | AA39: 0 | AB39: 0 | AC39: 0 | AD39: 0.0011484808 | AE39: 0.057293797 | AF39: 0.0067514165 | AH39: 0.017761296 | AI39: * | AK39: 0.023600259 | AL39: 0 | AM39: 0.020134761 | AO39: 0 | AP39: 0.020790872 | AR39: 0 | AS39: 0.02989699 | AU39: 0.017799475 | AV39: 0 | AX39: 0.11049757 | AY39: 0.0067402195 | BA39: 0.026267669 | BB39: 0.030790769 | BC39: 0.0013463289 | BD39: 0
B41: Which, if any, of the following best describes how you use cloud services?Please select all that apply
B42: BASE: Cloud User
B43: <strong>Through online apps or services run by other companies. </strong>This is commonly known as Software as a Service (SaaS). Examples of SaaS services include Microsoft Office 365, Google Docs, Slack or Zoom. | C43: 0.62447325 | D43: 0.53028256 | E43: 0.66401904 | F43: 0.67848131 | G43: 0.6361907 | H43: 0.64314555 | J43: 0.62794958 | K43: 0.56663007 | L43: 0.71167265 | M43: 0.63842171 | O43: 0.63787127 | P43: 0.6741291 | Q43: 0.63287095 | R43: 0.53612584 | S43: 0.55284852 | T43: 0.71335969 | U43: 0.82538924 | V43: 0.81871405 | W43: 0.27507184 | X43: 0.3010697 | Z43: 0.66421087 | AA43: 0.54059059 | AB43: 0.65261488 | AC43: 0.60222359 | AD43: 0.67899761 | AE43: 0.55737475 | AF43: 0.65735133 | AH43: 0.62447325 | AI43: * | AK43: 0 | AL43: 1 | AM43: 1 | AO43: 0.25322782 | AP43: 0.68779725 | AR43: 0.63812404 | AS43: 0.61514613 | AU43: 0.62444327 | AV43: 0.63842171 | AX43: 0.45226157 | AY43: 0.64493944 | BA43: 0.59719112 | BB43: 0.67833007 | BC43: 0.5726609 | BD43: 0.73000417
B44: <strong>As a replacement or complement for your own on-site servers or IT infrastructure, or as underlying computing infrastructure for your own applications or services.</strong> This is commonly known as Infrastructure as a Service (IaaS) or Platform as a Service (PaaS). Examples of IaaS and PaaS services include Amazon Web Services or Microsoft Azure. | C44: 0.33936648 | D44: 0.4187638 | E44: 0.23446479 | F44: 0.32890778 | G44: 0.39745345 | H44: 0.30354197 | J44: 0.33056133 | K44: 0.43006771 | L44: 0.4239134 | M44: 0.6377366 | O44: 0.29487188 | P44: 0.4212826 | Q44: 0.37242794 | R44: 0.42635001 | S44: 0.36391549 | T44: 0.27633647 | U44: 0.19383288 | V44: 0.21880098 | W44: 0.75189373 | X44: 0.76142234 | Z44: 0.21617101 | AA44: 0.45240304 | AB44: 0.42867092 | AC44: 0.39487937 | AD44: 0.38780976 | AE44: 0.39703724 | AF44: 0.35238918 | AH44: 0.33936648 | AI44: * | AK44: 1 | AL44: 1 | AM44: 0 | AO44: 1 | AP44: 0.22668104 | AR44: 0.37625726 | AS44: 0.31416026 | AU44: 0.33872511 | AV44: 0.6377366 | AX44: 0.62102167 | AY44: 0.30589368 | BA44: 0.34123379 | BB44: 0.21687571 | BC44: 0.45266329 | BD44: 0.46539575
B45: Don't Know | C45: 0.10067289 | D45: 0.10201293 | E45: 0.1777754 | F45: 0 | G45: 0.08703291 | H45: 0.098093346 | J45: 0.10522672 | K45: 0.058541168 | L45: 0.012743505 | M45: 0.0084871753 | O45: 0.11031537 | P45: 0.035692316 | Q45: 0.11641256 | R45: 0.091421829 | S45: 0.085978893 | T45: 0.01644236 | U45: 0.034923373 | V45: 0 | W45: 0 | X45: 0 | Z45: 0.12550817 | AA45: 0.0076186145 | AB45: 0.15804299 | AC45: 0.12645788 | AD45: 0.042586605 | AE45: 0.055579294 | AF45: 0 | AH45: 0.10067289 | AI45: * | AK45: 0 | AL45: 0 | AM45: 0 | AO45: 0 | AP45: 0.11784484 | AR45: 0.10523406 | AS45: 0.097556398 | AU45: 0.10087105 | AV45: 0.0084871753 | AX45: 0.059775877 | AY45: 0.10553322 | BA45: 0.1152873 | BB45: 0.14999261 | BC45: 0.05171709 | BD45: 0
B47: Besides cloud computing and personal computers for your staff, does your company own any centralised computers, servers, on-premises computing or data centres of its own?
B48: BASE: Cloud User
B49: Yes | C49: 0.7465506 | D49: 0.77323169 | E49: 0.70216733 | F49: 0.86000078 | G49: 0.72738207 | H49: 0.72999487 | J49: 0.73786882 | K49: 0.82319071 | L49: 0.93482285 | M49: 0.94190607 | O49: 0.63518264 | P49: 0.90056171 | Q49: 0.81379962 | R49: 0.70291783 | S49: 0.95008576 | T49: 0.99497204 | U49: 0.96453622 | V49: 1 | W49: 0.99768076 | X49: 0.99554936 | Z49: 0.77628082 | AA49: 0.83338765 | AB49: 0.73413433 | AC49: 0.74727224 | AD49: 0.749409 | AE49: 0.73728356 | AF49: 0.76016715 | AH49: 0.7465506 | AI49: * | AK49: 0.79598958 | AL49: 0.82460989 | AM49: 0.74326758 | AO49: 0.79948936 | AP49: 0.73752074 | AR49: 0.7044759 | AS49: 0.77529882 | AU49: 0.74613066 | AV49: 0.94190607 | AX49: 0.92231361 | AY49: 0.72566236 | BA49: 0.74541217 | BB49: 0.70842165 | BC49: 0.76356614 | BD49: 0.97162213
B50: No | C50: 0.21853172 | D50: 0.15543124 | E50: 0.2237194 | F50: 0.13999922 | G50: 0.24360696 | H50: 0.26820103 | J50: 0.225416 | K50: 0.16124539 | L50: 0.050997856 | M50: 0.03858767 | O50: 0.36481736 | P50: 0.05078215 | Q50: 0.18620038 | R50: 0.18943253 | S50: 0.049778251 | T50: 0 | U50: 0.035463779 | V50: 0 | W50: 0.0012546397 | X50: 0.0034797527 | Z50: 0.18725252 | AA50: 0.15899373 | AB50: 0.26586567 | AC50: 0.22641998 | AD50: 0.25051483 | AE50: 0.14467849 | AF50: 0.23983285 | AH50: 0.21853172 | AI50: * | AK50: 0.16239357 | AL50: 0.17524902 | AM50: 0.23557304 | AO50: 0.20044818 | AP50: 0.22161626 | AR50: 0.24887407 | AS50: 0.19779981 | AU50: 0.21891853 | AV50: 0.03858767 | AX50: 0.077609377 | AY50: 0.23527938 | BA50: 0.17940588 | BB50: 0.27461927 | BC50: 0.2030873 | BD50: 0.01302978
B51: Don't know | C51: 0.034917682 | D51: 0.071337069 | E51: 0.074113268 | F51: 0 | G51: 0.02901097 | H51: 0.0018040969 | J51: 0.036715183 | K51: 0.015563897 | L51: 0.014179293 | M51: 0.019506258 | O51: 0 | P51: 0.048656137 | Q51: 0 | R51: 0.10764964 | S51: 0.00013598676 | T51: 0.0050279555 | U51: 0 | V51: 0 | W51: 0.0010646008 | X51: 0.00097088334 | Z51: 0.036466658 | AA51: 0.0076186145 | AB51: 0 | AC51: 0.026307781 | AD51: 7.6169814e-05 | AE51: 0.11803795 | AF51: 0 | AH51: 0.034917682 | AI51: * | AK51: 0.041616847 | AL51: 0.00014109528 | AM51: 0.021159376 | AO51: 6.2466624e-05 | AP51: 0.040862998 | AR51: 0.046650031 | AS51: 0.026901363 | AU51: 0.03495081 | AV51: 0.019506258 | AX51: 7.7016961e-05 | AY51: 0.039058258 | BA51: 0.075181946 | BB51: 0.016959085 | BC51: 0.033346556 | BD51: 0.015348089
B53: Does your business operate in any of the following sectors?Please select all that apply
B54: BASE: All Respondents
B55: Retail | C55: 0.20750463 | D55: 0.17451644 | E55: 0.21695582 | F55: 0.17213477 | G55: 0.2019769 | H55: 0.2401177 | J55: 0.21055016 | K55: 0.1546336 | L55: 0.13170835 | M55: 0.15724497 | O55: 0.19659249 | P55: 0.26097749 | Q55: 0.30436373 | R55: 0.17252299 | S55: 0.071784264 | T55: 0.17933897 | U55: 0.12310539 | V55: 0.040110809 | W55: 0.10861864 | X55: 0.058192916 | Z55: 0.19323677 | AA55: 0.27457403 | AB55: 0.1648069 | AC55: 0.25141044 | AD55: 0.1631167 | AE55: 0.13214536 | AF55: 0.2146454 | AH55: 0.19045232 | AI55: 0.21855738 | AK55: 0.13624793 | AL55: 0.21440359 | AM55: 0.22574307 | AO55: 0.22680562 | AP55: 0.20633135 | AR55: 0.22900222 | AS55: 0.19447878 | AU55: 0.20755334 | AV55: 0.15724497 | AX55: 0.2203319 | AY55: 0.20657663 | BA55: 0.17577088 | BB55: 0.22204981 | BC55: 0.2305274 | BD55: 0.17243693
B56: Technology | C56: 0.11370714 | D56: 0.12717933 | E56: 0.16379703 | F56: 0.14334599 | G56: 0.092431509 | H56: 0.07569444 | J56: 0.10962077 | K56: 0.17278645 | L56: 0.29068016 | M56: 0.27141929 | O56: 0.13420146 | P56: 0.080909257 | Q56: 0.056488288 | R56: 0.19741274 | S56: 0.085863783 | T56: 0.020302628 | U56: 0.098037259 | V56: 0.40236924 | W56: 0.055575836 | X56: 0.065498678 | Z56: 0.086480025 | AA56: 0.087245272 | AB56: 0.24253797 | AC56: 0.11200602 | AD56: 0.1411043 | AE56: 0.17929106 | AF56: 0.046684801 | AH56: 0.17538586 | AI56: 0.073729023 | AK56: 0.19372548 | AL56: 0.31203334 | AM56: 0.1601283 | AO56: 0.14952961 | AP56: 0.11152953 | AR56: 0.060764602 | AS56: 0.14578616 | AU56: 0.1135543 | AV56: 0.27141929 | AX56: 0.31175412 | AY56: 0.099379255 | BA56: 0.069946447 | BB56: 0.13195238 | BC56: 0.13523988 | BD56: 0.23412168
B57: Manufacturing | C57: 0.070242691 | D57: 0.051007556 | E57: 0.045722905 | F57: 0.040750046 | G57: 0.098979862 | H57: 0.089571713 | J57: 0.06163005 | K57: 0.23197671 | L57: 0.19360248 | M57: 0.20213916 | O57: 0.042061004 | P57: 0.06351883 | Q57: 0.13996898 | R57: 0.071683182 | S57: 0.11839096 | T57: 0.26916227 | U57: 0.23549775 | V57: 0.190808 | W57: 0.036756941 | X57: 0.069840942 | Z57: 0.033953292 | AA57: 0.013391076 | AB57: 0.068506685 | AC57: 0.086710665 | AD57: 0.074325794 | AE57: 0.1331571 | AF57: 0.099856929 | AH57: 0.077589043 | AI57: 0.065481028 | AK57: 0.039213035 | AL57: 0.036457785 | AM57: 0.083650873 | AO57: 0.005319025 | AP57: 0.074189326 | AR57: 0.060759884 | AS57: 0.075988528 | AU57: 0.070114869 | AV57: 0.20213916 | AX57: 0.061085473 | AY57: 0.070905179 | BA57: 0.063569987 | BB57: 0.062434396 | BC57: 0.098364445 | BD57: 0.044816653
B58: Media & Entertainment | C58: 0.05369355 | D58: 0.084623093 | E58: 0.039549495 | F58: 0.0046658616 | G58: 0.038360345 | H58: 0.065733764 | J58: 0.052246696 | K58: 0.082438518 | L58: 0.068760492 | M58: 0.037186597 | O58: 0.077312706 | P58: 0.043997836 | Q58: 0.0028247812 | R58: 0.0099107256 | S58: 0.013906413 | T58: 0.059379547 | U58: 0 | V58: 0.12751829 | W58: 0.084951238 | X58: 0.06250507 | Z58: 0.058192872 | AA58: 0.02956341 | AB58: 0.05446637 | AC58: 0.067211549 | AD58: 0.062136889 | AE58: 0.057666648 | AF58: 0.005138802 | AH58: 0.054493003 | AI58: 0.053175371 | AK58: 0.01331666 | AL58: 0.11837738 | AM58: 0.065802226 | AO58: 0.057169815 | AP58: 0.053482232 | AR58: 0.049917792 | AS58: 0.055981363 | AU58: 0.053709547 | AV58: 0.037186597 | AX58: 0.010774562 | AY58: 0.056798563 | BA58: 0.027879189 | BB58: 0.079835405 | BC58: 0.028406674 | BD58: 0.21169871
B59: Financial services | C59: 0.052284597 | D59: 0.048984171 | E59: 0.039940414 | F59: 0.067310737 | G59: 0.065304896 | H59: 0.049463192 | J59: 0.050242881 | K59: 0.079222477 | L59: 0.14504845 | M59: 0.22472758 | O59: 0.039652778 | P59: 0.042235432 | Q59: 0.048727274 | R59: 0.090868401 | S59: 0.017031139 | T59: 0.20974716 | U59: 0.085467462 | V59: 0.37586092 | W59: 0.046646025 | X59: 0.027853445 | Z59: 0.024782663 | AA59: 0.078678477 | AB59: 0.19182799 | AC59: 0.05904143 | AD59: 0.023942408 | AE59: 0.064008469 | AF59: 0.079526534 | AH59: 0.086624846 | AI59: 0.030026378 | AK59: 0.069456836 | AL59: 0.12158078 | AM59: 0.10659834 | AO59: 0.007587541 | AP59: 0.055001679 | AR59: 0.040004338 | AS59: 0.05972547 | AU59: 0.05211748 | AV59: 0.22472758 | AX59: 0.0079645757 | AY59: 0.055490968 | BA59: 0.045528171 | BB59: 0.046327084 | BC59: 0.073503786 | BD59: 0.067310163
B60: Health | C60: 0.040950731 | D60: 0.050702715 | E60: 0.030384436 | F60: 0.1009784 | G60: 0.049784921 | H60: 0.016864336 | J60: 0.039002872 | K60: 0.078237309 | L60: 0.063079734 | M60: 0.073228969 | O60: 0.045145039 | P60: 0.019134193 | Q60: 0 | R60: 0.056622835 | S60: 0.13419437 | T60: 0.1501311 | U60: 0.033145733 | V60: 0.031978167 | W60: 0.0030703615 | X60: 0.022898525 | Z60: 0.0085866764 | AA60: 0.0029484951 | AB60: 0.00015537919 | AC60: 0.068135831 | AD60: 0.075707852 | AE60: 0.089516995 | AF60: 0.035212786 | AH60: 0.046226296 | AI60: 0.037531283 | AK60: 0.061918682 | AL60: 0.031916651 | AM60: 0.047591372 | AO60: 0.03802141 | AP60: 0.041128801 | AR60: 0.060300083 | AS60: 0.029226542 | AU60: 0.04091945 | AV60: 0.073228969 | AX60: 0.019199697 | AY60: 0.042524329 | BA60: 0.039656633 | BB60: 0.039724628 | BC60: 0.037228999 | BD60: 0.14077458
B61: Telecommunications | C61: 0.031002376 | D61: 0.048251629 | E61: 0.040506837 | F61: 0.015474222 | G61: 0.012063089 | H61: 0.029729793 | J61: 0.029592425 | K61: 0.047325259 | L61: 0.12292089 | M61: 0.085097062 | O61: 0.028615023 | P61: 0.032317962 | Q61: 0.0011877907 | R61: 0.082758043 | S61: 0.0036651761 | T61: 0.0038788115 | U61: 0.0085015753 | V61: 0.0011472348 | W61: 0.020707779 | X61: 0.0074530789 | Z61: 0.035845676 | AA61: 0.069246059 | AB61: 0.05696375 | AC61: 0.0085126509 | AD61: 0.04458007 | AE61: 0.032097228 | AF61: 0.0032555551 | AH61: 0.034753317 | AI61: 0.02857114 | AK61: 0.0074245798 | AL61: 0.11729263 | AM61: 0.044906349 | AO61: 0.0091705416 | AP61: 0.032329508 | AR61: 0.038262809 | AS61: 0.026603124 | AU61: 0.030949952 | AV61: 0.085097062 | AX61: 0.048531484 | AY61: 0.029734217 | BA61: 0.0074807995 | BB61: 0.03497419 | BC61: 0.060889537 | BD61: 0.015213625
B62: Automotive | C62: 0.010934532 | D62: 0.022989418 | E62: 0.01416043 | F62: 0.0031662985 | G62: 0.012332118 | H62: 0.00097033089 | J62: 0.0093438082 | K62: 0.042415424 | L62: 0.019751397 | M62: 0.046135183 | O62: 0.0058327953 | P62: 0.016833871 | Q62: 0.00056222301 | R62: 0.032258518 | S62: 0.00010278233 | T62: 9.3079998e-05 | U62: 0.026671491 | V62: 0.026161776 | W62: 0.0010427088 | X62: 0.0056741263 | Z62: 0.0082095141 | AA62: 0.0029484951 | AB62: 0.064620001 | AC62: 0.00034801293 | AD62: 0 | AE62: 0.027265793 | AF62: 0.0024259457 | AH62: 0.026614654 | AI62: 0.00077119235 | AK62: 0.0037618627 | AL62: 0.022112747 | AM62: 0.043135427 | AO62: 0.00016842386 | AP62: 0.011588991 | AR62: 0.0077692967 | AS62: 0.012852416 | AU62: 0.010900418 | AV62: 0.046135183 | AX62: 0.010438241 | AY62: 0.010970436 | BA62: 0.0071854635 | BB62: 0.0049037446 | BC62: 0.016925112 | BD62: 0.15635001
B63: None of the above | C63: 0.5065491 | D63: 0.53936532 | E63: 0.46285277 | F63: 0.55219464 | G63: 0.49334577 | H63: 0.50806066 | J63: 0.51583203 | K63: 0.35152224 | L63: 0.25640847 | M63: 0.18514957 | O63: 0.51170971 | P63: 0.53747231 | Q63: 0.47357996 | R63: 0.42895457 | S63: 0.58137042 | T63: 0.11374718 | U63: 0.48796682 | V63: 0.045915137 | W63: 0.71191855 | X63: 0.7045568 | Z63: 0.60314956 | AA63: 0.44917013 | AB63: 0.3795774 | AC63: 0.42469847 | AD63: 0.51141436 | AE63: 0.46830052 | AF63: 0.54813063 | AH63: 0.43735998 | AI63: 0.55139521 | AK63: 0.54580028 | AL63: 0.2548984 | AM63: 0.39253384 | AO63: 0.53723671 | AP63: 0.50468363 | AR63: 0.52702922 | AS63: 0.49413975 | AU63: 0.50686057 | AV63: 0.18514957 | AX63: 0.44338451 | AY63: 0.5111188 | BA63: 0.61061676 | BB63: 0.48517428 | BC63: 0.41793836 | BD63: 0.13784602
B65: And more specifically, which one of the following sectors would you say is the best description for your business ?
B66: BASE: All Respondents
B67: Agriculture, forestry & fishing | C67: 0.031364513 | D67: 0.02946659 | E67: 0.025982731 | F67: 0.062597351 | G67: 0.047961056 | H67: 0.015351696 | J67: 0.031958437 | K67: 0.023552309 | L67: 0 | M67: 0.007020304 | O67: 0.046146404 | P67: 0.0130141 | Q67: 0.022070362 | R67: 0 | S67: 0 | T67: 0.069705288 | U67: 0 | V67: 0 | W67: 0 | X67: 0.00090993099 | Z67: 0.039228578 | AA67: 0.034823446 | AB67: 0.094895748 | AC67: 0.030261884 | AD67: 0.018683639 | AE67: 0.025795261 | AF67: 0 | AH67: 0.013660372 | AI67: 0.042839754 | AK67: 0.018515928 | AL67: 0 | AM67: 0.014414962 | AO67: 0 | AP67: 0.033271125 | AR67: 0.020715052 | AS67: 0.03781725 | AU67: 0.031388105 | AV67: 0.007020304 | AX67: 0.0001007464 | AY67: 0.033626318 | BA67: 0.041123788 | BB67: 0.029471292 | BC67: 0.011623554 | BD67: 0.13335138
B68: Mining & quarrying | C68: 0.0021267264 | D68: 0.0092191009 | E68: 0 | F68: 0.00079730616 | G68: 0 | H68: 0.00019735773 | J68: 0.0021113336 | K68: 0 | L68: 0.020512427 | M68: 0.0033229562 | O68: 0 | P68: 0.00044307545 | Q68: 0.021409912 | R68: 0 | S68: 0 | T68: 0 | U68: 0 | V68: 0 | W68: 0.0010427088 | X68: 0 | Z68: 0 | AA68: 4.7522438e-05 | AB68: 0.0010324203 | AC68: 0 | AD68: 0.019319739 | AE68: 0 | AF68: 0 | AH68: 0.0054078656 | AI68: 0 | AK68: 2.9763889e-05 | AL68: 0.0021274204 | AM68: 0.0093978739 | AO68: 0 | AP68: 0.0022560076 | AR68: 0 | AS68: 0.0034153556 | AU68: 0.0021255671 | AV68: 0.0033229562 | AX68: 0 | AY68: 0.0022805863 | BA68: 0 | BB68: 0.0047565414 | BC68: 1.4935467e-05 | BD68: 0.0038542851
B69: Manufacturing | C69: 0.049669338 | D69: 0.050088913 | E69: 0.030137127 | F69: 0.037536223 | G69: 0.056478924 | H69: 0.061480394 | J69: 0.044535131 | K69: 0.14246716 | L69: 0.1440117 | M69: 0.1689884 | O69: 0.018067665 | P69: 0.047282125 | Q69: 0.071900061 | R69: 0.11423356 | S69: 0.078510168 | T69: 0.17379353 | U69: 0.17540733 | V69: 0.42097772 | W69: 0.035626709 | X69: 0.069969604 | Z69: 0.025451503 | AA69: 0.014218653 | AB69: 0.061464424 | AC69: 0.026948289 | AD69: 0.084733071 | AE69: 0.11747213 | AF69: 0.093806251 | AH69: 0.072047069 | AI69: 0.03516483 | AK69: 0.011950508 | AL69: 0.016991383 | AM69: 0.10862112 | AO69: 0.0068907435 | AP69: 0.052269799 | AR69: 0.064372033 | AS69: 0.040760659 | AU69: 0.049553705 | AV69: 0.1689884 | AX69: 0.042992192 | AY69: 0.050152402 | BA69: 0.032266634 | BB69: 0.043638552 | BC69: 0.080580162 | BD69: 0.1500176
B70: Electricity & gas supply | C70: 0.0045043494 | D70: 0.0092330994 | E70: 0.0018162677 | F70: 0 | G70: 9.1031436e-05 | H70: 0.0073115653 | J70: 0.0043464925 | K70: 0.0051238063 | L70: 0.020175974 | M70: 0.03381155 | O70: 0.0043776319 | P70: 0.0015042516 | Q70: 0 | R70: 0 | S70: 0.00028794712 | T70: 0.0018410822 | U70: 0 | V70: 0.00043350243 | W70: 0 | X70: 0.021215123 | Z70: 0.00018817901 | AA70: 5.6005533e-05 | AB70: 0.0044249888 | AC70: 0.0087327597 | AD70: 3.5394671e-05 | AE70: 0.024446812 | AF70: 0.00071893467 | AH70: 0.0063554374 | AI70: 0.0033045351 | AK70: 0.0007290247 | AL70: 0.00014944419 | AM70: 0.0013532691 | AO70: 0.0011803096 | AP70: 0.0047064139 | AR70: 0.00064326924 | AS70: 0.006843861 | AU70: 0.0044759475 | AV70: 0.03381155 | AX70: 0.00010925884 | AY70: 0.0048223162 | BA70: 0.0002007595 | BB70: 0.0049115546 | BC70: 0.010728516 | BD70: 0.00021446514
B71: Water supply, sewerage & waste management | C71: 0.0025293304 | D71: 0.00091864242 | E71: 0 | F71: 0 | G71: 0 | H71: 0.0080401302 | J71: 0.0022351589 | K71: 0.0089548343 | L71: 0 | M71: 0.0064618244 | O71: 0.0048071964 | P71: 0 | Q71: 0 | R71: 0 | S71: 0 | T71: 0 | U71: 0.00042987838 | V71: 0.00036802245 | W71: 0 | X71: 0 | Z71: 0.0072544366 | AA71: 0 | AB71: 0 | AC71: 1.3145034e-05 | AD71: 0 | AE71: 0.002531215 | AF71: 3.6380251e-05 | AH71: 0.00054458227 | AI71: 0.0038157789 | AK71: 0.0019234732 | AL71: 0 | AM71: 2.8409563e-05 | AO71: 0 | AP71: 0.0026830855 | AR71: 0.00056761932 | AS71: 0.0037179734 | AU71: 0.0025255194 | AV71: 0.0064618244 | AX71: 4.5045011e-05 | AY71: 0.0027090583 | BA71: 0.00059620124 | BB71: 0.0049032705 | BC71: 0.00097930352 | BD71: 0
B72: Construction | C72: 0.07343548 | D72: 0.067261636 | E72: 0.07673425 | F72: 0.10083583 | G72: 0.062628107 | H72: 0.075476501 | J72: 0.073688922 | K72: 0.074964578 | L72: 0.031197342 | M72: 0.013700908 | O72: 0.085766032 | P72: 0.073435418 | Q72: 0.11650035 | R72: 0.039261857 | S72: 0.091736391 | T72: 0.0067860443 | U72: 0 | V72: 0.00045915369 | W72: 0 | X72: 0.017990664 | Z72: 0.048413343 | AA72: 0.043186408 | AB72: 0.094672012 | AC72: 0.079100437 | AD72: 0.14743843 | AE72: 0.031060303 | AF72: 0.14604515 | AH72: 0.046666544 | AI72: 0.090786223 | AK72: 0.044309419 | AL72: 0.0022472035 | AM72: 0.050625517 | AO72: 0.04665698 | AP72: 0.075063314 | AR72: 0.030465593 | AS72: 0.099471858 | AU72: 0.073493369 | AV72: 0.013700908 | AX72: 0.039900601 | AY72: 0.075861591 | BA72: 0.072785337 | BB72: 0.083686223 | BC72: 0.058772042 | BD72: 0.013859679
B73: Retail and wholesale | C73: 0.11532394 | D73: 0.10989874 | E73: 0.13446497 | F73: 0.0064751708 | G73: 0.12764577 | H73: 0.12946279 | J73: 0.11492077 | K73: 0.12173405 | L73: 0.13272986 | M73: 0.10411917 | O73: 0.079284049 | P73: 0.1527335 | Q73: 0.22925825 | R73: 0.11042601 | S73: 0.0649564 | T73: 0.10772326 | U73: 0.15766808 | V73: 0.070959358 | W73: 0.10320612 | X73: 0.13942969 | Z73: 0.1185312 | AA73: 0.21267319 | AB73: 0.067330626 | AC73: 0.10909342 | AD73: 0.12101304 | AE73: 0.10866798 | AF73: 0.080831038 | AH73: 0.086413743 | AI73: 0.13406259 | AK73: 0.058105035 | AL73: 0.19793825 | AM73: 0.1020521 | AO73: 0.18786068 | AP73: 0.11091452 | AR73: 0.1272694 | AS73: 0.10808594 | AU73: 0.1153348 | AV73: 0.10411917 | AX73: 0.086705263 | AY73: 0.11739439 | BA73: 0.078227052 | BB73: 0.12346577 | BC73: 0.16258122 | BD73: 0.043053467
B74: Transportation & storage | C74: 0.017885942 | D74: 0.039853181 | E74: 5.3853747e-05 | F74: 0 | G74: 0.0032876709 | H74: 0.029465823 | J74: 0.01738597 | K74: 0.023903572 | L74: 0.049685435 | M74: 0.031254776 | O74: 0.0042665388 | P74: 0 | Q74: 0.022070362 | R74: 0.022878906 | S74: 0.13054281 | T74: 9.3079998e-05 | U74: 0.31784946 | V74: 0 | W74: 0.68897684 | X74: 0.57071623 | Z74: 0.0012419782 | AA74: 0.0053561811 | AB74: 0.0097901508 | AC74: 0.0089324211 | AD74: 0.038554855 | AE74: 0.074603892 | AF74: 0.049323639 | AH74: 0.022443823 | AI74: 0.014931674 | AK74: 0.038152854 | AL74: 0.0027893708 | AM74: 0.011944126 | AO74: 0.038149585 | AP74: 0.016654139 | AR74: 0.011627124 | AS74: 0.021678295 | AU74: 0.017872986 | AV74: 0.031254776 | AX74: 0.097133881 | AY74: 0.012152679 | BA74: 0.0070232168 | BB74: 0.020435866 | BC74: 0.030792755 | BD74: 0.004014966
B75: Accommodation & food service activities | C75: 0.045651257 | D75: 0.02946659 | E75: 0.025982731 | F75: 0.035214755 | G75: 0.085108417 | H75: 0.046032882 | J75: 0.045979757 | K75: 0.044002775 | L75: 0.011445945 | M75: 0.011215357 | O75: 0.046496277 | P75: 0.064039736 | Q75: 0.05283195 | R75: 0.031188763 | S75: 0.01659622 | T75: 0.0066929643 | U75: 0.026241613 | V75: 0 | W75: 0 | X75: 0.0010124513 | Z75: 0.076154635 | AA75: 5.9994515e-05 | AB75: 0 | AC75: 0.049421691 | AD75: 0.02497042 | AE75: 0.024366232 | AF75: 0.025402913 | AH75: 0.027389035 | AI75: 0.057488227 | AK75: 0.025656322 | AL75: 0.00014109528 | AM75: 0.01534246 | AO75: 0.041010294 | AP75: 0.045933375 | AR75: 0.035266521 | AS75: 0.051943591 | AU75: 0.045684629 | AV75: 0.011215357 | AX75: 0 | AY75: 0.048953938 | BA75: 0.060361957 | BB75: 0.044659855 | BC75: 0.0186861 | BD75: 0.11984829
B76: Information & communication | C76: 0.036756229 | D76: 0.037016388 | E76: 0.038240513 | F76: 0.01080836 | G76: 0.07385648 | H76: 0.016530486 | J76: 0.036181527 | K76: 0.037201331 | L76: 0.11283462 | M76: 0.11089227 | O76: 0.044331371 | P76: 0.014720842 | Q76: 0.027326383 | R76: 0.080505579 | S76: 0.012900319 | T76: 0.0089612777 | U76: 0.0072119402 | V76: 0.0092663043 | W76: 0.025977126 | X76: 0.012217274 | Z76: 0.037405347 | AA76: 0.071075025 | AB76: 0.0073916464 | AC76: 0.038774178 | AD76: 0.0046081727 | AE76: 0.034030612 | AF76: 0.057190824 | AH76: 0.079445092 | AI76: 0.0090867128 | AK76: 0.090708196 | AL76: 0.012718265 | AM76: 0.095871032 | AO76: 0.0062154554 | AP76: 0.038612767 | AR76: 0.033704525 | AS76: 0.038605321 | AU76: 0.036684383 | AV76: 0.11089227 | AX76: 0.075577983 | AY76: 0.033947634 | BA76: 0.027365617 | BB76: 0.04335903 | BC76: 0.041046445 | BD76: 0.00093230503
B77: Financial & insurance activities | C77: 0.032249484 | D77: 0.021456974 | E77: 0.03699996 | F77: 0.035214755 | G77: 0.037201981 | H77: 0.032632163 | J77: 0.031348493 | K77: 0.043228831 | L77: 0.06636407 | M77: 0.19263724 | O77: 0.023839703 | P77: 0.030680159 | Q77: 0.025966177 | R77: 0.031401706 | S77: 0.0021243749 | T77: 0.21349576 | U77: 0.085467462 | V77: 0.30078588 | W77: 0.013324155 | X77: 0.021635155 | Z77: 0.032017801 | AA77: 0.071344786 | AB77: 0.10851986 | AC77: 0.028687759 | AD77: 0.020564024 | AE77: 0.0010156034 | AF77: 0.02593784 | AH77: 0.045337121 | AI77: 0.023766509 | AK77: 0.044667572 | AL77: 0.011405318 | AM77: 0.057725986 | AO77: 0.008655092 | AP77: 0.03368376 | AR77: 0.028148364 | AS77: 0.034734441 | AU77: 0.032094051 | AV77: 0.19263724 | AX77: 0.036745979 | AY77: 0.031924181 | BA77: 0.035545875 | BB77: 0.022531137 | BC77: 0.03698557 | BD77: 0.14965689
B78: Real estate activities | C78: 0.02857825 | D78: 0.064547705 | E78: 0.012123464 | F78: 0.037441174 | G78: 0 | H78: 0.030878545 | J78: 0.029028729 | K78: 0.020837003 | L78: 0.019154469 | M78: 0.0064618244 | O78: 0.02304524 | P78: 0.053582901 | Q78: 0.041695378 | R78: 0.028879838 | S78: 0.0016280152 | T78: 0 | U78: 0.027780628 | V78: 0.00038960619 | W78: 0.017493212 | X78: 0.00085952185 | Z78: 0.0066390559 | AA78: 0.043388188 | AB78: 0.11991984 | AC78: 0.036332037 | AD78: 0 | AE78: 0.050198491 | AF78: 0.025364399 | AH78: 0.034737807 | AI78: 0.024585828 | AK78: 0.021583201 | AL78: 0 | AM78: 0.042353705 | AO78: 0 | AP78: 0.030315489 | AR78: 0.012654782 | AS78: 0.038226622 | AU78: 0.028599683 | AV78: 0.0064618244 | AX78: 4.5045011e-05 | AY78: 0.030642511 | BA78: 0.034007003 | BB78: 0.020228304 | BC78: 0.039236304 | BD78: 0
... B86: Other (please specify) | C86: 0.1055969 | D86: 0.11703846 | E86: 0.10702099 | F86: 0.15956463 | G86: 0.06583417 | H86: 0.10870479 | J86: 0.10629073 | K86: 0.095887443 | L86: 0.081632259 | M86: 0.026405777 | O86: 0.080766835 | P86: 0.16143721 | Q86: 0.1208352 | R86: 0.12715292 | S86: 0.094734405 | T86: 0.081963065 | U86: 0.032739669 | V86: 0.025178063 | W86: 0 | X86: 0.019021706 | Z86: 0.13737207 | AA86: 0.064386856 | AB86: 0.19413993 | AC86: 0.063519168 | AD86: 0.11209212 | AE86: 0.067215354 | AF86: 0.13898878 | AH86: 0.12009836 | AI86: 0.096197527 | AK86: 0.064696938 | AL86: 0.19371227 | AM86: 0.1078589 | AO86: 0.035037423 | AP86: 0.10988613 | AR86: 0.10894088 | AS86: 0.10357071 | AU86: 0.10567364 | AV86: 0.026405777 | AX86: 0.14075921 | AY86: 0.10305305 | BA86: 0.081412674 | BB86: 0.13213399 | BC86: 0.098617795 | BD86: 0
B88: What is the approximate annual revenue of your business?
B89: BASE: All Respondents
B90: Under €20,000 | C90: 0.16068102 | D90: 0.1769722 | E90: 0.22462372 | F90: 0.15649338 | G90: 0.083931847 | H90: 0.16086554 | J90: 0.16908954 | K90: 0.0086997241 | L90: 0 | M90: 0.0033229562 | O90: 0.33198559 | P90: 0 | Q90: 0 | R90: 0 | S90: 0 | T90: 0 | U90: 0 | V90: 0 | W90: 0 | X90: 0 | Z90: 0.25127501 | AA90: 0.093950266 | AB90: 0.083377436 | AC90: 0.13704299 | AD90: 0.14770867 | AE90: 0.081990421 | AF90: 0.060503852 | AH90: 0.12191408 | AI90: 0.18580848 | AK90: 0.13749091 | AL90: 0.078886489 | AM90: 0.11227945 | AO90: 0.11098944 | AP90: 0.16370172 | AR90: 0.22151533 | AS90: 0.12382021 | AU90: 0.16083352 | AV90: 0.0033229562 | AX90: 0.12774841 | AY90: 0.16306356 | BA90: 0.20148753 | BB90: 0.18020646 | BC90: 0.071275041 | BD90: 0
B91: €20,001 to €40,000 | C91: 0.1996198 | D91: 0.12257624 | E91: 0.19061807 | F91: 0.31378406 | G91: 0.26410945 | H91: 0.1835177 | J91: 0.20928714 | K91: 0.022778365 | L91: 0.032218846 | M91: 0.010377952 | O91: 0.4124376 | P91: 0 | Q91: 0 | R91: 0 | S91: 0 | T91: 0 | U91: 0 | V91: 0 | W91: 0 | X91: 0 | Z91: 0.2374226 | AA91: 0.27591859 | AB91: 0.045094447 | AC91: 0.18717711 | AD91: 0.1483457 | AE91: 0.23685546 | AF91: 0.18003384 | AH91: 0.15283979 | AI91: 0.22994106 | AK91: 0.08530995 | AL91: 0.086627394 | AM91: 0.18996023 | AO91: 0.14703448 | AP91: 0.2028164 | AR91: 0.1840878 | AS91: 0.20903097 | AU91: 0.1998032 | AV91: 0.010377952 | AX91: 0.11737474 | AY91: 0.20556989 | BA91: 0.26544099 | BB91: 0.20925479 | BC91: 0.073572419 | BD91: 0.25341414
B92: €40,001 to €85,000 | C92: 0.12369917 | D92: 0.092191009 | E92: 0.1678324 | F92: 0.13213451 | G92: 0.16904026 | H92: 0.081862144 | J92: 0.12868313 | K92: 0.036511608 | L92: 0.011445945 | M92: 0 | O92: 0.25557681 | P92: 0 | Q92: 0 | R92: 0 | S92: 0 | T92: 0 | U92: 0 | V92: 0 | W92: 0 | X92: 0 | Z92: 0.083488105 | AA92: 0.18555307 | AB92: 0.24703248 | AC92: 0.20718586 | AD92: 0.085721993 | AE92: 0.057403134 | AF92: 0.083478686 | AH92: 0.1361876 | AI92: 0.11560459 | AK92: 0.15369213 | AL92: 0.1087663 | AM92: 0.13427892 | AO92: 0.1773973 | AP92: 0.12043493 | AR92: 0.1252689 | AS92: 0.12274804 | AU92: 0.12381905 | AV92: 0 | AX92: 0.11041621 | AY92: 0.12466014 | BA92: 0.11790113 | BB92: 0.1166019 | BC92: 0.14550857 | BD92: 0.14124207
B93: €85,001 to €250,000 | C93: 0.15378675 | D93: 0.17720705 | E93: 0.10988098 | F93: 0.22603053 | G93: 0.18251254 | H93: 0.12450507 | J93: 0.15976059 | K93: 0.046552187 | L93: 0.039761551 | M93: 0.0066459124 | O93: 0 | P93: 1 | Q93: 0 | R93: 0 | S93: 0 | T93: 0 | U93: 0 | V93: 0 | W93: 0 | X93: 0 | Z93: 0.16253726 | AA93: 0.14713432 | AB93: 0.12972897 | AC93: 0.18368411 | AD93: 0.12742166 | AE93: 0.12758644 | AF93: 0.13660135 | AH93: 0.14258459 | AI93: 0.16104761 | AK93: 0.15053453 | AL93: 0.28976365 | AM93: 0.13827224 | AO93: 0.20572242 | AP93: 0.15062964 | AR93: 0.15030959 | AS93: 0.15589363 | AU93: 0.15392934 | AV93: 0.0066459124 | AX93: 0.25076452 | AY93: 0.1467708 | BA93: 0.06428175 | BB93: 0.20268151 | BC93: 0.19403 | BD93: 0.16337645
B94: €250,001 to €500,000 | C94: 0.096000864 | D94: 0.11339914 | E94: 0.098980115 | F94: 0.034369925 | G94: 0.06348103 | H94: 0.12246287 | J94: 0.096986988 | K94: 0.078145346 | L94: 0.084662854 | M94: 0.032867602 | O94: 0 | P94: 0 | Q94: 1 | R94: 0 | S94: 0 | T94: 0 | U94: 0 | V94: 0 | W94: 0 | X94: 0 | Z94: 0.075572396 | AA94: 0.10214744 | AB94: 0.091132266 | AC94: 0.075598812 | AD94: 0.18188116 | AE94: 0.079675256 | AF94: 0.18762917 | AH94: 0.10282862 | AI94: 0.091575338 | AK94: 0.093798322 | AL94: 0.19399955 | AM94: 0.093867004 | AO94: 0.10006385 | AP94: 0.09575388 | AR94: 0.08014356 | AS94: 0.10560915 | AU94: 0.096062047 | AV94: 0.032867602 | AX94: 0.040076689 | AY94: 0.10004675 | BA94: 0.097332584 | BB94: 0.085299364 | BC94: 0.12094964 | BD94: 0.028365546
B95: €500,001 to €1 million | C95: 0.087477791 | D95: 0.1170519 | E95: 0.08027703 | F95: 0.046702446 | G95: 0.080843076 | H95: 0.08707064 | J95: 0.081360031 | K95: 0.21831564 | L95: 0.079352468 | M95: 0.02591852 | O95: 0 | P95: 0 | Q95: 0 | R95: 1 | S95: 0 | T95: 0 | U95: 0 | V95: 0 | W95: 0 | X95: 0 | Z95: 0.099924366 | AA95: 0.084691797 | AB95: 0.1081365 | AC95: 0.059782002 | AD95: 0.0735099 | AE95: 0.086936301 | AF95: 0.17423926 | AH95: 0.14182605 | AI95: 0.052251036 | AK95: 0.19218738 | AL95: 0.1184899 | AM95: 0.12213808 | AO95: 0.10536686 | AP95: 0.086390335 | AR95: 0.071686993 | AS95: 0.097045775 | AU95: 0.087537449 | AV95: 0.02591852 | AX95: 0.14581894 | AY95: 0.083257048 | BA95: 0.059149323 | BB95: 0.076058473 | BC95: 0.15793061 | BD95: 0.044649897
B96: €1 million to €2 million | C96: 0.036888501 | D96: 0.035171298 | E96: 0.013993585 | F96: 0.070477035 | G96: 0.032612992 | H96: 0.047096551 | J96: 0.030908622 | K96: 0.14479838 | L96: 0.1630698 | M96: 0.083704226 | O96: 0 | P96: 0 | Q96: 0 | R96: 0 | S96: 1 | T96: 0 | U96: 0 | V96: 0 | W96: 0 | X96: 0 | Z96: 0.011690622 | AA96: 0.011885209 | AB96: 0.093674432 | AC96: 0.039329706 | AD96: 0.074156928 | AE96: 0.095945883 | AF96: 0.024007862 | AH96: 0.066936124 | AI96: 0.01741262 | AK96: 0.087957626 | AL96: 0.0028459516 | AM96: 0.065758084 | AO96: 0.039740572 | AP96: 0.036715126 | AR96: 0.025007367 | AS96: 0.044087535 | AU96: 0.036843131 | AV96: 0.083704226 | AX96: 0.018955754 | AY96: 0.038185861 | BA96: 0.047390055 | BB96: 0.0051329917 | BC96: 0.074335219 | BD96: 0.15792769
B97: €2 million to €5 million | C97: 0.034563752 | D97: 0.023693964 | E97: 0.017775014 | F97: 0.0077371108 | G97: 0.072040669 | H97: 0.035238832 | J97: 0.028821047 | K97: 0.1449813 | L97: 0.10868786 | M97: 0.052315688 | O97: 0 | P97: 0 | Q97: 0 | R97: 0 | S97: 0 | T97: 1 | U97: 0 | V97: 0 | W97: 0 | X97: 0 | Z97: 0.0035287555 | AA97: 0.040550869 | AB97: 0.065579855 | AC97: 0.033112704 | AD97: 0.12226624 | AE97: 0.040071382 | AF97: 0.0078095962 | AH97: 0.030371923 | AI97: 0.037280758 | AK97: 0.029857436 | AL97: 0.0028899564 | AM97: 0.038359245 | AO97: 0.049402904 | AP97: 0.033661698 | AR97: 0.0056640896 | AS97: 0.05207468 | AU97: 0.034546549 | AV97: 0.052315688 | AX97: 0.042116372 | AY97: 0.034017351 | BA97: 0.032051852 | BB97: 0.031421097 | BC97: 0.04728617 | BD97: 0.0039328685
B98: €5 million to €10 million | C98: 0.0074839632 | D98: 0.0036885682 | E98: 0.0069964337 | F98: 0.00084483077 | G98: 0.004177006 | H98: 0.014997286 | J98: 0.0022351589 | K98: 0.10586801 | L98: 0.087214668 | M98: 0.068345907 | O98: 0 | P98: 0 | Q98: 0 | R98: 0 | S98: 0 | T98: 0 | U98: 1 | V98: 0 | W98: 0 | X98: 0 | Z98: 0.0025795729 | AA98: 0.013913671 | AB98: 0.032224791 | AC98: 0.0029126268 | AD98: 0.0027518718 | AE98: 0.0030962195 | AF98: 0.033186237 | AH98: 0.015138115 | AI98: 0.0025227944 | AK98: 0.0076935562 | AL98: 0.012705432 | AM98: 0.020849995 | AO98: 0.010174468 | AP98: 0.0073204106 | AR98: 0.0090057659 | AS98: 0.0065618703 | AU98: 0.0074249813 | AV98: 0.068345907 | AX98: 0.033592783 | AY98: 0.0055950972 | BA98: 0.0026203964 | BB98: 0.0027907035 | BC98: 0.024762981 | BD98: 0.003769916
B99: €10 million to €20 million | C99: 0.0082575535 | D99: 0.0010586273 | E99: 0.012460529 | F99: 0.00019009846 | G99: 0.0042498312 | H99: 0.016017772 | J99: 0.0047221491 | K99: 0.071285535 | L99: 0.068745249 | M99: 0.15862722 | O99: 0 | P99: 0 | Q99: 0 | R99: 0 | S99: 0 | T99: 0 | U99: 0 | V99: 1 | W99: 0 | X99: 0 | Z99: 3.0925248e-05 | AA99: 0.0040728015 | AB99: 0.054799518 | AC99: 0.0049230777 | AD99: 0.023058683 | AE99: 0.005768685 | AF99: 0.0089447806 | AH99: 0.017969177 | AI99: 0.0019627988 | AK99: 0.011851969 | AL99: 0.010449337 | AM99: 0.025068733 | AO99: 0.0084296305 | AP99: 0.0082470931 | AR99: 0.0083453953 | AS99: 0.0082043283 | AU99: 0.0081118287 | AV99: 0.15862722 | AX99: 0.011074672 | AY99: 0.0080537465 | BA99: 0.0029771245 | BB99: 0.00051928663 | BC99: 0.016950496 | BD99: 0.19148222
B100: €20 million to €50 million | C100: 0.0030854194 | D100: 0.00063767882 | E100: 0.0006741304 | F100: 9.504923e-05 | G100: 0.0013586331 | H100: 0.0087012948 | J100: 0.0022351589 | K100: 0.010031965 | L100: 0.055437357 | M100: 0.18972701 | O100: 0 | P100: 0 | Q100: 0 | R100: 0 | S100: 0 | T100: 0 | U100: 0 | V100: 0 | W100: 1 | X100: 0 | Z100: 0.00066155241 | AA100: 0.0038570245 | AB100: 0.0022469831 | AC100: 7.3517428e-05 | AD100: 0.0018631368 | AE100: 0.027020688 | AF100: 0.00063004406 | AH100: 0.0076843073 | AI100: 0.00010457167 | AK100: 0.020267392 | AL100: 0.0032119568 | AM100: 0.003404748 | AO100: 0.038788434 | AP100: 0.00091507465 | AR100: 0.00063947106 | AS100: 0.0045674721 | AU100: 0.0029045431 | AV100: 0.18972701 | AX100: 0.033590631 | AY100: 0.00087849245 | BA100: 1.8153887e-05 | BB100: 0.00062838608 | BC100: 0.012837738 | BD100: 0.0024027099
B101: Over €50 million | C101: 0.0035356461 | D101: 0.010943404 | E101: 0.00079978915 | F101: 0.00023762307 | G101: 0.0011712122 | H101: 0.0025405697 | J101: 0.0021113336 | K101: 0.0089548343 | L101: 0.14189099 | M101: 0.29463227 | O101: 0 | P101: 0 | Q101: 0 | R101: 0 | S101: 0 | T101: 0 | U101: 0 | V101: 0 | W101: 0 | X101: 1 | Z101: 0.00089625113 | AA101: 0.0011271339 | AB101: 0.0016795953 | AC101: 0.00047209061 | AD101: 0.0026328421 | AE101: 0.030752486 | AF101: 0.0019006138 | AH101: 0.0079592644 | AI101: 0.00066840241 | AK101: 0.020239741 | AL101: 0.0077099738 | AM101: 0.0033911361 | AO101: 0.0025728515 | AP101: 0.0035941733 | AR101: 0.0015571301 | AS101: 0.0047344715 | AU101: 0.0032535413 | AV101: 0.29463227 | AX101: 0.034150025 | AY101: 0.0013208214 | BA101: 0.00024261771 | BB101: 0.0056362568 | BC101: 0.0039557049 | BD101: 0.0094365025
B102: Don’t Know | C102: 0.084919766 | D102: 0.12540891 | E102: 0.075088204 | F102: 0.010903409 | G102: 0.040471445 | H102: 0.11512374 | J102: 0.083799114 | K102: 0.1030771 | L102: 0.12751241 | M102: 0.073514739 | O102: 0 | P102: 0 | Q102: 0 | R102: 0 | S102: 0 | T102: 0 | U102: 0 | V102: 0 | W102: 0 | X102: 0 | Z102: 0.070392586 | AA102: 0.035197797 | AB102: 0.04529272 | AC102: 0.0687054 | AD102: 0.0086812123 | AE102: 0.12689764 | AF102: 0.10103471 | AH102: 0.055760345 | AI102: 0.10381994 | AK102: 0.0091190527 | AL102: 0.083654111 | AM102: 0.052372135 | AO102: 0.0043167911 | AP102: 0.089819527 | AR102: 0.11676861 | AS102: 0.06562187 | AU102: 0.084930819 | AV102: 0.073514739 | AX102: 0.034320258 | AY102: 0.088580433 | BA102: 0.10910649 | BB102: 0.083768784 | BC102: 0.056605414 | BD102: 0
B104: In 2021, how much did the revenue of your company grow?
B105: BASE: All Respondents
B106: Declined by over 50% | C106: 0.091433712 | D106: 0.074657451 | E106: 0.14188557 | F106: 0.12599201 | G106: 0.050314196 | H106: 0.088642502 | J106: 0.095380131 | K106: 0.01980882 | L106: 0.020512427 | M106: 0.0036973478 | O106: 0.1465711 | P106: 0.02679145 | Q106: 0.02666838 | R106: 0.075643887 | S106: 0.0070993153 | T106: 0.0070890012 | U106: 0.0091046855 | V106: 0 | W106: 0 | X106: 0.0010124513 | Z106: 0.28650228 | AA106: 0 | AB106: 0 | AC106: 0 | AD106: 0 | AE106: 0 | AF106: 0 | AH106: 0.034451845 | AI106: 0.12836748 | AK106: 0.020439402 | AL106: 0 | AM106: 0.041871431 | AO106: 0 | AP106: 0.096991861 | AR106: 0.089397796 | AS106: 0.092667317 | AU106: 0.091518738 | AV106: 0.0036973478 | AX106: 0.037011596 | AY106: 0.095370929 | BA106: 0.13058278 | BB106: 0.094947519 | BC106: 0.031040611 | BD106: 0
B107: Declined by 25-50% | C107: 0.092380941 | D107: 0.12370174 | E107: 0.061175083 | F107: 0.10008605 | G107: 0.11990264 | H107: 0.06834009 | J107: 0.094805528 | K107: 0.047965229 | L107: 0.056961134 | M107: 0.0075180092 | O107: 0.076669504 | P107: 0.18308064 | Q107: 0.099360124 | R107: 0.05435474 | S107: 0.021166584 | T107: 0.01411248 | U107: 0 | V107: 0 | W107: 0 | X107: 0.074372414 | Z107: 0.28947036 | AA107: 0 | AB107: 0 | AC107: 0 | AD107: 0 | AE107: 0 | AF107: 0 | AH107: 0.077363402 | AI107: 0.10211481 | AK107: 0.065284482 | AL107: 0.0025272014 | AM107: 0.082253166 | AO107: 0.083698065 | AP107: 0.092908762 | AR107: 0.10214921 | AS107: 0.086462139 | AU107: 0.092463182 | AV107: 0.0075180092 | AX107: 0.18034819 | AY107: 0.086016871 | BA107: 0.081172005 | BB107: 0.085413002 | BC107: 0.13136256 | BD107: 0
B108: Declined by 10-25% | C108: 0.13532317 | D108: 0.11502232 | E108: 0.16994983 | F108: 0.013082303 | G108: 0.11030193 | H108: 0.18073583 | J108: 0.13750504 | K108: 0.094508803 | L108: 0.11273495 | M108: 0.041264552 | O108: 0.15404474 | P108: 0.12742477 | Q108: 0.1251985 | R108: 0.23454698 | S108: 0.072874549 | T108: 0.011380611 | U108: 0.10089576 | V108: 0.0011951986 | W108: 0.06842713 | X108: 0.0055133991 | Z108: 0.42402736 | AA108: 0 | AB108: 0 | AC108: 0 | AD108: 0 | AE108: 0 | AF108: 0 | AH108: 0.17148621 | AI108: 0.11188348 | AK108: 0.13102003 | AL108: 0.023338413 | AM108: 0.20894033 | AO108: 0.096108521 | AP108: 0.13770698 | AR108: 0.12787018 | AS108: 0.13983909 | AU108: 0.13541432 | AV108: 0.041264552 | AX108: 0.088701536 | AY108: 0.13869605 | BA108: 0.13268607 | BB108: 0.15473099 | BC108: 0.09080056 | BD108: 0.25337157
B109: Declined by 6-10% | C109: 0.067698421 | D109: 0.059045169 | E109: 0.075628016 | F109: 0.1626834 | G109: 0.056862549 | H109: 0.048499005 | J109: 0.065646337 | K109: 0.11053554 | L109: 0.06670224 | M109: 0.085375987 | O109: 0.077688405 | P109: 0.06476996 | Q109: 0.072032894 | R109: 0.065542361 | S109: 0.021811944 | T109: 0.079425109 | U109: 0.12586026 | V109: 0.033390305 | W109: 0.084628517 | X109: 0.021581681 | Z109: 0 | AA109: 1 | AB109: 0 | AC109: 0 | AD109: 0 | AE109: 0 | AF109: 0 | AH109: 0.07721073 | AI109: 0.061532855 | AK109: 0.12691507 | AL109: 0.0007327482 | AM109: 0.074455453 | AO109: 0.18178529 | AP109: 0.060763212 | AR109: 0.082309431 | AS109: 0.058845295 | AU109: 0.067681289 | AV109: 0.085375987 | AX109: 0.068893308 | AY109: 0.067611975 | BA109: 0.062728987 | BB109: 0.043348708 | BC109: 0.11663026 | BD109: 0.16077056
B110: Declined by 0-5% | C110: 0.052278994 | D110: 0.064024087 | E110: 0.089248633 | F110: 0.032191031 | G110: 0.070731297 | H110: 0.010703611 | J110: 0.048304613 | K110: 0.12199865 | L110: 0.14588889 | M110: 0.11673046 | O110: 0.040559898 | P110: 0.044100681 | Q110: 0.049627711 | R110: 0.064625173 | S110: 0.13275696 | T110: 0.099192032 | U110: 0.22510528 | V110: 0.34693855 | W110: 0.038072625 | X110: 0.024834938 | Z110: 0 | AA110: 0 | AB110: 1 | AC110: 0 | AD110: 0 | AE110: 0 | AF110: 0 | AH110: 0.075861132 | AI110: 0.036993828 | AK110: 0.052259439 | AL110: 0.28142946 | AM110: 0.055990276 | AO110: 0.16679281 | AP110: 0.045317832 | AR110: 0.052287776 | AS110: 0.052273673 | AU110: 0.052216533 | AV110: 0.11673046 | AX110: 0.072272569 | AY110: 0.050832541 | BA110: 0.036395056 | BB110: 0.030603331 | BC110: 0.11034437 | BD110: 0.17540208
B111: Stayed about the same size | C111: 0.24474595 | D111: 0.25163897 | E111: 0.23560771 | F111: 0.26138786 | G111: 0.32307432 | H111: 0.18467222 | J111: 0.2446182 | K111: 0.2605266 | L111: 0.14910055 | M111: 0.22203495 | O111: 0.26871789 | P111: 0.29232652 | Q111: 0.19273268 | R111: 0.16725849 | S111: 0.26094274 | T111: 0.23447108 | U111: 0.095250819 | V111: 0.14591529 | W111: 0.0058316523 | X111: 0.032679251 | Z111: 0 | AA111: 0 | AB111: 0 | AC111: 1 | AD111: 0 | AE111: 0 | AF111: 0 | AH111: 0.24198949 | AI111: 0.2465326 | AK111: 0.23887689 | AL111: 0.46348177 | AM111: 0.20685625 | AO111: 0.18138531 | AP111: 0.24859757 | AR111: 0.23108679 | AS111: 0.25302234 | AU111: 0.24476796 | AV111: 0.22203495 | AX111: 0.18718614 | AY111: 0.24891017 | BA111: 0.26815859 | BB111: 0.25676897 | BC111: 0.18513538 | BD111: 0.23380711
B112: Grown by 0-5% | C112: 0.10712025 | D112: 0.094066169 | E112: 0.088443561 | F112: 0.16659948 | G112: 0.055265941 | H112: 0.14947531 | J112: 0.10563573 | K112: 0.12928528 | L112: 0.16454108 | M112: 0.17391435 | O112: 0.084495829 | P112: 0.088755634 | Q112: 0.20294771 | R112: 0.09001598 | S112: 0.21534377 | T112: 0.3789285 | U112: 0.039388383 | V112: 0.29912636 | W112: 0.064684782 | X112: 0.079767799 | Z112: 0 | AA112: 0 | AB112: 0 | AC112: 0 | AD112: 1 | AE112: 0 | AF112: 0 | AH112: 0.11950176 | AI112: 0.099094967 | AK112: 0.12105043 | AL112: 0.20263898 | AM112: 0.12155969 | AO112: 0.046501143 | AP112: 0.11080522 | AR112: 0.092375139 | AS112: 0.11605464 | AU112: 0.10705552 | AV112: 0.17391435 | AX112: 0.13771152 | AY112: 0.1049071 | BA112: 0.10773495 | BB112: 0.096649865 | BC112: 0.12533792 | BD112: 0.12942967
B113: Grown by 6-10% | C113: 0.082138105 | D113: 0.088746608 | E113: 0.075991692 | F113: 0.067405786 | G113: 0.05161821 | H113: 0.10769462 | J113: 0.081396306 | K113: 0.08658996 | L113: 0.15442789 | M113: 0.15632638 | O113: 0.063852027 | P113: 0.06814442 | Q113: 0.068169955 | R113: 0.081629668 | S113: 0.21363875 | T113: 0.095226565 | U113: 0.033981675 | V113: 0.057381264 | W113: 0.71932785 | X113: 0.71442413 | Z113: 0 | AA113: 0 | AB113: 0 | AC113: 0 | AD113: 0 | AE113: 1 | AF113: 0 | AH113: 0.094035376 | AI113: 0.074426686 | AK113: 0.1324195 | AL113: 0.014563565 | AM113: 0.091923267 | AO113: 0.15171273 | AP113: 0.077908744 | AR113: 0.079524572 | AS113: 0.083721701 | AU113: 0.082066208 | AV113: 0.15632638 | AX113: 0.11681784 | AY113: 0.079629168 | BA113: 0.065595939 | BB113: 0.084064051 | BC113: 0.10799612 | BD113: 0.033272637
B114: Grown by 11-20% | C114: 0.034791381 | D114: 0.031303875 | E114: 0.035768067 | F114: 0.00019009846 | G114: 0.052156268 | H114: 0.034457236 | J114: 0.03327221 | K114: 0.065915232 | L114: 0.031457815 | M114: 0.091296587 | O114: 0.014525103 | P114: 0.016236706 | Q114: 0.074947084 | R114: 0.1126958 | S114: 0.00011010298 | T114: 0.013104239 | U114: 0.36987044 | V114: 0.08972773 | W114: 0.012884768 | X114: 0.024021122 | Z114: 0 | AA114: 0 | AB114: 0 | AC114: 0 | AD114: 0 | AE114: 0 | AF114: 0.41649678 | AH114: 0.032184981 | AI114: 0.036480764 | AK114: 0.025481868 | AL114: 0.010754376 | AM114: 0.043730572 | AO114: 0.0078113949 | AP114: 0.036431463 | AR114: 0.057032746 | AS114: 0.02131486 | AU114: 0.034736621 | AV114: 0.091296587 | AX114: 0.044883897 | AY114: 0.034061229 | BA114: 0.0094086457 | BB114: 0.043933094 | BC114: 0.057705025 | BD114: 0.012852251
B115: Grown by 21-50% | C115: 0.035139002 | D115: 0.022112771 | E115: 0.011822301 | F115: 0.0031187739 | G115: 0.07195979 | H115: 0.043924902 | J115: 0.035925515 | K115: 0.023212977 | L115: 0 | M115: 0.037281435 | O115: 0.036237689 | P115: 0.0405688 | Q115: 0.044174236 | R115: 0.053686919 | S115: 0.054255286 | T115: 0.0057699242 | U115: 0.00054269827 | V115: 0.00075762865 | W115: 0.0030125967 | X115: 0.0019822912 | Z115: 0 | AA115: 0 | AB115: 0 | AC115: 0 | AD115: 0 | AE115: 0 | AF115: 0.42065825 | AH115: 0.036208222 | AI115: 0.034445969 | AK115: 0.047100447 | AL115: 0.00028689637 | AM115: 0.041510015 | AO115: 0.048333772 | AP115: 0.034336908 | AR115: 0.011965166 | AS115: 0.049180528 | AU115: 0.035136926 | AV115: 0.037281435 | AX115: 0.03461572 | AY115: 0.03517686 | BA115: 0.048291614 | BB115: 0.033390078 | BC115: 0.021013717 | BD115: 0.00091214202
B116: Grown by over 50% | C116: 0.01360299 | D116: 0.0092330994 | E116: 1.7951249e-05 | F116: 0.031298675 | G116: 0.012295705 | H116: 0.021945798 | J116: 0.014272728 | K116: 0 | L116: 0.010684914 | M116: 0.010159172 | O116: 0.0051590705 | P116: 0.017393161 | Q116: 0.044140724 | R116: 0 | S116: 0 | T116: 0 | U116: 0 | V116: 0 | W116: 0.001160189 | X116: 0.018900595 | Z116: 0 | AA116: 0 | AB116: 0 | AC116: 0 | AD116: 0 | AE116: 0 | AF116: 0.16284497 | AH116: 0.0055743991 | AI116: 0.018806858 | AK116: 0.019629963 | AL116: 0.00012680805 | AM116: 0.00030510574 | AO116: 5.6141286e-05 | AP116: 0.014426487 | AR116: 0.024635368 | AS116: 0.0069182346 | AU116: 0.013606327 | AV116: 0.010159172 | AX116: 0.0001007464 | AY116: 0.014579822 | BA116: 0.012306344 | BB116: 0.016871924 | BC116: 0.010162195 | BD116: 0.00018198035
B117: Don’t know | C117: 0.043347078 | D117: 0.066447736 | E117: 0.014461592 | F117: 0.035964537 | G117: 0.025517158 | H117: 0.060908881 | J117: 0.043237665 | K117: 0.039652913 | L117: 0.086988111 | M117: 0.054400765 | O117: 0.031478753 | P117: 0.030407262 | Q117: 0 | R117: 0 | S117: 0 | T117: 0.061300457 | U117: 0 | V117: 0.025567669 | W117: 0.0019698879 | X117: 0.00090993099 | Z117: 0 | AA117: 0 | AB117: 0 | AC117: 0 | AD117: 0 | AE117: 0 | AF117: 0 | AH117: 0.034132448 | AI117: 0.049319697 | AK117: 0.019522474 | AL117: 0.00011978303 | AM117: 0.030604442 | AO117: 0.035814828 | AP117: 0.043804954 | AR117: 0.04936583 | AS117: 0.039700186 | AU117: 0.043336365 | AV117: 0.054400765 | AX117: 0.031456938 | AY117: 0.04420728 | BA117: 0.044939021 | BB117: 0.059278464 | BC117: 0.012471287 | BD117: 0
B119: And over the last three years, how much did the revenue of your company grow on average?
B120: BASE: All Respondents
B121: Declined by over 50% | C121: 0.080432705 | D121: 0.074657451 | E121: 0.082756109 | F121: 0.062597351 | G121: 0.12107921 | H121: 0.059209985 | J121: 0.084165914 | K121: 0.014381827 | L121: 0 | M121: 0 | O121: 0.10216601 | P121: 0.088515668 | Q121: 0.050632736 | R121: 0.05708855 | S121: 0.010960068 | T121: 0 | U121: 0 | V121: 0 | W121: 0 | X121: 0 | Z121: 0.21019448 | AA121: 0 | AB121: 0 | AC121: 0.028582194 | AD121: 0.019779395 | AE121: 0.025795261 | AF121: 0.025364399 | AH121: 0.04118359 | AI121: 0.10587269 | AK121: 0.04354032 | AL121: 0.098420686 | AM121: 0.040836778 | AO121: 0 | AP121: 0.085322116 | AR121: 0.065689575 | AS121: 0.089365885 | AU121: 0.080510654 | AV121: 0 | AX121: 0.066677258 | AY121: 0.081427856 | BA121: 0.11609503 | BB121: 0.073013045 | BC121: 0.046489095 | BD121: 0
...

Sheet Table 1
D2: Before taking this survey, were you familiar with the concept of cloud computing?
D5: Region of Italy | J5: Number of Employees | O5: Annual Revenue | Z5: Revenue Change | AH5: Cloud User | AK5: Type of Cloud | AO5: AWS User | AR5: Woman-owned Business | AU5: Grouped Employee Count | AX5: Tech Adoption | BA5: Digital Intensity
C6: Total | D6: Centre | E6: South | F6: Islands | G6: North East | H6: North West | J6: 1-9 | K6: 10-49 | L6: 50-249 | M6: 250+ | O6: Under EUR 85,000 | P6: EUR 85,001 to EUR 250,000 | Q6: EUR 250,001 to EUR 500,000 | R6: EUR 500,001 to EUR 1 million | S6: EUR 1 million to EUR 2 million | T6: EUR 2 million to EUR 5 million | U6: EUR 5 million to EUR 10 million | V6: EUR 10 million to EUR 20 million | W6: EUR 20 million to EUR 50 million | X6: Over EUR 50 million | Z6: Declined by 10%+ | AA6: Declined by 6-10% | AB6: Declined by 0-5% | AC6: Stayed about the same size | AD6: Grown by 0-5% | AE6: Grown by 6-10% | AF6: Grown by 10%+ | AH6: Yes | AI6: No | AK6: IaaS / PaaS | AL6: Both | AM6: SaaS | AO6: Yes | AP6: No | AR6: Yes | AS6: No | AU6: Less than 250 employees | AV6: 250+ employees | AX6: Early adopter | AY6: Not early adopter | BA6: Low | BB6: Medium | BC6: High | BD6: Very High
B7: Unweighted | C7: 1018 | D7: 240 | E7: 171 | F7: 75 | G7: 180 | H7: 352 | J7: 422 | K7: 205 | L7: 103 | M7: 288 | O7: 233 | P7: 82 | Q7: 77 | R7: 95 | S7: 83 | T7: 67 | U7: 52 | V7: 70 | W7: 64 | X7: 103 | Z7: 207 | AA7: 81 | AB7: 93 | AC7: 235 | AD7: 138 | AE7: 114 | AF7: 98 | AH7: 612 | AI7: 406 | AK7: 200 | AL7: 100 | AM7: 284 | AO7: 130 | AP7: 888 | AR7: 323 | AS7: 695 | AU7: 730 | AV7: 288 | AX7: 169 | AY7: 849 | BA7: 231 | BB7: 306 | BC7: 408 | BD7: 73
B8: Weighted | C8: 1018 | D8: 221 | E8: 203 | F8: 87 | G8: 212 | H8: 295 | J8: 965 | K8: 46 | L8: 6 | M8: 1 | O8: 493 | P8: 157 | Q8: 98 | R8: 89 | S8: 38 | T8: 35 | U8: 8 | V8: 8 | W8: 3 | X8: 4 | Z8: 325 | AA8: 69 | AB8: 53 | AC8: 249 | AD8: 109 | AE8: 84 | AF8: 85 | AH8: 400 | AI8: 618 | AK8: 110 | AL8: 26 | AM8: 224 | AO8: 58 | AP8: 960 | AR8: 384 | AS8: 634 | AU8: 1017 | AV8: 1 | AX8: 69 | AY8: 949 | BA8: 341 | BB8: 440 | BC8: 219 | BD8: 18
B9: I am very familiar with this concept and I understand what it means | C9: 0.44139579 | D9: 0.46042783 | E9: 0.44837927 | F9: 0.28824074 | G9: 0.48788299 | H9: 0.43409232 | J9: 0.43213478 | K9: 0.59912018 | L9: 0.65661866 | M9: 0.8302392 | O9: 0.41990557 | P9: 0.37542186 | Q9: 0.4145667 | R9: 0.59981397 | S9: 0.68927801 | T9: 0.54920741 | U9: 0.76130023 | V9: 0.59387705 | W9: 0.98028805 | X9: 0.77736076 | Z9: 0.40837013 | AA9: 0.32565396 | AB9: 0.61309811 | AC9: 0.47013554 | AD9: 0.46578716 | AE9: 0.5093536 | AF9: 0.43454978 | AH9: 0.68448713 | AI9: 0.28383199 | AK9: 0.8015742 | AL9: 0.80364485 | AM9: 0.68274886 | AO9: 0.72036593 | AP9: 0.42443752 | AR9: 0.38080581 | AS9: 0.47810856 | AU9: 0.44101896 | AV9: 0.8302392 | AX9: 0.76275258 | AY9: 0.41814694 | BA9: 0.33437462 | BB9: 0.41334828 | BC9: 0.64468381 | BD9: 0.67675948
B10: I have heard this concept before, but I do not know what it means | C10: 0.33555524 | D10: 0.39378566 | E10: 0.28887286 | F10: 0.42308386 | G10: 0.35358499 | H10: 0.28528508 | J10: 0.33690553 | K10: 0.32414232 | L10: 0.23913291 | M10: 0.13860149 | O10: 0.31810725 | P10: 0.40053963 | Q10: 0.40224928 | R10: 0.31976039 | S10: 0.24836129 | T10: 0.31107189 | U10: 0.20524622 | V10: 0.37580341 | W10: 0.019711949 | X10: 0.1880748 | Z10: 0.34522431 | AA10: 0.46834784 | AB10: 0.22095666 | AC10: 0.30153142 | AD10: 0.27894388 | AE10: 0.38471324 | AF10: 0.32375619 | AH10: 0.2462837 | AI10: 0.39341811 | AK10: 0.19839603 | AL10: 0.19635515 | AM10: 0.23547195 | AO10: 0.27963407 | AP10: 0.33895462 | AR10: 0.31560871 | AS10: 0.34764127 | AU10: 0.33574611 | AV10: 0.13860149 | AX10: 0.16202881 | AY10: 0.34810917 | BA10: 0.35451764 | BB10: 0.35437114 | BC10: 0.28029206 | BD10: 0.18988913
B11: No, I have not heard of this concept before | C11: 0.20722377 | D11: 0.13656741 | E11: 0.25092557 | F11: 0.25657943 | G11: 0.15735544 | H11: 0.25136524 | J11: 0.21459897 | K11: 0.071310504 | L11: 0.092802487 | M11: 0.027836354 | O11: 0.24283455 | P11: 0.19724705 | Q11: 0.18318402 | R11: 0.080425643 | S11: 0.062360695 | T11: 0.1397207 | U11: 0.033453553 | V11: 0.030319532 | W11: 0 | X11: 0.03456444 | Z11: 0.23802411 | AA11: 0.17117475 | AB11: 0.12766224 | AC11: 0.21101898 | AD11: 0.23548956 | AE11: 0.10593317 | AF11: 0.21632963 | AH11: 0.062427565 | AI11: 0.3010759 | AK11: 2.9763889e-05 | AL11: 0 | AM11: 0.069632598 | AO11: 0 | AP11: 0.21982066 | AR11: 0.28590029 | AS11: 0.15955197 | AU11: 0.20739762 | AV11: 0.027836354 | AX11: 0.075218612 | AY11: 0.2167738 | BA11: 0.282475 | BB11: 0.22274568 | BC11: 0.065187951 | BD11: 0.13335138
B12: Don’t know | C12: 0.0158252 | D12: 0.0092191009 | E12: 0.011822301 | F12: 0.032095981 | G12: 0.0011765702 | H12: 0.029257363 | J12: 0.016360727 | K12: 0.0054269928 | L12: 0.011445945 | M12: 0.0033229562 | O12: 0.01915264 | P12: 0.02679145 | Q12: 0 | R12: 0 | S12: 0 | T12: 0 | U12: 0 | V12: 0 | W12: 0 | X12: 0 | Z12: 0.0083814499 | AA12: 0.034823446 | AB12: 0.038282989 | AC12: 0.017314066 | AD12: 0.019779395 | AE12: 0 | AF12: 0.025364399 | AH12: 0.0068016096 | AI12: 0.021673995 | AK12: 0 | AL12: 0 | AM12: 0.012146585 | AO12: 0 | AP12: 0.016787196 | AR12: 0.017685183 | AS12: 0.014698197 | AU12: 0.015837316 | AV12: 0.0033229562 | AX12: 0 | AY12: 0.016970089 | BA12: 0.028632744 | BB12: 0.0095349054 | BC12: 0.0098361731 | BD12: 0
B14: Fieldwork: 22nd Apr - 26th Apr 2022
B15: Data weighted by business size and region to Nationally Representative proportions
B17: =HYPERLINK("#'Contents'!A1", "Return to Contents") -> Return to Contents

Sheet Table 2
D2: Do you know if your company directly buys any services from a cloud provider? (eg. Amazon Web Services, Microsoft Azure, Google Cloud Platform)
D5: Region of Italy | J5: Number of Employees | O5: Annual Revenue | Z5: Revenue Change | AH5: Cloud User | AK5: Type of Cloud | AO5: AWS User | AR5: Woman-owned Business | AU5: Grouped Employee Count | AX5: Tech Adoption | BA5: Digital Intensity
C6: Total | D6: Centre | E6: South | F6: Islands | G6: North East | H6: North West | J6: 1-9 | K6: 10-49 | L6: 50-249 | M6: 250+ | O6: Under EUR 85,000 | P6: EUR 85,001 to EUR 250,000 | Q6: EUR 250,001 to EUR 500,000 | R6: EUR 500,001 to EUR 1 million | S6: EUR 1 million to EUR 2 million | T6: EUR 2 million to EUR 5 million | U6: EUR 5 million to EUR 10 million | V6: EUR 10 million to EUR 20 million | W6: EUR 20 million to EUR 50 million | X6: Over EUR 50 million | Z6: Declined by 10%+ | AA6: Declined by 6-10% | AB6: Declined by 0-5% | AC6: Stayed about the same size | AD6: Grown by 0-5% | AE6: Grown by 6-10% | AF6: Grown by 10%+ | AH6: Yes | AI6: No | AK6: IaaS / PaaS | AL6: Both | AM6: SaaS | AO6: Yes | AP6: No | AR6: Yes | AS6: No | AU6: Less than 250 employees | AV6: 250+ employees | AX6: Early adopter | AY6: Not early adopter | BA6: Low | BB6: Medium | BC6: High | BD6: Very High
B7: Unweighted | C7: 1018 | D7: 240 | E7: 171 | F7: 75 | G7: 180 | H7: 352 | J7: 422 | K7: 205 | L7: 103 | M7: 288 | O7: 233 | P7: 82 | Q7: 77 | R7: 95 | S7: 83 | T7: 67 | U7: 52 | V7: 70 | W7: 64 | X7: 103 | Z7: 207 | AA7: 81 | AB7: 93 | AC7: 235 | AD7: 138 | AE7: 114 | AF7: 98 | AH7: 612 | AI7: 406 | AK7: 200 | AL7: 100 | AM7: 284 | AO7: 130 | AP7: 888 | AR7: 323 | AS7: 695 | AU7: 730 | AV7: 288 | AX7: 169 | AY7: 849 | BA7: 231 | BB7: 306 | BC7: 408 | BD7: 73
B8: Weighted | C8: 1018 | D8: 221 | E8: 203 | F8: 87 | G8: 212 | H8: 295 | J8: 965 | K8: 46 | L8: 6 | M8: 1 | O8: 493 | P8: 157 | Q8: 98 | R8: 89 | S8: 38 | T8: 35 | U8: 8 | V8: 8 | W8: 3 | X8: 4 | Z8: 325 | AA8: 69 | AB8: 53 | AC8: 249 | AD8: 109 | AE8: 84 | AF8: 85 | AH8: 400 | AI8: 618 | AK8: 110 | AL8: 26 | AM8: 224 | AO8: 58 | AP8: 960 | AR8: 384 | AS8: 634 | AU8: 1017 | AV8: 1 | AX8: 69 | AY8: 949 | BA8: 341 | BB8: 440 | BC8: 219 | BD8: 18
B9: Yes - we definitely do | C9: 0.30397668 | D9: 0.308287 | E9: 0.22932397 | F9: 0.31393367 | G9: 0.37098752 | H9: 0.30102537 | J9: 0.29470432 | K9: 0.46784547 | L9: 0.47146547 | M9: 0.7109029 | O9: 0.23174091 | P9: 0.25951758 | Q9: 0.35962862 | R9: 0.61561241 | S9: 0.55614208 | T9: 0.32584757 | U9: 0.62292192 | V9: 0.56549037 | W9: 0.95843787 | X9: 0.77534934 | Z9: 0.28289684 | AA9: 0.32651804 | AB9: 0.46615263 | AC9: 0.28013491 | AD9: 0.38681154 | AE9: 0.2933169 | AF9: 0.29065755 | AH9: 0.77295558 | AI9: 0 | AK9: 0.8905708 | AL9: 0.79288817 | AM9: 0.77475784 | AO9: 0.82174878 | AP9: 0.27250192 | AR9: 0.31446064 | AS9: 0.29762422 | AU9: 0.30358232 | AV9: 0.7109029 | AX9: 0.56335262 | AY9: 0.28521189 | BA9: 0.19805601 | BB9: 0.25781973 | BC9: 0.54298901 | BD9: 0.52585872
B10: Yes - I think we probably do | C10: 0.089288714 | D10: 0.079804351 | E10: 0.10991025 | F10: 0.13387169 | G10: 0.042313517 | H10: 0.10281378 | J10: 0.085033178 | K10: 0.15724082 | L10: 0.23999361 | M10: 0.16037586 | O10: 0.10216211 | P10: 0.10510153 | Q10: 0.061606522 | R10: 0.021981179 | S10: 0.15745867 | T10: 0.019723311 | U10: 0.17255187 | V10: 0.2902904 | W10: 0.020998554 | X10: 0.10994945 | Z10: 0.066208312 | AA10: 0.1220051 | AB10: 0.10450789 | AC10: 0.10870132 | AD10: 0.051909483 | AE10: 0.15691091 | AF10: 0.057573305 | AH10: 0.22704442 | AI10: 0 | AK10: 0.1094292 | AL10: 0.20711183 | AM10: 0.22524216 | AO10: 0.17825122 | AP10: 0.083880787 | AR10: 0.1086275 | AS10: 0.077570928 | AU10: 0.089219823 | AV10: 0.16037586 | AX10: 0.055820153 | AY10: 0.091710027 | BA10: 0.042866291 | BB10: 0.093152871 | BC10: 0.13420414 | BD10: 0.32671576
B11: Not sure | C11: 0.04550727 | D11: 0.049114277 | E11: 0.053709925 | F11: 0.035964537 | G11: 0.016149064 | H11: 0.061072932 | J11: 0.043841818 | K11: 0.074578042 | L11: 0.091134866 | M11: 0.039922598 | O11: 0.046800874 | P11: 0.031936275 | Q11: 0.0024432192 | R11: 0.10750132 | S11: 0.019844097 | T11: 0.0070890012 | U11: 0.00050661475 | V11: 0.00038960619 | W11: 0.00098494393 | X11: 0.018047543 | Z11: 0.042642308 | AA11: 0.13801495 | AB11: 0.04435733 | AC11: 0.041977766 | AD11: 0.0069205155 | AE11: 0.024405401 | AF11: 0.053118364 | AH11: 0 | AI11: 0.075003585 | AK11: 0 | AL11: 0 | AM11: 0 | AO11: 0 | AP11: 0.048273604 | AR11: 0.0610348 | AS11: 0.036098806 | AU11: 0.045512682 | AV11: 0.039922598 | AX11: 0.040186058 | AY11: 0.045892238 | BA11: 0.057574825 | BB11: 0.0433712 | BC11: 0.022689011 | BD11: 0.14721106
B12: No - I think we probably don’t | C12: 0.11755089 | D12: 0.087743974 | E12: 0.097235653 | F12: 0.16273092 | G12: 0.16354373 | H12: 0.10748368 | J12: 0.11854295 | K12: 0.099210799 | L12: 0.11255388 | M12: 0.032215495 | O12: 0.083752947 | P12: 0.20807049 | Q12: 0.073002713 | R12: 0.037538291 | S12: 0.180956 | T12: 0.23572576 | U12: 0.033453553 | V12: 0.031714369 | W12: 0.0010427088 | X12: 0.019298802 | Z12: 0.1354716 | AA12: 0.072504739 | AB12: 0.15432183 | AC12: 0.055838401 | AD12: 0.14987341 | AE12: 0.13223466 | AF12: 0.11154608 | AH12: 0 | AI12: 0.1937435 | AK12: 0 | AL12: 0 | AM12: 0 | AO12: 0 | AP12: 0.12469667 | AR12: 0.098053294 | AS12: 0.1293649 | AU12: 0.11763359 | AV12: 0.032215495 | AX12: 0.038931612 | AY12: 0.12323867 | BA12: 0.12714191 | BB12: 0.13543744 | BC12: 0.076410235 | BD12: 0
B13: No - we definitely don’t | C13: 0.44367645 | D13: 0.47505039 | E13: 0.50982021 | F13: 0.35349918 | G13: 0.40700617 | H13: 0.42760423 | J13: 0.45787773 | K13: 0.20112487 | L13: 0.084852164 | M13: 0.056583148 | O13: 0.53554316 | P13: 0.39537413 | Q13: 0.50331893 | R13: 0.21736679 | S13: 0.085599161 | T13: 0.41161436 | U13: 0.17056605 | V13: 0.11211525 | W13: 0.018535921 | X13: 0.077354862 | Z13: 0.47278094 | AA13: 0.34095717 | AB13: 0.23066032 | AC13: 0.5133476 | AD13: 0.40448505 | AE13: 0.39313213 | AF13: 0.4871047 | AH13: 0 | AI13: 0.73125291 | AK13: 0 | AL13: 0 | AM13: 0 | AO13: 0 | AP13: 0.47064702 | AR13: 0.41782377 | AS13: 0.45934114 | AU13: 0.44405158 | AV13: 0.056583148 | AX13: 0.30170955 | AY13: 0.45394717 | BA13: 0.57436097 | BB13: 0.47021876 | BC13: 0.2237076 | BD13: 0.00021446514
B15: Fieldwork: 22nd Apr - 26th Apr 2022
B16: Data weighted by business size and region to Nationally Representative proportions
B18: =HYPERLINK("#'Contents'!A1", "Return to Contents") -> Return to Contents

Sheet Table 3
D2: Which of the following purposes do you use a cloud computing provider for?Please select all that apply
D5: Region of Italy | J5: Number of Employees | O5: Annual Revenue | Z5: Revenue Change | AH5: Cloud User | AK5: Type of Cloud | AO5: AWS User | AR5: Woman-owned Business | AU5: Grouped Employee Count | AX5: Tech Adoption | BA5: Digital Intensity
C6: Total | D6: Centre | E6: South | F6: Islands | G6: North East | H6: North West | J6: 1-9 | K6: 10-49 | L6: 50-249 | M6: 250+ | O6: Under EUR 85,000 | P6: EUR 85,001 to EUR 250,000 | Q6: EUR 250,001 to EUR 500,000 | R6: EUR 500,001 to EUR 1 million | S6: EUR 1 million to EUR 2 million | T6: EUR 2 million to EUR 5 million | U6: EUR 5 million to EUR 10 million | V6: EUR 10 million to EUR 20 million | W6: EUR 20 million to EUR 50 million | X6: Over EUR 50 million | Z6: Declined by 10%+ | AA6: Declined by 6-10% | AB6: Declined by 0-5% | AC6: Stayed about the same size | AD6: Grown by 0-5% | AE6: Grown by 6-10% | AF6: Grown by 10%+ | AH6: Yes | AI6: No | AK6: IaaS / PaaS | AL6: Both | AM6: SaaS | AO6: Yes | AP6: No | AR6: Yes | AS6: No | AU6: Less than 250 employees | AV6: 250+ employees | AX6: Early adopter | AY6: Not early adopter | BA6: Low | BB6: Medium | BC6: High | BD6: Very High
B7: Unweighted | C7: 612 | D7: 139 | E7: 101 | F7: 48 | G7: 101 | H7: 223 | J7: 160 | K7: 128 | L7: 73 | M7: 251 | O7: 86 | P7: 33 | Q7: 44 | R7: 66 | S7: 66 | T7: 38 | U7: 42 | V7: 58 | W7: 60 | X7: 85 | Z7: 94 | AA7: 57 | AB7: 69 | AC7: 139 | AD7: 90 | AE7: 84 | AF7: 63 | AH7: 612 | AI7: 0 | AK7: 200 | AL7: 100 | AM7: 284 | AO7: 130 | AP7: 482 | AR7: 193 | AS7: 419 | AU7: 361 | AV7: 251 | AX7: 145 | AY7: 467 | BA7: 73 | BB7: 131 | BC7: 338 | BD7: 70
B8: Weighted | C8: 400 | D8: 86 | E8: 69 | F8: 39 | G8: 88 | H8: 119 | J8: 366 | K8: 29 | L8: 4 | M8: 1 | O8: 165 | P8: 57 | Q8: 41 | R8: 57 | S8: 27 | T8: 12 | U8: 6 | V8: 7 | W8: 3 | X8: 3 | Z8: 113 | AA8: 31 | AB8: 30 | AC8: 97 | AD8: 48 | AE8: 38 | AF8: 30 | AH8: 400 | AI8: 0 | AK8: 110 | AL8: 26 | AM8: 224 | AO8: 58 | AP8: 342 | AR8: 163 | AS8: 238 | AU8: 399 | AV8: 1 | AX8: 43 | AY8: 358 | BA8: 82 | BB8: 154 | BC8: 148 | BD8: 15
B9: Online data storage or file sharing | C9: 0.58310973 | D9: 0.60237966 | E9: 0.53887233 | F9: 0.75313438 | G9: 0.64503282 | H9: 0.49366272 | J9: 0.58637486 | K9: 0.55611497 | L9: 0.49100166 | M9: 0.55540489 | O9: 0.58274328 | P9: 0.72614507 | Q9: 0.54007003 | R9: 0.54294277 | S9: 0.65337941 | T9: 0.51435765 | U9: 0.38537107 | V9: 0.52737187 | W9: 0.22462438 | X9: 0.17168138 | Z9: 0.51878609 | AA9: 0.77168846 | AB9: 0.69563327 | AC9: 0.53749371 | AD9: 0.69570703 | AE9: 0.47553186 | AF9: 0.67299486 | AH9: 0.58310973 | AI9: * | AK9: 0.58506363 | AL9: 0.80164301 | AM9: 0.61903032 | AO9: 0.62200882 | AP9: 0.57647464 | AR9: 0.53668921 | AS9: 0.61482731 | AU9: 0.58316929 | AV9: 0.55540489 | AX9: 0.45934184 | AY9: 0.5978187 | BA9: 0.58265923 | BB9: 0.59055088 | BC9: 0.54726316 | BD9: 0.85757061
B10: Online documents (eg. Google Docs, Microsoft Office 365 etc) | C10: 0.54417555 | D10: 0.56156355 | E10: 0.62478313 | F10: 0.26576662 | G10: 0.58644806 | H10: 0.54501747 | J10: 0.54012216 | K10: 0.59628352 | L10: 0.53949164 | M10: 0.55404746 | O10: 0.46948488 | P10: 0.69879314 | Q10: 0.5894374 | R10: 0.61836114 | S10: 0.45070288 | T10: 0.91126498 | U10: 0.40884435 | V10: 0.83754602 | W10: 0.24336851 | X10: 0.25755589 | Z10: 0.46694035 | AA10: 0.57666645 | AB10: 0.54824413 | AC10: 0.5541139 | AD10: 0.66677975 | AE10: 0.54769753 | AF10: 0.57828932 | AH10: 0.54417555 | AI10: * | AK10: 0.56917728 | AL10: 0.68383866 | AM10: 0.55153945 | AO10: 0.58125233 | AP10: 0.5378513 | AR10: 0.54358609 | AS10: 0.54457831 | AU10: 0.54415433 | AV10: 0.55404746 | AX10: 0.45442014 | AY10: 0.55484237 | BA10: 0.43624705 | BB10: 0.57363444 | BC10: 0.55707055 | BD10: 0.70054321
B11: Online email or messaging | C11: 0.4565887 | D11: 0.47212203 | E11: 0.29282951 | F11: 0.3707307 | G11: 0.59572738 | H11: 0.46581016 | J11: 0.46170258 | K11: 0.39036095 | L11: 0.47802508 | M11: 0.38245677 | O11: 0.45838364 | P11: 0.53612984 | Q11: 0.52061578 | R11: 0.42427573 | S11: 0.3449641 | T11: 0.66409971 | U11: 0.86015431 | V11: 0.45456559 | W11: 0.17884519 | X11: 0.17124261 | Z11: 0.42942461 | AA11: 0.45277912 | AB11: 0.71086649 | AC11: 0.38331723 | AD11: 0.45612215 | AE11: 0.28999412 | AF11: 0.87881986 | AH11: 0.4565887 | AI11: * | AK11: 0.49167805 | AL11: 0.4903949 | AM11: 0.46306374 | AO11: 0.56080495 | AP11: 0.43881234 | AR11: 0.5062446 | AS11: 0.42266049 | AU11: 0.45674805 | AV11: 0.38245677 | AX11: 0.60009798 | AY11: 0.43953359 | BA11: 0.33732584 | BB11: 0.39081086 | BC11: 0.61648209 | BD11: 0.20923868
B12: Disaster Recovery | C12: 0.30217621 | D12: 0.35615769 | E12: 0.26447809 | F12: 0.37224773 | G12: 0.22666506 | H12: 0.31772631 | J12: 0.30357296 | K12: 0.27986242 | L12: 0.32622042 | M12: 0.3319572 | O12: 0.25090683 | P12: 0.45336857 | Q12: 0.29081423 | R12: 0.38864565 | S12: 0.3300875 | T12: 0.24183735 | U12: 0.27001925 | V12: 0.07724508 | W12: 0.1480468 | X12: 0.12232578 | Z12: 0.29703558 | AA12: 0.27092135 | AB12: 0.4409311 | AC12: 0.34072303 | AD12: 0.4154409 | AE12: 0.25967865 | AF12: 0.094356984 | AH12: 0.30217621 | AI12: * | AK12: 0.30212709 | AL12: 0.65223107 | AM12: 0.28466874 | AO12: 0.40104484 | AP12: 0.28531201 | AR12: 0.30971527 | AS12: 0.29702503 | AU12: 0.30211219 | AV12: 0.3319572 | AX12: 0.31161493 | AY12: 0.30105448 | BA12: 0.2196198 | BB12: 0.28058308 | BC12: 0.36595558 | BD12: 0.34399352
B13: Running your business’s internal applications | C13: 0.27496555 | D13: 0.20098428 | E13: 0.23824312 | F13: 0.2538302 | G13: 0.40261836 | H13: 0.26248037 | J13: 0.26720459 | K13: 0.34400738 | L13: 0.4407312 | M13: 0.44459383 | O13: 0.16762692 | P13: 0.25831344 | Q13: 0.39833619 | R13: 0.33697467 | S13: 0.49500308 | T13: 0.30512277 | U13: 0.61400686 | V13: 0.52817497 | W13: 0.79653667 | X13: 0.78477597 | Z13: 0.23632618 | AA13: 0.28875332 | AB13: 0.23330706 | AC13: 0.23752091 | AD13: 0.36055892 | AE13: 0.44771876 | AF13: 0.33681683 | AH13: 0.27496555 | AI13: * | AK13: 0.24858523 | AL13: 0.61104197 | AM13: 0.27322424 | AO13: 0.28286589 | AP13: 0.27361797 | AR13: 0.32397545 | AS13: 0.24147873 | AU13: 0.27460091 | AV13: 0.44459383 | AX13: 0.27950894 | AY13: 0.27442559 | BA13: 0.19949596 | BB13: 0.15715436 | BC13: 0.41974547 | BD13: 0.46308535
B14: Running your business’s external or customer facing applications | C14: 0.24293693 | D14: 0.29070096 | E14: 0.19859383 | F14: 0.32680892 | G14: 0.24911132 | H14: 0.20221303 | J14: 0.23209803 | K14: 0.34115185 | L14: 0.4631068 | M14: 0.47682444 | O14: 0.19706207 | P14: 0.33205266 | Q14: 0.23172621 | R14: 0.14015087 | S14: 0.28431395 | T14: 0.46830173 | U14: 0.19318995 | V14: 0.45335438 | W14: 0.87742802 | X14: 0.89023107 | Z14: 0.21278843 | AA14: 0.26952872 | AB14: 0.51984219 | AC14: 0.20452164 | AD14: 0.28080183 | AE14: 0.34235374 | AF14: 0.022056269 | AH14: 0.24293693 | AI14: * | AK14: 0.29617683 | AL14: 0.47448499 | AM14: 0.21306744 | AO14: 0.38434436 | AP14: 0.21881681 | AR14: 0.27291842 | AS14: 0.22245158 | AU14: 0.24243416 | AV14: 0.47682444 | AX14: 0.31717882 | AY14: 0.23411378 | BA14: 0.15541489 | BB14: 0.18573745 | BC14: 0.34909954 | BD14: 0.25941589
B15: Distributing or receiving data from external customers | C15: 0.21405452 | D15: 0.14444947 | E15: 0.20723622 | F15: 0.15958817 | G15: 0.33766634 | H15: 0.19500474 | J15: 0.20468677 | K15: 0.29948165 | L15: 0.40247926 | M15: 0.40738699 | O15: 0.16328891 | P15: 0.22415906 | Q15: 0.24463193 | R15: 0.27423168 | S15: 0.44185785 | T15: 0.27920068 | U15: 0.22936176 | V15: 0.1464805 | W15: 0.045886702 | X15: 0.12454075 | Z15: 0.17677252 | AA15: 0.17820453 | AB15: 0.315109 | AC15: 0.2864879 | AD15: 0.23049046 | AE15: 0.18068688 | AF15: 0.030466929 | AH15: 0.21405452 | AI15: * | AK15: 0.30416827 | AL15: 0.51663 | AM15: 0.15211159 | AO15: 0.42649052 | AP15: 0.17781893 | AR15: 0.18856139 | AS15: 0.23147311 | AU15: 0.21363893 | AV15: 0.40738699 | AX15: 0.33882644 | AY15: 0.19922623 | BA15: 0.2282972 | BB15: 0.10075508 | BC15: 0.32100159 | BD15: 0.24282565
B16: Big Data analysis | C16: 0.13577633 | D16: 0.13652668 | E16: 0.15136611 | F16: 0.30931882 | G16: 0.098318897 | H16: 0.097021356 | J16: 0.12807475 | K16: 0.20938939 | L16: 0.25876846 | M16: 0.34189499 | O16: 0.14646551 | P16: 0.16099804 | Q16: 0.1244267 | R16: 0.060344679 | S16: 0.14336446 | T16: 0.2730628 | U16: 0.14271393 | V16: 0.4854475 | W16: 0.026344941 | X16: 0.13869539 | Z16: 0.05439203 | AA16: 0.19713114 | AB16: 0.34123383 | AC16: 0.23349127 | AD16: 0.12258334 | AE16: 0.030394336 | AF16: 0.070983281 | AH16: 0.13577633 | AI16: * | AK16: 0.16353447 | AL16: 0.28885485 | AM16: 0.11746855 | AO16: 0.30748246 | AP16: 0.10648811 | AR16: 0.15352046 | AS16: 0.12365236 | AU16: 0.13533326 | AV16: 0.34189499 | AX16: 0.18833433 | AY16: 0.12953017 | BA16: 0.11183589 | BB16: 0.092402981 | BC16: 0.18166495 | BD16: 0.25620914
B17: Monitoring key metrics | C17: 0.12363257 | D17: 0.13720396 | E17: 0.21850856 | F17: 0.010950036 | G17: 0.037538296 | H17: 0.15918949 | J17: 0.12112059 | K17: 0.14333856 | L17: 0.15515156 | M17: 0.37801839 | O17: 0.11150832 | P17: 0.077735147 | Q17: 0.11254462 | R17: 0.17813227 | S17: 0.1933401 | T17: 0.041043331 | U17: 0.4860427 | V17: 0.12936797 | W17: 0.045725257 | X17: 0.68664198 | Z17: 0.088075933 | AA17: 0.22501018 | AB17: 0.18329539 | AC17: 0.10510686 | AD17: 0.056812962 | AE17: 0.13064951 | AF17: 0.23811683 | AH17: 0.12363257 | AI17: * | AK17: 0.1620654 | AL17: 0.19317317 | AM17: 0.10987895 | AO17: 0.21996412 | AP17: 0.10720113 | AR17: 0.16355297 | AS17: 0.096356305 | AU17: 0.12308574 | AV17: 0.37801839 | AX17: 0.19397657 | AY17: 0.11527266 | BA17: 0.057162 | BB17: 0.089853318 | BC17: 0.16777375 | BD17: 0.39204207
B18: Artificial Intelligence and/or machine learning | C18: 0.076793652 | D18: 0.098677451 | E18: 0.086649775 | F18: 0.021687815 | G18: 0.061506666 | H18: 0.084605484 | J18: 0.072756185 | K18: 0.086985111 | L18: 0.2866918 | M18: 0.40483499 | O18: 0.098189546 | P18: 0.0082510848 | Q18: 0.055461814 | R18: 0.046381914 | S18: 0.092511842 | T18: 0.022827645 | U18: 0.036232863 | V18: 0.49988193 | W18: 0.74658295 | X18: 0.085821802 | Z18: 0.059083118 | AA18: 0.0011680933 | AB18: 0.32964601 | AC18: 0.060228536 | AD18: 0.0076139193 | AE18: 0.13635567 | AF18: 0.0023251289 | AH18: 0.076793652 | AI18: * | AK18: 0.093929853 | AL18: 0.28614733 | AM18: 0.058069357 | AO18: 0.20769906 | AP18: 0.054464881 | AR18: 0.088965929 | AS18: 0.068476745 | AU18: 0.076088496 | AV18: 0.40483499 | AX18: 0.12559329 | AY18: 0.070994146 | BA18: 0.027816945 | BB18: 0.03294989 | BC18: 0.1280431 | BD18: 0.28406002
... B20: Other (please specify) | C20: 0.017761296 | D20: 0.0023310077 | E20: 0 | F20: 0 | G20: 0.02901097 | H20: 0.036671497 | J20: 0.018708893 | K20: 0.0069588185 | L20: 0.012743505 | M20: 0 | O20: 0.015450805 | P20: 0 | Q20: 0.0013347011 | R20: 0.037987687 | S20: 0.080489329 | T20: 0.01644236 | U20: 0 | V20: 0 | W20: 0 | X20: 0 | Z20: 0.041429439 | AA20: 0 | AB20: 0 | AC20: 0 | AD20: 0.0011484808 | AE20: 0.057293797 | AF20: 0.0067514165 | AH20: 0.017761296 | AI20: * | AK20: 0.023600259 | AL20: 0 | AM20: 0.020134761 | AO20: 0 | AP20: 0.020790872 | AR20: 0 | AS20: 0.02989699 | AU20: 0.017799475 | AV20: 0 | AX20: 0.11049757 | AY20: 0.0067402195 | BA20: 0.026267669 | BB20: 0.030790769 | BC20: 0.0013463289 | BD20: 0
B21: BASE: Cloud User
B22: Fieldwork: 22nd Apr - 26th Apr 2022
B23: Data weighted by business size and region to Nationally Representative proportions
B25: =HYPERLINK("#'Contents'!A1", "Return to Contents") -> Return to Contents

Sheet Table 4
D2: Which, if any, of the following best describes how you use cloud services?Please select all that apply
D5: Region of Italy | J5: Number of Employees | O5: Annual Revenue | Z5: Revenue Change | AH5: Cloud User | AK5: Type of Cloud | AO5: AWS User | AR5: Woman-owned Business | AU5: Grouped Employee Count | AX5: Tech Adoption | BA5: Digital Intensity
C6: Total | D6: Centre | E6: South | F6: Islands | G6: North East | H6: North West | J6: 1-9 | K6: 10-49 | L6: 50-249 | M6: 250+ | O6: Under EUR 85,000 | P6: EUR 85,001 to EUR 250,000 | Q6: EUR 250,001 to EUR 500,000 | R6: EUR 500,001 to EUR 1 million | S6: EUR 1 million to EUR 2 million | T6: EUR 2 million to EUR 5 million | U6: EUR 5 million to EUR 10 million | V6: EUR 10 million to EUR 20 million | W6: EUR 20 million to EUR 50 million | X6: Over EUR 50 million | Z6: Declined by 10%+ | AA6: Declined by 6-10% | AB6: Declined by 0-5% | AC6: Stayed about the same size | AD6: Grown by 0-5% | AE6: Grown by 6-10% | AF6: Grown by 10%+ | AH6: Yes | AI6: No | AK6: IaaS / PaaS | AL6: Both | AM6: SaaS | AO6: Yes | AP6: No | AR6: Yes | AS6: No | AU6: Less than 250 employees | AV6: 250+ employees | AX6: Early adopter | AY6: Not early adopter | BA6: Low | BB6: Medium | BC6: High | BD6: Very High
B7: Unweighted | C7: 612 | D7: 139 | E7: 101 | F7: 48 | G7: 101 | H7: 223 | J7: 160 | K7: 128 | L7: 73 | M7: 251 | O7: 86 | P7: 33 | Q7: 44 | R7: 66 | S7: 66 | T7: 38 | U7: 42 | V7: 58 | W7: 60 | X7: 85 | Z7: 94 | AA7: 57 | AB7: 69 | AC7: 139 | AD7: 90 | AE7: 84 | AF7: 63 | AH7: 612 | AI7: 0 | AK7: 200 | AL7: 100 | AM7: 284 | AO7: 130 | AP7: 482 | AR7: 193 | AS7: 419 | AU7: 361 | AV7: 251 | AX7: 145 | AY7: 467 | BA7: 73 | BB7: 131 | BC7: 338 | BD7: 70
B8: Weighted | C8: 400 | D8: 86 | E8: 69 | F8: 39 | G8: 88 | H8: 119 | J8: 366 | K8: 29 | L8: 4 | M8: 1 | O8: 165 | P8: 57 | Q8: 41 | R8: 57 | S8: 27 | T8: 12 | U8: 6 | V8: 7 | W8: 3 | X8: 3 | Z8: 113 | AA8: 31 | AB8: 30 | AC8: 97 | AD8: 48 | AE8: 38 | AF8: 30 | AH8: 400 | AI8: 0 | AK8: 110 | AL8: 26 | AM8: 224 | AO8: 58 | AP8: 342 | AR8: 163 | AS8: 238 | AU8: 399 | AV8: 1 | AX8: 43 | AY8: 358 | BA8: 82 | BB8: 154 | BC8: 148 | BD8: 15
B9: <strong>Through online apps or services run by other companies. </strong>This is commonly known as Software as a Service (SaaS). Examples of SaaS services include Microsoft Office 365, Google Docs, Slack or Zoom. | C9: 0.62447325 | D9: 0.53028256 | E9: 0.66401904 | F9: 0.67848131 | G9: 0.6361907 | H9: 0.64314555 | J9: 0.62794958 | K9: 0.56663007 | L9: 0.71167265 | M9: 0.63842171 | O9: 0.63787127 | P9: 0.6741291 | Q9: 0.63287095 | R9: 0.53612584 | S9: 0.55284852 | T9: 0.71335969 | U9: 0.82538924 | V9: 0.81871405 | W9: 0.27507184 | X9: 0.3010697 | Z9: 0.66421087 | AA9: 0.54059059 | AB9: 0.65261488 | AC9: 0.60222359 | AD9: 0.67899761 | AE9: 0.55737475 | AF9: 0.65735133 | AH9: 0.62447325 | AI9: * | AK9: 0 | AL9: 1 | AM9: 1 | AO9: 0.25322782 | AP9: 0.68779725 | AR9: 0.63812404 | AS9: 0.61514613 | AU9: 0.62444327 | AV9: 0.63842171 | AX9: 0.45226157 | AY9: 0.64493944 | BA9: 0.59719112 | BB9: 0.67833007 | BC9: 0.5726609 | BD9: 0.73000417
B10: <strong>As a replacement or complement for your own on-site servers or IT infrastructure, or as underlying computing infrastructure for your own applications or services.</strong> This is commonly known as Infrastructure as a Service (IaaS) or Platform as a Service (PaaS). Examples of IaaS and PaaS services include Amazon Web Services or Microsoft Azure. | C10: 0.33936648 | D10: 0.4187638 | E10: 0.23446479 | F10: 0.32890778 | G10: 0.39745345 | H10: 0.30354197 | J10: 0.33056133 | K10: 0.43006771 | L10: 0.4239134 | M10: 0.6377366 | O10: 0.29487188 | P10: 0.4212826 | Q10: 0.37242794 | R10: 0.42635001 | S10: 0.36391549 | T10: 0.27633647 | U10: 0.19383288 | V10: 0.21880098 | W10: 0.75189373 | X10: 0.76142234 | Z10: 0.21617101 | AA10: 0.45240304 | AB10: 0.42867092 | AC10: 0.39487937 | AD10: 0.38780976 | AE10: 0.39703724 | AF10: 0.35238918 | AH10: 0.33936648 | AI10: * | AK10: 1 | AL10: 1 | AM10: 0 | AO10: 1 | AP10: 0.22668104 | AR10: 0.37625726 | AS10: 0.31416026 | AU10: 0.33872511 | AV10: 0.6377366 | AX10: 0.62102167 | AY10: 0.30589368 | BA10: 0.34123379 | BB10: 0.21687571 | BC10: 0.45266329 | BD10: 0.46539575
B11: Don't Know | C11: 0.10067289 | D11: 0.10201293 | E11: 0.1777754 | F11: 0 | G11: 0.08703291 | H11: 0.098093346 | J11: 0.10522672 | K11: 0.058541168 | L11: 0.012743505 | M11: 0.0084871753 | O11: 0.11031537 | P11: 0.035692316 | Q11: 0.11641256 | R11: 0.091421829 | S11: 0.085978893 | T11: 0.01644236 | U11: 0.034923373 | V11: 0 | W11: 0 | X11: 0 | Z11: 0.12550817 | AA11: 0.0076186145 | AB11: 0.15804299 | AC11: 0.12645788 | AD11: 0.042586605 | AE11: 0.055579294 | AF11: 0 | AH11: 0.10067289 | AI11: * | AK11: 0 | AL11: 0 | AM11: 0 | AO11: 0 | AP11: 0.11784484 | AR11: 0.10523406 | AS11: 0.097556398 | AU11: 0.10087105 | AV11: 0.0084871753 | AX11: 0.059775877 | AY11: 0.10553322 | BA11: 0.1152873 | BB11: 0.14999261 | BC11: 0.05171709 | BD11: 0
B12: BASE: Cloud User
B13: Fieldwork: 22nd Apr - 26th Apr 2022
B14: Data weighted by business size and region to Nationally Representative proportions
B16: =HYPERLINK("#'Contents'!A1", "Return to Contents") -> Return to Contents

Sheet Table 5
D2: Besides cloud computing and personal computers for your staff, does your company own any centralised computers, servers, on-premises computing or data centres of its own?
D5: Region of Italy | J5: Number of Employees | O5: Annual Revenue | Z5: Revenue Change | AH5: Cloud User | AK5: Type of Cloud | AO5: AWS User | AR5: Woman-owned Business | AU5: Grouped Employee Count | AX5: Tech Adoption | BA5: Digital Intensity
C6: Total | D6: Centre | E6: South | F6: Islands | G6: North East | H6: North West | J6: 1-9 | K6: 10-49 | L6: 50-249 | M6: 250+ | O6: Under EUR 85,000 | P6: EUR 85,001 to EUR 250,000 | Q6: EUR 250,001 to EUR 500,000 | R6: EUR 500,001 to EUR 1 million | S6: EUR 1 million to EUR 2 million | T6: EUR 2 million to EUR 5 million | U6: EUR 5 million to EUR 10 million | V6: EUR 10 million to EUR 20 million | W6: EUR 20 million to EUR 50 million | X6: Over EUR 50 million | Z6: Declined by 10%+ | AA6: Declined by 6-10% | AB6: Declined by 0-5% | AC6: Stayed about the same size | AD6: Grown by 0-5% | AE6: Grown by 6-10% | AF6: Grown by 10%+ | AH6: Yes | AI6: No | AK6: IaaS / PaaS | AL6: Both | AM6: SaaS | AO6: Yes | AP6: No | AR6: Yes | AS6: No | AU6: Less than 250 employees | AV6: 250+ employees | AX6: Early adopter | AY6: Not early adopter | BA6: Low | BB6: Medium | BC6: High | BD6: Very High
B7: Unweighted | C7: 612 | D7: 139 | E7: 101 | F7: 48 | G7: 101 | H7: 223 | J7: 160 | K7: 128 | L7: 73 | M7: 251 | O7: 86 | P7: 33 | Q7: 44 | R7: 66 | S7: 66 | T7: 38 | U7: 42 | V7: 58 | W7: 60 | X7: 85 | Z7: 94 | AA7: 57 | AB7: 69 | AC7: 139 | AD7: 90 | AE7: 84 | AF7: 63 | AH7: 612 | AI7: 0 | AK7: 200 | AL7: 100 | AM7: 284 | AO7: 130 | AP7: 482 | AR7: 193 | AS7: 419 | AU7: 361 | AV7: 251 | AX7: 145 | AY7: 467 | BA7: 73 | BB7: 131 | BC7: 338 | BD7: 70
B8: Weighted | C8: 400 | D8: 86 | E8: 69 | F8: 39 | G8: 88 | H8: 119 | J8: 366 | K8: 29 | L8: 4 | M8: 1 | O8: 165 | P8: 57 | Q8: 41 | R8: 57 | S8: 27 | T8: 12 | U8: 6 | V8: 7 | W8: 3 | X8: 3 | Z8: 113 | AA8: 31 | AB8: 30 | AC8: 97 | AD8: 48 | AE8: 38 | AF8: 30 | AH8: 400 | AI8: 0 | AK8: 110 | AL8: 26 | AM8: 224 | AO8: 58 | AP8: 342 | AR8: 163 | AS8: 238 | AU8: 399 | AV8: 1 | AX8: 43 | AY8: 358 | BA8: 82 | BB8: 154 | BC8: 148 | BD8: 15
B9: Yes | C9: 0.7465506 | D9: 0.77323169 | E9: 0.70216733 | F9: 0.86000078 | G9: 0.72738207 | H9: 0.72999487 | J9: 0.73786882 | K9: 0.82319071 | L9: 0.93482285 | M9: 0.94190607 | O9: 0.63518264 | P9: 0.90056171 | Q9: 0.81379962 | R9: 0.70291783 | S9: 0.95008576 | T9: 0.99497204 | U9: 0.96453622 | V9: 1 | W9: 0.99768076 | X9: 0.99554936 | Z9: 0.77628082 | AA9: 0.83338765 | AB9: 0.73413433 | AC9: 0.74727224 | AD9: 0.749409 | AE9: 0.73728356 | AF9: 0.76016715 | AH9: 0.7465506 | AI9: * | AK9: 0.79598958 | AL9: 0.82460989 | AM9: 0.74326758 | AO9: 0.79948936 | AP9: 0.73752074 | AR9: 0.7044759 | AS9: 0.77529882 | AU9: 0.74613066 | AV9: 0.94190607 | AX9: 0.92231361 | AY9: 0.72566236 | BA9: 0.74541217 | BB9: 0.70842165 | BC9: 0.76356614 | BD9: 0.97162213
B10: No | C10: 0.21853172 | D10: 0.15543124 | E10: 0.2237194 | F10: 0.13999922 | G10: 0.24360696 | H10: 0.26820103 | J10: 0.225416 | K10: 0.16124539 | L10: 0.050997856 | M10: 0.03858767 | O10: 0.36481736 | P10: 0.05078215 | Q10: 0.18620038 | R10: 0.18943253 | S10: 0.049778251 | T10: 0 | U10: 0.035463779 | V10: 0 | W10: 0.0012546397 | X10: 0.0034797527 | Z10: 0.18725252 | AA10: 0.15899373 | AB10: 0.26586567 | AC10: 0.22641998 | AD10: 0.25051483 | AE10: 0.14467849 | AF10: 0.23983285 | AH10: 0.21853172 | AI10: * | AK10: 0.16239357 | AL10: 0.17524902 | AM10: 0.23557304 | AO10: 0.20044818 | AP10: 0.22161626 | AR10: 0.24887407 | AS10: 0.19779981 | AU10: 0.21891853 | AV10: 0.03858767 | AX10: 0.077609377 | AY10: 0.23527938 | BA10: 0.17940588 | BB10: 0.27461927 | BC10: 0.2030873 | BD10: 0.01302978
B11: Don't know | C11: 0.034917682 | D11: 0.071337069 | E11: 0.074113268 | F11: 0 | G11: 0.02901097 | H11: 0.0018040969 | J11: 0.036715183 | K11: 0.015563897 | L11: 0.014179293 | M11: 0.019506258 | O11: 0 | P11: 0.048656137 | Q11: 0 | R11: 0.10764964 | S11: 0.00013598676 | T11: 0.0050279555 | U11: 0 | V11: 0 | W11: 0.0010646008 | X11: 0.00097088334 | Z11: 0.036466658 | AA11: 0.0076186145 | AB11: 0 | AC11: 0.026307781 | AD11: 7.6169814e-05 | AE11: 0.11803795 | AF11: 0 | AH11: 0.034917682 | AI11: * | AK11: 0.041616847 | AL11: 0.00014109528 | AM11: 0.021159376 | AO11: 6.2466624e-05 | AP11: 0.040862998 | AR11: 0.046650031 | AS11: 0.026901363 | AU11: 0.03495081 | AV11: 0.019506258 | AX11: 7.7016961e-05 | AY11: 0.039058258 | BA11: 0.075181946 | BB11: 0.016959085 | BC11: 0.033346556 | BD11: 0.015348089
B12: BASE: Cloud User
B13: Fieldwork: 22nd Apr - 26th Apr 2022
B14: Data weighted by business size and region to Nationally Representative proportions
B16: =HYPERLINK("#'Contents'!A1", "Return to Contents") -> Return to Contents

Sheet Table 6
D2: Does your business operate in any of the following sectors?Please select all that apply
D5: Region of Italy | J5: Number of Employees | O5: Annual Revenue | Z5: Revenue Change | AH5: Cloud User | AK5: Type of Cloud | AO5: AWS User | AR5: Woman-owned Business | AU5: Grouped Employee Count | AX5: Tech Adoption | BA5: Digital Intensity
C6: Total | D6: Centre | E6: South | F6: Islands | G6: North East | H6: North West | J6: 1-9 | K6: 10-49 | L6: 50-249 | M6: 250+ | O6: Under EUR 85,000 | P6: EUR 85,001 to EUR 250,000 | Q6: EUR 250,001 to EUR 500,000 | R6: EUR 500,001 to EUR 1 million | S6: EUR 1 million to EUR 2 million | T6: EUR 2 million to EUR 5 million | U6: EUR 5 million to EUR 10 million | V6: EUR 10 million to EUR 20 million | W6: EUR 20 million to EUR 50 million | X6: Over EUR 50 million | Z6: Declined by 10%+ | AA6: Declined by 6-10% | AB6: Declined by 0-5% | AC6: Stayed about the same size | AD6: Grown by 0-5% | AE6: Grown by 6-10% | AF6: Grown by 10%+ | AH6: Yes | AI6: No | AK6: IaaS / PaaS | AL6: Both | AM6: SaaS | AO6: Yes | AP6: No | AR6: Yes | AS6: No | AU6: Less than 250 employees | AV6: 250+ employees | AX6: Early adopter | AY6: Not early adopter | BA6: Low | BB6: Medium | BC6: High | BD6: Very High
B7: Unweighted | C7: 1018 | D7: 240 | E7: 171 | F7: 75 | G7: 180 | H7: 352 | J7: 422 | K7: 205 | L7: 103 | M7: 288 | O7: 233 | P7: 82 | Q7: 77 | R7: 95 | S7: 83 | T7: 67 | U7: 52 | V7: 70 | W7: 64 | X7: 103 | Z7: 207 | AA7: 81 | AB7: 93 | AC7: 235 | AD7: 138 | AE7: 114 | AF7: 98 | AH7: 612 | AI7: 406 | AK7: 200 | AL7: 100 | AM7: 284 | AO7: 130 | AP7: 888 | AR7: 323 | AS7: 695 | AU7: 730 | AV7: 288 | AX7: 169 | AY7: 849 | BA7: 231 | BB7: 306 | BC7: 408 | BD7: 73
B8: Weighted | C8: 1018 | D8: 221 | E8: 203 | F8: 87 | G8: 212 | H8: 295 | J8: 965 | K8: 46 | L8: 6 | M8: 1 | O8: 493 | P8: 157 | Q8: 98 | R8: 89 | S8: 38 | T8: 35 | U8: 8 | V8: 8 | W8: 3 | X8: 4 | Z8: 325 | AA8: 69 | AB8: 53 | AC8: 249 | AD8: 109 | AE8: 84 | AF8: 85 | AH8: 400 | AI8: 618 | AK8: 110 | AL8: 26 | AM8: 224 | AO8: 58 | AP8: 960 | AR8: 384 | AS8: 634 | AU8: 1017 | AV8: 1 | AX8: 69 | AY8: 949 | BA8: 341 | BB8: 440 | BC8: 219 | BD8: 18
B9: Retail | C9: 0.20750463 | D9: 0.17451644 | E9: 0.21695582 | F9: 0.17213477 | G9: 0.2019769 | H9: 0.2401177 | J9: 0.21055016 | K9: 0.1546336 | L9: 0.13170835 | M9: 0.15724497 | O9: 0.19659249 | P9: 0.26097749 | Q9: 0.30436373 | R9: 0.17252299 | S9: 0.071784264 | T9: 0.17933897 | U9: 0.12310539 | V9: 0.040110809 | W9: 0.10861864 | X9: 0.058192916 | Z9: 0.19323677 | AA9: 0.27457403 | AB9: 0.1648069 | AC9: 0.25141044 | AD9: 0.1631167 | AE9: 0.13214536 | AF9: 0.2146454 | AH9: 0.19045232 | AI9: 0.21855738 | AK9: 0.13624793 | AL9: 0.21440359 | AM9: 0.22574307 | AO9: 0.22680562 | AP9: 0.20633135 | AR9: 0.22900222 | AS9: 0.19447878 | AU9: 0.20755334 | AV9: 0.15724497 | AX9: 0.2203319 | AY9: 0.20657663 | BA9: 0.17577088 | BB9: 0.22204981 | BC9: 0.2305274 | BD9: 0.17243693
B10: Technology | C10: 0.11370714 | D10: 0.12717933 | E10: 0.16379703 | F10: 0.14334599 | G10: 0.092431509 | H10: 0.07569444 | J10: 0.10962077 | K10: 0.17278645 | L10: 0.29068016 | M10: 0.27141929 | O10: 0.13420146 | P10: 0.080909257 | Q10: 0.056488288 | R10: 0.19741274 | S10: 0.085863783 | T10: 0.020302628 | U10: 0.098037259 | V10: 0.40236924 | W10: 0.055575836 | X10: 0.065498678 | Z10: 0.086480025 | AA10: 0.087245272 | AB10: 0.24253797 | AC10: 0.11200602 | AD10: 0.1411043 | AE10: 0.17929106 | AF10: 0.046684801 | AH10: 0.17538586 | AI10: 0.073729023 | AK10: 0.19372548 | AL10: 0.31203334 | AM10: 0.1601283 | AO10: 0.14952961 | AP10: 0.11152953 | AR10: 0.060764602 | AS10: 0.14578616 | AU10: 0.1135543 | AV10: 0.27141929 | AX10: 0.31175412 | AY10: 0.099379255 | BA10: 0.069946447 | BB10: 0.13195238 | BC10: 0.13523988 | BD10: 0.23412168
B11: Manufacturing | C11: 0.070242691 | D11: 0.051007556 | E11: 0.045722905 | F11: 0.040750046 | G11: 0.098979862 | H11: 0.089571713 | J11: 0.06163005 | K11: 0.23197671 | L11: 0.19360248 | M11: 0.20213916 | O11: 0.042061004 | P11: 0.06351883 | Q11: 0.13996898 | R11: 0.071683182 | S11: 0.11839096 | T11: 0.26916227 | U11: 0.23549775 | V11: 0.190808 | W11: 0.036756941 | X11: 0.069840942 | Z11: 0.033953292 | AA11: 0.013391076 | AB11: 0.068506685 | AC11: 0.086710665 | AD11: 0.074325794 | AE11: 0.1331571 | AF11: 0.099856929 | AH11: 0.077589043 | AI11: 0.065481028 | AK11: 0.039213035 | AL11: 0.036457785 | AM11: 0.083650873 | AO11: 0.005319025 | AP11: 0.074189326 | AR11: 0.060759884 | AS11: 0.075988528 | AU11: 0.070114869 | AV11: 0.20213916 | AX11: 0.061085473 | AY11: 0.070905179 | BA11: 0.063569987 | BB11: 0.062434396 | BC11: 0.098364445 | BD11: 0.044816653
B12: Media & Entertainment | C12: 0.05369355 | D12: 0.084623093 | E12: 0.039549495 | F12: 0.0046658616 | G12: 0.038360345 | H12: 0.065733764 | J12: 0.052246696 | K12: 0.082438518 | L12: 0.068760492 | M12: 0.037186597 | O12: 0.077312706 | P12: 0.043997836 | Q12: 0.0028247812 | R12: 0.0099107256 | S12: 0.013906413 | T12: 0.059379547 | U12: 0 | V12: 0.12751829 | W12: 0.084951238 | X12: 0.06250507 | Z12: 0.058192872 | AA12: 0.02956341 | AB12: 0.05446637 | AC12: 0.067211549 | AD12: 0.062136889 | AE12: 0.057666648 | AF12: 0.005138802 | AH12: 0.054493003 | AI12: 0.053175371 | AK12: 0.01331666 | AL12: 0.11837738 | AM12: 0.065802226 | AO12: 0.057169815 | AP12: 0.053482232 | AR12: 0.049917792 | AS12: 0.055981363 | AU12: 0.053709547 | AV12: 0.037186597 | AX12: 0.010774562 | AY12: 0.056798563 | BA12: 0.027879189 | BB12: 0.079835405 | BC12: 0.028406674 | BD12: 0.21169871
B13: Financial services | C13: 0.052284597 | D13: 0.048984171 | E13: 0.039940414 | F13: 0.067310737 | G13: 0.065304896 | H13: 0.049463192 | J13: 0.050242881 | K13: 0.079222477 | L13: 0.14504845 | M13: 0.22472758 | O13: 0.039652778 | P13: 0.042235432 | Q13: 0.048727274 | R13: 0.090868401 | S13: 0.017031139 | T13: 0.20974716 | U13: 0.085467462 | V13: 0.37586092 | W13: 0.046646025 | X13: 0.027853445 | Z13: 0.024782663 | AA13: 0.078678477 | AB13: 0.19182799 | AC13: 0.05904143 | AD13: 0.023942408 | AE13: 0.064008469 | AF13: 0.079526534 | AH13: 0.086624846 | AI13: 0.030026378 | AK13: 0.069456836 | AL13: 0.12158078 | AM13: 0.10659834 | AO13: 0.007587541 | AP13: 0.055001679 | AR13: 0.040004338 | AS13: 0.05972547 | AU13: 0.05211748 | AV13: 0.22472758 | AX13: 0.0079645757 | AY13: 0.055490968 | BA13: 0.045528171 | BB13: 0.046327084 | BC13: 0.073503786 | BD13: 0.067310163
B14: Health | C14: 0.040950731 | D14: 0.050702715 | E14: 0.030384436 | F14: 0.1009784 | G14: 0.049784921 | H14: 0.016864336 | J14: 0.039002872 | K14: 0.078237309 | L14: 0.063079734 | M14: 0.073228969 | O14: 0.045145039 | P14: 0.019134193 | Q14: 0 | R14: 0.056622835 | S14: 0.13419437 | T14: 0.1501311 | U14: 0.033145733 | V14: 0.031978167 | W14: 0.0030703615 | X14: 0.022898525 | Z14: 0.0085866764 | AA14: 0.0029484951 | AB14: 0.00015537919 | AC14: 0.068135831 | AD14: 0.075707852 | AE14: 0.089516995 | AF14: 0.035212786 | AH14: 0.046226296 | AI14: 0.037531283 | AK14: 0.061918682 | AL14: 0.031916651 | AM14: 0.047591372 | AO14: 0.03802141 | AP14: 0.041128801 | AR14: 0.060300083 | AS14: 0.029226542 | AU14: 0.04091945 | AV14: 0.073228969 | AX14: 0.019199697 | AY14: 0.042524329 | BA14: 0.039656633 | BB14: 0.039724628 | BC14: 0.037228999 | BD14: 0.14077458
B15: Telecommunications | C15: 0.031002376 | D15: 0.048251629 | E15: 0.040506837 | F15: 0.015474222 | G15: 0.012063089 | H15: 0.029729793 | J15: 0.029592425 | K15: 0.047325259 | L15: 0.12292089 | M15: 0.085097062 | O15: 0.028615023 | P15: 0.032317962 | Q15: 0.0011877907 | R15: 0.082758043 | S15: 0.0036651761 | T15: 0.0038788115 | U15: 0.0085015753 | V15: 0.0011472348 | W15: 0.020707779 | X15: 0.0074530789 | Z15: 0.035845676 | AA15: 0.069246059 | AB15: 0.05696375 | AC15: 0.0085126509 | AD15: 0.04458007 | AE15: 0.032097228 | AF15: 0.0032555551 | AH15: 0.034753317 | AI15: 0.02857114 | AK15: 0.0074245798 | AL15: 0.11729263 | AM15: 0.044906349 | AO15: 0.0091705416 | AP15: 0.032329508 | AR15: 0.038262809 | AS15: 0.026603124 | AU15: 0.030949952 | AV15: 0.085097062 | AX15: 0.048531484 | AY15: 0.029734217 | BA15: 0.0074807995 | BB15: 0.03497419 | BC15: 0.060889537 | BD15: 0.015213625
B16: Automotive | C16: 0.010934532 | D16: 0.022989418 | E16: 0.01416043 | F16: 0.0031662985 | G16: 0.012332118 | H16: 0.00097033089 | J16: 0.0093438082 | K16: 0.042415424 | L16: 0.019751397 | M16: 0.046135183 | O16: 0.0058327953 | P16: 0.016833871 | Q16: 0.00056222301 | R16: 0.032258518 | S16: 0.00010278233 | T16: 9.3079998e-05 | U16: 0.026671491 | V16: 0.026161776 | W16: 0.0010427088 | X16: 0.0056741263 | Z16: 0.0082095141 | AA16: 0.0029484951 | AB16: 0.064620001 | AC16: 0.00034801293 | AD16: 0 | AE16: 0.027265793 | AF16: 0.0024259457 | AH16: 0.026614654 | AI16: 0.00077119235 | AK16: 0.0037618627 | AL16: 0.022112747 | AM16: 0.043135427 | AO16: 0.00016842386 | AP16: 0.011588991 | AR16: 0.0077692967 | AS16: 0.012852416 | AU16: 0.010900418 | AV16: 0.046135183 | AX16: 0.010438241 | AY16: 0.010970436 | BA16: 0.0071854635 | BB16: 0.0049037446 | BC16: 0.016925112 | BD16: 0.15635001
B17: None of the above | C17: 0.5065491 | D17: 0.53936532 | E17: 0.46285277 | F17: 0.55219464 | G17: 0.49334577 | H17: 0.50806066 | J17: 0.51583203 | K17: 0.35152224 | L17: 0.25640847 | M17: 0.18514957 | O17: 0.51170971 | P17: 0.53747231 | Q17: 0.47357996 | R17: 0.42895457 | S17: 0.58137042 | T17: 0.11374718 | U17: 0.48796682 | V17: 0.045915137 | W17: 0.71191855 | X17: 0.7045568 | Z17: 0.60314956 | AA17: 0.44917013 | AB17: 0.3795774 | AC17: 0.42469847 | AD17: 0.51141436 | AE17: 0.46830052 | AF17: 0.54813063 | AH17: 0.43735998 | AI17: 0.55139521 | AK17: 0.54580028 | AL17: 0.2548984 | AM17: 0.39253384 | AO17: 0.53723671 | AP17: 0.50468363 | AR17: 0.52702922 | AS17: 0.49413975 | AU17: 0.50686057 | AV17: 0.18514957 | AX17: 0.44338451 | AY17: 0.5111188 | BA17: 0.61061676 | BB17: 0.48517428 | BC17: 0.41793836 | BD17: 0.13784602
B19: Fieldwork: 22nd Apr - 26th Apr 2022
B20: Data weighted by business size and region to Nationally Representative proportions
B22: =HYPERLINK("#'Contents'!A1", "Return to Contents") -> Return to Contents

Sheet Table 7
D2: And more specifically, which one of the following sectors would you say is the best description for your business ?
D5: Region of Italy | J5: Number of Employees | O5: Annual Revenue | Z5: Revenue Change | AH5: Cloud User | AK5: Type of Cloud | AO5: AWS User | AR5: Woman-owned Business | AU5: Grouped Employee Count | AX5: Tech Adoption | BA5: Digital Intensity
C6: Total | D6: Centre | E6: South | F6: Islands | G6: North East | H6: North West | J6: 1-9 | K6: 10-49 | L6: 50-249 | M6: 250+ | O6: Under EUR 85,000 | P6: EUR 85,001 to EUR 250,000 | Q6: EUR 250,001 to EUR 500,000 | R6: EUR 500,001 to EUR 1 million | S6: EUR 1 million to EUR 2 million | T6: EUR 2 million to EUR 5 million | U6: EUR 5 million to EUR 10 million | V6: EUR 10 million to EUR 20 million | W6: EUR 20 million to EUR 50 million | X6: Over EUR 50 million | Z6: Declined by 10%+ | AA6: Declined by 6-10% | AB6: Declined by 0-5% | AC6: Stayed about the same size | AD6: Grown by 0-5% | AE6: Grown by 6-10% | AF6: Grown by 10%+ | AH6: Yes | AI6: No | AK6: IaaS / PaaS | AL6: Both | AM6: SaaS | AO6: Yes | AP6: No | AR6: Yes | AS6: No | AU6: Less than 250 employees | AV6: 250+ employees | AX6: Early adopter | AY6: Not early adopter | BA6: Low | BB6: Medium | BC6: High | BD6: Very High
B7: Unweighted | C7: 1018 | D7: 240 | E7: 171 | F7: 75 | G7: 180 | H7: 352 | J7: 422 | K7: 205 | L7: 103 | M7: 288 | O7: 233 | P7: 82 | Q7: 77 | R7: 95 | S7: 83 | T7: 67 | U7: 52 | V7: 70 | W7: 64 | X7: 103 | Z7: 207 | AA7: 81 | AB7: 93 | AC7: 235 | AD7: 138 | AE7: 114 | AF7: 98 | AH7: 612 | AI7: 406 | AK7: 200 | AL7: 100 | AM7: 284 | AO7: 130 | AP7: 888 | AR7: 323 | AS7: 695 | AU7: 730 | AV7: 288 | AX7: 169 | AY7: 849 | BA7: 231 | BB7: 306 | BC7: 408 | BD7: 73
B8: Weighted | C8: 1018 | D8: 221 | E8: 203 | F8: 87 | G8: 212 | H8: 295 | J8: 965 | K8: 46 | L8: 6 | M8: 1 | O8: 493 | P8: 157 | Q8: 98 | R8: 89 | S8: 38 | T8: 35 | U8: 8 | V8: 8 | W8: 3 | X8: 4 | Z8: 325 | AA8: 69 | AB8: 53 | AC8: 249 | AD8: 109 | AE8: 84 | AF8: 85 | AH8: 400 | AI8: 618 | AK8: 110 | AL8: 26 | AM8: 224 | AO8: 58 | AP8: 960 | AR8: 384 | AS8: 634 | AU8: 1017 | AV8: 1 | AX8: 69 | AY8: 949 | BA8: 341 | BB8: 440 | BC8: 219 | BD8: 18
B9: Agriculture, forestry & fishing | C9: 0.031364513 | D9: 0.02946659 | E9: 0.025982731 | F9: 0.062597351 | G9: 0.047961056 | H9: 0.015351696 | J9: 0.031958437 | K9: 0.023552309 | L9: 0 | M9: 0.007020304 | O9: 0.046146404 | P9: 0.0130141 | Q9: 0.022070362 | R9: 0 | S9: 0 | T9: 0.069705288 | U9: 0 | V9: 0 | W9: 0 | X9: 0.00090993099 | Z9: 0.039228578 | AA9: 0.034823446 | AB9: 0.094895748 | AC9: 0.030261884 | AD9: 0.018683639 | AE9: 0.025795261 | AF9: 0 | AH9: 0.013660372 | AI9: 0.042839754 | AK9: 0.018515928 | AL9: 0 | AM9: 0.014414962 | AO9: 0 | AP9: 0.033271125 | AR9: 0.020715052 | AS9: 0.03781725 | AU9: 0.031388105 | AV9: 0.007020304 | AX9: 0.0001007464 | AY9: 0.033626318 | BA9: 0.041123788 | BB9: 0.029471292 | BC9: 0.011623554 | BD9: 0.13335138
B10: Mining & quarrying | C10: 0.0021267264 | D10: 0.0092191009 | E10: 0 | F10: 0.00079730616 | G10: 0 | H10: 0.00019735773 | J10: 0.0021113336 | K10: 0 | L10: 0.020512427 | M10: 0.0033229562 | O10: 0 | P10: 0.00044307545 | Q10: 0.021409912 | R10: 0 | S10: 0 | T10: 0 | U10: 0 | V10: 0 | W10: 0.0010427088 | X10: 0 | Z10: 0 | AA10: 4.7522438e-05 | AB10: 0.0010324203 | AC10: 0 | AD10: 0.019319739 | AE10: 0 | AF10: 0 | AH10: 0.0054078656 | AI10: 0 | AK10: 2.9763889e-05 | AL10: 0.0021274204 | AM10: 0.0093978739 | AO10: 0 | AP10: 0.0022560076 | AR10: 0 | AS10: 0.0034153556 | AU10: 0.0021255671 | AV10: 0.0033229562 | AX10: 0 | AY10: 0.0022805863 | BA10: 0 | BB10: 0.0047565414 | BC10: 1.4935467e-05 | BD10: 0.0038542851
B11: Manufacturing | C11: 0.049669338 | D11: 0.050088913 | E11: 0.030137127 | F11: 0.037536223 | G11: 0.056478924 | H11: 0.061480394 | J11: 0.044535131 | K11: 0.14246716 | L11: 0.1440117 | M11: 0.1689884 | O11: 0.018067665 | P11: 0.047282125 | Q11: 0.071900061 | R11: 0.11423356 | S11: 0.078510168 | T11: 0.17379353 | U11: 0.17540733 | V11: 0.42097772 | W11: 0.035626709 | X11: 0.069969604 | Z11: 0.025451503 | AA11: 0.014218653 | AB11: 0.061464424 | AC11: 0.026948289 | AD11: 0.084733071 | AE11: 0.11747213 | AF11: 0.093806251 | AH11: 0.072047069 | AI11: 0.03516483 | AK11: 0.011950508 | AL11: 0.016991383 | AM11: 0.10862112 | AO11: 0.0068907435 | AP11: 0.052269799 | AR11: 0.064372033 | AS11: 0.040760659 | AU11: 0.049553705 | AV11: 0.1689884 | AX11: 0.042992192 | AY11: 0.050152402 | BA11: 0.032266634 | BB11: 0.043638552 | BC11: 0.080580162 | BD11: 0.1500176
B12: Electricity & gas supply | C12: 0.0045043494 | D12: 0.0092330994 | E12: 0.0018162677 | F12: 0 | G12: 9.1031436e-05 | H12: 0.0073115653 | J12: 0.0043464925 | K12: 0.0051238063 | L12: 0.020175974 | M12: 0.03381155 | O12: 0.0043776319 | P12: 0.0015042516 | Q12: 0 | R12: 0 | S12: 0.00028794712 | T12: 0.0018410822 | U12: 0 | V12: 0.00043350243 | W12: 0 | X12: 0.021215123 | Z12: 0.00018817901 | AA12: 5.6005533e-05 | AB12: 0.0044249888 | AC12: 0.0087327597 | AD12: 3.5394671e-05 | AE12: 0.024446812 | AF12: 0.00071893467 | AH12: 0.0063554374 | AI12: 0.0033045351 | AK12: 0.0007290247 | AL12: 0.00014944419 | AM12: 0.0013532691 | AO12: 0.0011803096 | AP12: 0.0047064139 | AR12: 0.00064326924 | AS12: 0.006843861 | AU12: 0.0044759475 | AV12: 0.03381155 | AX12: 0.00010925884 | AY12: 0.0048223162 | BA12: 0.0002007595 | BB12: 0.0049115546 | BC12: 0.010728516 | BD12: 0.00021446514
B13: Water supply, sewerage & waste management | C13: 0.0025293304 | D13: 0.00091864242 | E13: 0 | F13: 0 | G13: 0 | H13: 0.0080401302 | J13: 0.0022351589 | K13: 0.0089548343 | L13: 0 | M13: 0.0064618244 | O13: 0.0048071964 | P13: 0 | Q13: 0 | R13: 0 | S13: 0 | T13: 0 | U13: 0.00042987838 | V13: 0.00036802245 | W13: 0 | X13: 0 | Z13: 0.0072544366 | AA13: 0 | AB13: 0 | AC13: 1.3145034e-05 | AD13: 0 | AE13: 0.002531215 | AF13: 3.6380251e-05 | AH13: 0.00054458227 | AI13: 0.0038157789 | AK13: 0.0019234732 | AL13: 0 | AM13: 2.8409563e-05 | AO13: 0 | AP13: 0.0026830855 | AR13: 0.00056761932 | AS13: 0.0037179734 | AU13: 0.0025255194 | AV13: 0.0064618244 | AX13: 4.5045011e-05 | AY13: 0.0027090583 | BA13: 0.00059620124 | BB13: 0.0049032705 | BC13: 0.00097930352 | BD13: 0
B14: Construction | C14: 0.07343548 | D14: 0.067261636 | E14: 0.07673425 | F14: 0.10083583 | G14: 0.062628107 | H14: 0.075476501 | J14: 0.073688922 | K14: 0.074964578 | L14: 0.031197342 | M14: 0.013700908 | O14: 0.085766032 | P14: 0.073435418 | Q14: 0.11650035 | R14: 0.039261857 | S14: 0.091736391 | T14: 0.0067860443 | U14: 0 | V14: 0.00045915369 | W14: 0 | X14: 0.017990664 | Z14: 0.048413343 | AA14: 0.043186408 | AB14: 0.094672012 | AC14: 0.079100437 | AD14: 0.14743843 | AE14: 0.031060303 | AF14: 0.14604515 | AH14: 0.046666544 | AI14: 0.090786223 | AK14: 0.044309419 | AL14: 0.0022472035 | AM14: 0.050625517 | AO14: 0.04665698 | AP14: 0.075063314 | AR14: 0.030465593 | AS14: 0.099471858 | AU14: 0.073493369 | AV14: 0.013700908 | AX14: 0.039900601 | AY14: 0.075861591 | BA14: 0.072785337 | BB14: 0.083686223 | BC14: 0.058772042 | BD14: 0.013859679
B15: Retail and wholesale | C15: 0.11532394 | D15: 0.10989874 | E15: 0.13446497 | F15: 0.0064751708 | G15: 0.12764577 | H15: 0.12946279 | J15: 0.11492077 | K15: 0.12173405 | L15: 0.13272986 | M15: 0.10411917 | O15: 0.079284049 | P15: 0.1527335 | Q15: 0.22925825 | R15: 0.11042601 | S15: 0.0649564 | T15: 0.10772326 | U15: 0.15766808 | V15: 0.070959358 | W15: 0.10320612 | X15: 0.13942969 | Z15: 0.1185312 | AA15: 0.21267319 | AB15: 0.067330626 | AC15: 0.10909342 | AD15: 0.12101304 | AE15: 0.10866798 | AF15: 0.080831038 | AH15: 0.086413743 | AI15: 0.13406259 | AK15: 0.058105035 | AL15: 0.19793825 | AM15: 0.1020521 | AO15: 0.18786068 | AP15: 0.11091452 | AR15: 0.1272694 | AS15: 0.10808594 | AU15: 0.1153348 | AV15: 0.10411917 | AX15: 0.086705263 | AY15: 0.11739439 | BA15: 0.078227052 | BB15: 0.12346577 | BC15: 0.16258122 | BD15: 0.043053467
B16: Transportation & storage | C16: 0.017885942 | D16: 0.039853181 | E16: 5.3853747e-05 | F16: 0 | G16: 0.0032876709 | H16: 0.029465823 | J16: 0.01738597 | K16: 0.023903572 | L16: 0.049685435 | M16: 0.031254776 | O16: 0.0042665388 | P16: 0 | Q16: 0.022070362 | R16: 0.022878906 | S16: 0.13054281 | T16: 9.3079998e-05 | U16: 0.31784946 | V16: 0 | W16: 0.68897684 | X16: 0.57071623 | Z16: 0.0012419782 | AA16: 0.0053561811 | AB16: 0.0097901508 | AC16: 0.0089324211 | AD16: 0.038554855 | AE16: 0.074603892 | AF16: 0.049323639 | AH16: 0.022443823 | AI16: 0.014931674 | AK16: 0.038152854 | AL16: 0.0027893708 | AM16: 0.011944126 | AO16: 0.038149585 | AP16: 0.016654139 | AR16: 0.011627124 | AS16: 0.021678295 | AU16: 0.017872986 | AV16: 0.031254776 | AX16: 0.097133881 | AY16: 0.012152679 | BA16: 0.0070232168 | BB16: 0.020435866 | BC16: 0.030792755 | BD16: 0.004014966
B17: Accommodation & food service activities | C17: 0.045651257 | D17: 0.02946659 | E17: 0.025982731 | F17: 0.035214755 | G17: 0.085108417 | H17: 0.046032882 | J17: 0.045979757 | K17: 0.044002775 | L17: 0.011445945 | M17: 0.011215357 | O17: 0.046496277 | P17: 0.064039736 | Q17: 0.05283195 | R17: 0.031188763 | S17: 0.01659622 | T17: 0.0066929643 | U17: 0.026241613 | V17: 0 | W17: 0 | X17: 0.0010124513 | Z17: 0.076154635 | AA17: 5.9994515e-05 | AB17: 0 | AC17: 0.049421691 | AD17: 0.02497042 | AE17: 0.024366232 | AF17: 0.025402913 | AH17: 0.027389035 | AI17: 0.057488227 | AK17: 0.025656322 | AL17: 0.00014109528 | AM17: 0.01534246 | AO17: 0.041010294 | AP17: 0.045933375 | AR17: 0.035266521 | AS17: 0.051943591 | AU17: 0.045684629 | AV17: 0.011215357 | AX17: 0 | AY17: 0.048953938 | BA17: 0.060361957 | BB17: 0.044659855 | BC17: 0.0186861 | BD17: 0.11984829
B18: Information & communication | C18: 0.036756229 | D18: 0.037016388 | E18: 0.038240513 | F18: 0.01080836 | G18: 0.07385648 | H18: 0.016530486 | J18: 0.036181527 | K18: 0.037201331 | L18: 0.11283462 | M18: 0.11089227 | O18: 0.044331371 | P18: 0.014720842 | Q18: 0.027326383 | R18: 0.080505579 | S18: 0.012900319 | T18: 0.0089612777 | U18: 0.0072119402 | V18: 0.0092663043 | W18: 0.025977126 | X18: 0.012217274 | Z18: 0.037405347 | AA18: 0.071075025 | AB18: 0.0073916464 | AC18: 0.038774178 | AD18: 0.0046081727 | AE18: 0.034030612 | AF18: 0.057190824 | AH18: 0.079445092 | AI18: 0.0090867128 | AK18: 0.090708196 | AL18: 0.012718265 | AM18: 0.095871032 | AO18: 0.0062154554 | AP18: 0.038612767 | AR18: 0.033704525 | AS18: 0.038605321 | AU18: 0.036684383 | AV18: 0.11089227 | AX18: 0.075577983 | AY18: 0.033947634 | BA18: 0.027365617 | BB18: 0.04335903 | BC18: 0.041046445 | BD18: 0.00093230503
... B28: Other (please specify) | C28: 0.1055969 | D28: 0.11703846 | E28: 0.10702099 | F28: 0.15956463 | G28: 0.06583417 | H28: 0.10870479 | J28: 0.10629073 | K28: 0.095887443 | L28: 0.081632259 | M28: 0.026405777 | O28: 0.080766835 | P28: 0.16143721 | Q28: 0.1208352 | R28: 0.12715292 | S28: 0.094734405 | T28: 0.081963065 | U28: 0.032739669 | V28: 0.025178063 | W28: 0 | X28: 0.019021706 | Z28: 0.13737207 | AA28: 0.064386856 | AB28: 0.19413993 | AC28: 0.063519168 | AD28: 0.11209212 | AE28: 0.067215354 | AF28: 0.13898878 | AH28: 0.12009836 | AI28: 0.096197527 | AK28: 0.064696938 | AL28: 0.19371227 | AM28: 0.1078589 | AO28: 0.035037423 | AP28: 0.10988613 | AR28: 0.10894088 | AS28: 0.10357071 | AU28: 0.10567364 | AV28: 0.026405777 | AX28: 0.14075921 | AY28: 0.10305305 | BA28: 0.081412674 | BB28: 0.13213399 | BC28: 0.098617795 | BD28: 0
B30: Fieldwork: 22nd Apr - 26th Apr 2022
B31: Data weighted by business size and region to Nationally Representative proportions
B33: =HYPERLINK("#'Contents'!A1", "Return to Contents") -> Return to Contents

Sheet Table 8
D2: What is the approximate annual revenue of your business?
D5: Region of Italy | J5: Number of Employees | O5: Annual Revenue | Z5: Revenue Change | AH5: Cloud User | AK5: Type of Cloud | AO5: AWS User | AR5: Woman-owned Business | AU5: Grouped Employee Count | AX5: Tech Adoption | BA5: Digital Intensity
C6: Total | D6: Centre | E6: South | F6: Islands | G6: North East | H6: North West | J6: 1-9 | K6: 10-49 | L6: 50-249 | M6: 250+ | O6: Under EUR 85,000 | P6: EUR 85,001 to EUR 250,000 | Q6: EUR 250,001 to EUR 500,000 | R6: EUR 500,001 to EUR 1 million | S6: EUR 1 million to EUR 2 million | T6: EUR 2 million to EUR 5 million | U6: EUR 5 million to EUR 10 million | V6: EUR 10 million to EUR 20 million | W6: EUR 20 million to EUR 50 million | X6: Over EUR 50 million | Z6: Declined by 10%+ | AA6: Declined by 6-10% | AB6: Declined by 0-5% | AC6: Stayed about the same size | AD6: Grown by 0-5% | AE6: Grown by 6-10% | AF6: Grown by 10%+ | AH6: Yes | AI6: No | AK6: IaaS / PaaS | AL6: Both | AM6: SaaS | AO6: Yes | AP6: No | AR6: Yes | AS6: No | AU6: Less than 250 employees | AV6: 250+ employees | AX6: Early adopter | AY6: Not early adopter | BA6: Low | BB6: Medium | BC6: High | BD6: Very High
B7: Unweighted | C7: 1018 | D7: 240 | E7: 171 | F7: 75 | G7: 180 | H7: 352 | J7: 422 | K7: 205 | L7: 103 | M7: 288 | O7: 233 | P7: 82 | Q7: 77 | R7: 95 | S7: 83 | T7: 67 | U7: 52 | V7: 70 | W7: 64 | X7: 103 | Z7: 207 | AA7: 81 | AB7: 93 | AC7: 235 | AD7: 138 | AE7: 114 | AF7: 98 | AH7: 612 | AI7: 406 | AK7: 200 | AL7: 100 | AM7: 284 | AO7: 130 | AP7: 888 | AR7: 323 | AS7: 695 | AU7: 730 | AV7: 288 | AX7: 169 | AY7: 849 | BA7: 231 | BB7: 306 | BC7: 408 | BD7: 73
B8: Weighted | C8: 1018 | D8: 221 | E8: 203 | F8: 87 | G8: 212 | H8: 295 | J8: 965 | K8: 46 | L8: 6 | M8: 1 | O8: 493 | P8: 157 | Q8: 98 | R8: 89 | S8: 38 | T8: 35 | U8: 8 | V8: 8 | W8: 3 | X8: 4 | Z8: 325 | AA8: 69 | AB8: 53 | AC8: 249 | AD8: 109 | AE8: 84 | AF8: 85 | AH8: 400 | AI8: 618 | AK8: 110 | AL8: 26 | AM8: 224 | AO8: 58 | AP8: 960 | AR8: 384 | AS8: 634 | AU8: 1017 | AV8: 1 | AX8: 69 | AY8: 949 | BA8: 341 | BB8: 440 | BC8: 219 | BD8: 18
B9: Under €20,000 | C9: 0.16068102 | D9: 0.1769722 | E9: 0.22462372 | F9: 0.15649338 | G9: 0.083931847 | H9: 0.16086554 | J9: 0.16908954 | K9: 0.0086997241 | L9: 0 | M9: 0.0033229562 | O9: 0.33198559 | P9: 0 | Q9: 0 | R9: 0 | S9: 0 | T9: 0 | U9: 0 | V9: 0 | W9: 0 | X9: 0 | Z9: 0.25127501 | AA9: 0.093950266 | AB9: 0.083377436 | AC9: 0.13704299 | AD9: 0.14770867 | AE9: 0.081990421 | AF9: 0.060503852 | AH9: 0.12191408 | AI9: 0.18580848 | AK9: 0.13749091 | AL9: 0.078886489 | AM9: 0.11227945 | AO9: 0.11098944 | AP9: 0.16370172 | AR9: 0.22151533 | AS9: 0.12382021 | AU9: 0.16083352 | AV9: 0.0033229562 | AX9: 0.12774841 | AY9: 0.16306356 | BA9: 0.20148753 | BB9: 0.18020646 | BC9: 0.071275041 | BD9: 0
B10: €20,001 to €40,000 | C10: 0.1996198 | D10: 0.12257624 | E10: 0.19061807 | F10: 0.31378406 | G10: 0.26410945 | H10: 0.1835177 | J10: 0.20928714 | K10: 0.022778365 | L10: 0.032218846 | M10: 0.010377952 | O10: 0.4124376 | P10: 0 | Q10: 0 | R10: 0 | S10: 0 | T10: 0 | U10: 0 | V10: 0 | W10: 0 | X10: 0 | Z10: 0.2374226 | AA10: 0.27591859 | AB10: 0.045094447 | AC10: 0.18717711 | AD10: 0.1483457 | AE10: 0.23685546 | AF10: 0.18003384 | AH10: 0.15283979 | AI10: 0.22994106 | AK10: 0.08530995 | AL10: 0.086627394 | AM10: 0.18996023 | AO10: 0.14703448 | AP10: 0.2028164 | AR10: 0.1840878 | AS10: 0.20903097 | AU10: 0.1998032 | AV10: 0.010377952 | AX10: 0.11737474 | AY10: 0.20556989 | BA10: 0.26544099 | BB10: 0.20925479 | BC10: 0.073572419 | BD10: 0.25341414
B11: €40,001 to €85,000 | C11: 0.12369917 | D11: 0.092191009 | E11: 0.1678324 | F11: 0.13213451 | G11: 0.16904026 | H11: 0.081862144 | J11: 0.12868313 | K11: 0.036511608 | L11: 0.011445945 | M11: 0 | O11: 0.25557681 | P11: 0 | Q11: 0 | R11: 0 | S11: 0 | T11: 0 | U11: 0 | V11: 0 | W11: 0 | X11: 0 | Z11: 0.083488105 | AA11: 0.18555307 | AB11: 0.24703248 | AC11: 0.20718586 | AD11: 0.085721993 | AE11: 0.057403134 | AF11: 0.083478686 | AH11: 0.1361876 | AI11: 0.11560459 | AK11: 0.15369213 | AL11: 0.1087663 | AM11: 0.13427892 | AO11: 0.1773973 | AP11: 0.12043493 | AR11: 0.1252689 | AS11: 0.12274804 | AU11: 0.12381905 | AV11: 0 | AX11: 0.11041621 | AY11: 0.12466014 | BA11: 0.11790113 | BB11: 0.1166019 | BC11: 0.14550857 | BD11: 0.14124207
B12: €85,001 to €250,000 | C12: 0.15378675 | D12: 0.17720705 | E12: 0.10988098 | F12: 0.22603053 | G12: 0.18251254 | H12: 0.12450507 | J12: 0.15976059 | K12: 0.046552187 | L12: 0.039761551 | M12: 0.0066459124 | O12: 0 | P12: 1 | Q12: 0 | R12: 0 | S12: 0 | T12: 0 | U12: 0 | V12: 0 | W12: 0 | X12: 0 | Z12: 0.16253726 | AA12: 0.14713432 | AB12: 0.12972897 | AC12: 0.18368411 | AD12: 0.12742166 | AE12: 0.12758644 | AF12: 0.13660135 | AH12: 0.14258459 | AI12: 0.16104761 | AK12: 0.15053453 | AL12: 0.28976365 | AM12: 0.13827224 | AO12: 0.20572242 | AP12: 0.15062964 | AR12: 0.15030959 | AS12: 0.15589363 | AU12: 0.15392934 | AV12: 0.0066459124 | AX12: 0.25076452 | AY12: 0.1467708 | BA12: 0.06428175 | BB12: 0.20268151 | BC12: 0.19403 | BD12: 0.16337645
B13: €250,001 to €500,000 | C13: 0.096000864 | D13: 0.11339914 | E13: 0.098980115 | F13: 0.034369925 | G13: 0.06348103 | H13: 0.12246287 | J13: 0.096986988 | K13: 0.078145346 | L13: 0.084662854 | M13: 0.032867602 | O13: 0 | P13: 0 | Q13: 1 | R13: 0 | S13: 0 | T13: 0 | U13: 0 | V13: 0 | W13: 0 | X13: 0 | Z13: 0.075572396 | AA13: 0.10214744 | AB13: 0.091132266 | AC13: 0.075598812 | AD13: 0.18188116 | AE13: 0.079675256 | AF13: 0.18762917 | AH13: 0.10282862 | AI13: 0.091575338 | AK13: 0.093798322 | AL13: 0.19399955 | AM13: 0.093867004 | AO13: 0.10006385 | AP13: 0.09575388 | AR13: 0.08014356 | AS13: 0.10560915 | AU13: 0.096062047 | AV13: 0.032867602 | AX13: 0.040076689 | AY13: 0.10004675 | BA13: 0.097332584 | BB13: 0.085299364 | BC13: 0.12094964 | BD13: 0.028365546
B14: €500,001 to €1 million | C14: 0.087477791 | D14: 0.1170519 | E14: 0.08027703 | F14: 0.046702446 | G14: 0.080843076 | H14: 0.08707064 | J14: 0.081360031 | K14: 0.21831564 | L14: 0.079352468 | M14: 0.02591852 | O14: 0 | P14: 0 | Q14: 0 | R14: 1 | S14: 0 | T14: 0 | U14: 0 | V14: 0 | W14: 0 | X14: 0 | Z14: 0.099924366 | AA14: 0.084691797 | AB14: 0.1081365 | AC14: 0.059782002 | AD14: 0.0735099 | AE14: 0.086936301 | AF14: 0.17423926 | AH14: 0.14182605 | AI14: 0.052251036 | AK14: 0.19218738 | AL14: 0.1184899 | AM14: 0.12213808 | AO14: 0.10536686 | AP14: 0.086390335 | AR14: 0.071686993 | AS14: 0.097045775 | AU14: 0.087537449 | AV14: 0.02591852 | AX14: 0.14581894 | AY14: 0.083257048 | BA14: 0.059149323 | BB14: 0.076058473 | BC14: 0.15793061 | BD14: 0.044649897
B15: €1 million to €2 million | C15: 0.036888501 | D15: 0.035171298 | E15: 0.013993585 | F15: 0.070477035 | G15: 0.032612992 | H15: 0.047096551 | J15: 0.030908622 | K15: 0.14479838 | L15: 0.1630698 | M15: 0.083704226 | O15: 0 | P15: 0 | Q15: 0 | R15: 0 | S15: 1 | T15: 0 | U15: 0 | V15: 0 | W15: 0 | X15: 0 | Z15: 0.011690622 | AA15: 0.011885209 | AB15: 0.093674432 | AC15: 0.039329706 | AD15: 0.074156928 | AE15: 0.095945883 | AF15: 0.024007862 | AH15: 0.066936124 | AI15: 0.01741262 | AK15: 0.087957626 | AL15: 0.0028459516 | AM15: 0.065758084 | AO15: 0.039740572 | AP15: 0.036715126 | AR15: 0.025007367 | AS15: 0.044087535 | AU15: 0.036843131 | AV15: 0.083704226 | AX15: 0.018955754 | AY15: 0.038185861 | BA15: 0.047390055 | BB15: 0.0051329917 | BC15: 0.074335219 | BD15: 0.15792769
B16: €2 million to €5 million | C16: 0.034563752 | D16: 0.023693964 | E16: 0.017775014 | F16: 0.0077371108 | G16: 0.072040669 | H16: 0.035238832 | J16: 0.028821047 | K16: 0.1449813 | L16: 0.10868786 | M16: 0.052315688 | O16: 0 | P16: 0 | Q16: 0 | R16: 0 | S16: 0 | T16: 1 | U16: 0 | V16: 0 | W16: 0 | X16: 0 | Z16: 0.0035287555 | AA16: 0.040550869 | AB16: 0.065579855 | AC16: 0.033112704 | AD16: 0.12226624 | AE16: 0.040071382 | AF16: 0.0078095962 | AH16: 0.030371923 | AI16: 0.037280758 | AK16: 0.029857436 | AL16: 0.0028899564 | AM16: 0.038359245 | AO16: 0.049402904 | AP16: 0.033661698 | AR16: 0.0056640896 | AS16: 0.05207468 | AU16: 0.034546549 | AV16: 0.052315688 | AX16: 0.042116372 | AY16: 0.034017351 | BA16: 0.032051852 | BB16: 0.031421097 | BC16: 0.04728617 | BD16: 0.0039328685
B17: €5 million to €10 million | C17: 0.0074839632 | D17: 0.0036885682 | E17: 0.0069964337 | F17: 0.00084483077 | G17: 0.004177006 | H17: 0.014997286 | J17: 0.0022351589 | K17: 0.10586801 | L17: 0.087214668 | M17: 0.068345907 | O17: 0 | P17: 0 | Q17: 0 | R17: 0 | S17: 0 | T17: 0 | U17: 1 | V17: 0 | W17: 0 | X17: 0 | Z17: 0.0025795729 | AA17: 0.013913671 | AB17: 0.032224791 | AC17: 0.0029126268 | AD17: 0.0027518718 | AE17: 0.0030962195 | AF17: 0.033186237 | AH17: 0.015138115 | AI17: 0.0025227944 | AK17: 0.0076935562 | AL17: 0.012705432 | AM17: 0.020849995 | AO17: 0.010174468 | AP17: 0.0073204106 | AR17: 0.0090057659 | AS17: 0.0065618703 | AU17: 0.0074249813 | AV17: 0.068345907 | AX17: 0.033592783 | AY17: 0.0055950972 | BA17: 0.0026203964 | BB17: 0.0027907035 | BC17: 0.024762981 | BD17: 0.003769916
B18: €10 million to €20 million | C18: 0.0082575535 | D18: 0.0010586273 | E18: 0.012460529 | F18: 0.00019009846 | G18: 0.0042498312 | H18: 0.016017772 | J18: 0.0047221491 | K18: 0.071285535 | L18: 0.068745249 | M18: 0.15862722 | O18: 0 | P18: 0 | Q18: 0 | R18: 0 | S18: 0 | T18: 0 | U18: 0 | V18: 1 | W18: 0 | X18: 0 | Z18: 3.0925248e-05 | AA18: 0.0040728015 | AB18: 0.054799518 | AC18: 0.0049230777 | AD18: 0.023058683 | AE18: 0.005768685 | AF18: 0.0089447806 | AH18: 0.017969177 | AI18: 0.0019627988 | AK18: 0.011851969 | AL18: 0.010449337 | AM18: 0.025068733 | AO18: 0.0084296305 | AP18: 0.0082470931 | AR18: 0.0083453953 | AS18: 0.0082043283 | AU18: 0.0081118287 | AV18: 0.15862722 | AX18: 0.011074672 | AY18: 0.0080537465 | BA18: 0.0029771245 | BB18: 0.00051928663 | BC18: 0.016950496 | BD18: 0.19148222
... B21: Don’t Know | C21: 0.084919766 | D21: 0.12540891 | E21: 0.075088204 | F21: 0.010903409 | G21: 0.040471445 | H21: 0.11512374 | J21: 0.083799114 | K21: 0.1030771 | L21: 0.12751241 | M21: 0.073514739 | O21: 0 | P21: 0 | Q21: 0 | R21: 0 | S21: 0 | T21: 0 | U21: 0 | V21: 0 | W21: 0 | X21: 0 | Z21: 0.070392586 | AA21: 0.035197797 | AB21: 0.04529272 | AC21: 0.0687054 | AD21: 0.0086812123 | AE21: 0.12689764 | AF21: 0.10103471 | AH21: 0.055760345 | AI21: 0.10381994 | AK21: 0.0091190527 | AL21: 0.083654111 | AM21: 0.052372135 | AO21: 0.0043167911 | AP21: 0.089819527 | AR21: 0.11676861 | AS21: 0.06562187 | AU21: 0.084930819 | AV21: 0.073514739 | AX21: 0.034320258 | AY21: 0.088580433 | BA21: 0.10910649 | BB21: 0.083768784 | BC21: 0.056605414 | BD21: 0
B23: Fieldwork: 22nd Apr - 26th Apr 2022
B24: Data weighted by business size and region to Nationally Representative proportions
B26: =HYPERLINK("#'Contents'!A1", "Return to Contents") -> Return to Contents

Sheet Table 9
D2: In 2021, how much did the revenue of your company grow?
D5: Region of Italy | J5: Number of Employees | O5: Annual Revenue | Z5: Revenue Change | AH5: Cloud User | AK5: Type of Cloud | AO5: AWS User | AR5: Woman-owned Business | AU5: Grouped Employee Count | AX5: Tech Adoption | BA5: Digital Intensity
C6: Total | D6: Centre | E6: South | F6: Islands | G6: North East | H6: North West | J6: 1-9 | K6: 10-49 | L6: 50-249 | M6: 250+ | O6: Under EUR 85,000 | P6: EUR 85,001 to EUR 250,000 | Q6: EUR 250,001 to EUR 500,000 | R6: EUR 500,001 to EUR 1 million | S6: EUR 1 million to EUR 2 million | T6: EUR 2 million to EUR 5 million | U6: EUR 5 million to EUR 10 million | V6: EUR 10 million to EUR 20 million | W6: EUR 20 million to EUR 50 million | X6: Over EUR 50 million | Z6: Declined by 10%+ | AA6: Declined by 6-10% | AB6: Declined by 0-5% | AC6: Stayed about the same size | AD6: Grown by 0-5% | AE6: Grown by 6-10% | AF6: Grown by 10%+ | AH6: Yes | AI6: No | AK6: IaaS / PaaS | AL6: Both | AM6: SaaS | AO6: Yes | AP6: No | AR6: Yes | AS6: No | AU6: Less than 250 employees | AV6: 250+ employees | AX6: Early adopter | AY6: Not early adopter | BA6: Low | BB6: Medium | BC6: High | BD6: Very High
B7: Unweighted | C7: 1018 | D7: 240 | E7: 171 | F7: 75 | G7: 180 | H7: 352 | J7: 422 | K7: 205 | L7: 103 | M7: 288 | O7: 233 | P7: 82 | Q7: 77 | R7: 95 | S7: 83 | T7: 67 | U7: 52 | V7: 70 | W7: 64 | X7: 103 | Z7: 207 | AA7: 81 | AB7: 93 | AC7: 235 | AD7: 138 | AE7: 114 | AF7: 98 | AH7: 612 | AI7: 406 | AK7: 200 | AL7: 100 | AM7: 284 | AO7: 130 | AP7: 888 | AR7: 323 | AS7: 695 | AU7: 730 | AV7: 288 | AX7: 169 | AY7: 849 | BA7: 231 | BB7: 306 | BC7: 408 | BD7: 73
B8: Weighted | C8: 1018 | D8: 221 | E8: 203 | F8: 87 | G8: 212 | H8: 295 | J8: 965 | K8: 46 | L8: 6 | M8: 1 | O8: 493 | P8: 157 | Q8: 98 | R8: 89 | S8: 38 | T8: 35 | U8: 8 | V8: 8 | W8: 3 | X8: 4 | Z8: 325 | AA8: 69 | AB8: 53 | AC8: 249 | AD8: 109 | AE8: 84 | AF8: 85 | AH8: 400 | AI8: 618 | AK8: 110 | AL8: 26 | AM8: 224 | AO8: 58 | AP8: 960 | AR8: 384 | AS8: 634 | AU8: 1017 | AV8: 1 | AX8: 69 | AY8: 949 | BA8: 341 | BB8: 440 | BC8: 219 | BD8: 18
B9: Declined by over 50% | C9: 0.091433712 | D9: 0.074657451 | E9: 0.14188557 | F9: 0.12599201 | G9: 0.050314196 | H9: 0.088642502 | J9: 0.095380131 | K9: 0.01980882 | L9: 0.020512427 | M9: 0.0036973478 | O9: 0.1465711 | P9: 0.02679145 | Q9: 0.02666838 | R9: 0.075643887 | S9: 0.0070993153 | T9: 0.0070890012 | U9: 0.0091046855 | V9: 0 | W9: 0 | X9: 0.0010124513 | Z9: 0.28650228 | AA9: 0 | AB9: 0 | AC9: 0 | AD9: 0 | AE9: 0 | AF9: 0 | AH9: 0.034451845 | AI9: 0.12836748 | AK9: 0.020439402 | AL9: 0 | AM9: 0.041871431 | AO9: 0 | AP9: 0.096991861 | AR9: 0.089397796 | AS9: 0.092667317 | AU9: 0.091518738 | AV9: 0.0036973478 | AX9: 0.037011596 | AY9: 0.095370929 | BA9: 0.13058278 | BB9: 0.094947519 | BC9: 0.031040611 | BD9: 0
B10: Declined by 25-50% | C10: 0.092380941 | D10: 0.12370174 | E10: 0.061175083 | F10: 0.10008605 | G10: 0.11990264 | H10: 0.06834009 | J10: 0.094805528 | K10: 0.047965229 | L10: 0.056961134 | M10: 0.0075180092 | O10: 0.076669504 | P10: 0.18308064 | Q10: 0.099360124 | R10: 0.05435474 | S10: 0.021166584 | T10: 0.01411248 | U10: 0 | V10: 0 | W10: 0 | X10: 0.074372414 | Z10: 0.28947036 | AA10: 0 | AB10: 0 | AC10: 0 | AD10: 0 | AE10: 0 | AF10: 0 | AH10: 0.077363402 | AI10: 0.10211481 | AK10: 0.065284482 | AL10: 0.0025272014 | AM10: 0.082253166 | AO10: 0.083698065 | AP10: 0.092908762 | AR10: 0.10214921 | AS10: 0.086462139 | AU10: 0.092463182 | AV10: 0.0075180092 | AX10: 0.18034819 | AY10: 0.086016871 | BA10: 0.081172005 | BB10: 0.085413002 | BC10: 0.13136256 | BD10: 0
B11: Declined by 10-25% | C11: 0.13532317 | D11: 0.11502232 | E11: 0.16994983 | F11: 0.013082303 | G11: 0.11030193 | H11: 0.18073583 | J11: 0.13750504 | K11: 0.094508803 | L11: 0.11273495 | M11: 0.041264552 | O11: 0.15404474 | P11: 0.12742477 | Q11: 0.1251985 | R11: 0.23454698 | S11: 0.072874549 | T11: 0.011380611 | U11: 0.10089576 | V11: 0.0011951986 | W11: 0.06842713 | X11: 0.0055133991 | Z11: 0.42402736 | AA11: 0 | AB11: 0 | AC11: 0 | AD11: 0 | AE11: 0 | AF11: 0 | AH11: 0.17148621 | AI11: 0.11188348 | AK11: 0.13102003 | AL11: 0.023338413 | AM11: 0.20894033 | AO11: 0.096108521 | AP11: 0.13770698 | AR11: 0.12787018 | AS11: 0.13983909 | AU11: 0.13541432 | AV11: 0.041264552 | AX11: 0.088701536 | AY11: 0.13869605 | BA11: 0.13268607 | BB11: 0.15473099 | BC11: 0.09080056 | BD11: 0.25337157
B12: Declined by 6-10% | C12: 0.067698421 | D12: 0.059045169 | E12: 0.075628016 | F12: 0.1626834 | G12: 0.056862549 | H12: 0.048499005 | J12: 0.065646337 | K12: 0.11053554 | L12: 0.06670224 | M12: 0.085375987 | O12: 0.077688405 | P12: 0.06476996 | Q12: 0.072032894 | R12: 0.065542361 | S12: 0.021811944 | T12: 0.079425109 | U12: 0.12586026 | V12: 0.033390305 | W12: 0.084628517 | X12: 0.021581681 | Z12: 0 | AA12: 1 | AB12: 0 | AC12: 0 | AD12: 0 | AE12: 0 | AF12: 0 | AH12: 0.07721073 | AI12: 0.061532855 | AK12: 0.12691507 | AL12: 0.0007327482 | AM12: 0.074455453 | AO12: 0.18178529 | AP12: 0.060763212 | AR12: 0.082309431 | AS12: 0.058845295 | AU12: 0.067681289 | AV12: 0.085375987 | AX12: 0.068893308 | AY12: 0.067611975 | BA12: 0.062728987 | BB12: 0.043348708 | BC12: 0.11663026 | BD12: 0.16077056
B13: Declined by 0-5% | C13: 0.052278994 | D13: 0.064024087 | E13: 0.089248633 | F13: 0.032191031 | G13: 0.070731297 | H13: 0.010703611 | J13: 0.048304613 | K13: 0.12199865 | L13: 0.14588889 | M13: 0.11673046 | O13: 0.040559898 | P13: 0.044100681 | Q13: 0.049627711 | R13: 0.064625173 | S13: 0.13275696 | T13: 0.099192032 | U13: 0.22510528 | V13: 0.34693855 | W13: 0.038072625 | X13: 0.024834938 | Z13: 0 | AA13: 0 | AB13: 1 | AC13: 0 | AD13: 0 | AE13: 0 | AF13: 0 | AH13: 0.075861132 | AI13: 0.036993828 | AK13: 0.052259439 | AL13: 0.28142946 | AM13: 0.055990276 | AO13: 0.16679281 | AP13: 0.045317832 | AR13: 0.052287776 | AS13: 0.052273673 | AU13: 0.052216533 | AV13: 0.11673046 | AX13: 0.072272569 | AY13: 0.050832541 | BA13: 0.036395056 | BB13: 0.030603331 | BC13: 0.11034437 | BD13: 0.17540208
B14: Stayed about the same size | C14: 0.24474595 | D14: 0.25163897 | E14: 0.23560771 | F14: 0.26138786 | G14: 0.32307432 | H14: 0.18467222 | J14: 0.2446182 | K14: 0.2605266 | L14: 0.14910055 | M14: 0.22203495 | O14: 0.26871789 | P14: 0.29232652 | Q14: 0.19273268 | R14: 0.16725849 | S14: 0.26094274 | T14: 0.23447108 | U14: 0.095250819 | V14: 0.14591529 | W14: 0.0058316523 | X14: 0.032679251 | Z14: 0 | AA14: 0 | AB14: 0 | AC14: 1 | AD14: 0 | AE14: 0 | AF14: 0 | AH14: 0.24198949 | AI14: 0.2465326 | AK14: 0.23887689 | AL14: 0.46348177 | AM14: 0.20685625 | AO14: 0.18138531 | AP14: 0.24859757 | AR14: 0.23108679 | AS14: 0.25302234 | AU14: 0.24476796 | AV14: 0.22203495 | AX14: 0.18718614 | AY14: 0.24891017 | BA14: 0.26815859 | BB14: 0.25676897 | BC14: 0.18513538 | BD14: 0.23380711
B15: Grown by 0-5% | C15: 0.10712025 | D15: 0.094066169 | E15: 0.088443561 | F15: 0.16659948 | G15: 0.055265941 | H15: 0.14947531 | J15: 0.10563573 | K15: 0.12928528 | L15: 0.16454108 | M15: 0.17391435 | O15: 0.084495829 | P15: 0.088755634 | Q15: 0.20294771 | R15: 0.09001598 | S15: 0.21534377 | T15: 0.3789285 | U15: 0.039388383 | V15: 0.29912636 | W15: 0.064684782 | X15: 0.079767799 | Z15: 0 | AA15: 0 | AB15: 0 | AC15: 0 | AD15: 1 | AE15: 0 | AF15: 0 | AH15: 0.11950176 | AI15: 0.099094967 | AK15: 0.12105043 | AL15: 0.20263898 | AM15: 0.12155969 | AO15: 0.046501143 | AP15: 0.11080522 | AR15: 0.092375139 | AS15: 0.11605464 | AU15: 0.10705552 | AV15: 0.17391435 | AX15: 0.13771152 | AY15: 0.1049071 | BA15: 0.10773495 | BB15: 0.096649865 | BC15: 0.12533792 | BD15: 0.12942967
B16: Grown by 6-10% | C16: 0.082138105 | D16: 0.088746608 | E16: 0.075991692 | F16: 0.067405786 | G16: 0.05161821 | H16: 0.10769462 | J16: 0.081396306 | K16: 0.08658996 | L16: 0.15442789 | M16: 0.15632638 | O16: 0.063852027 | P16: 0.06814442 | Q16: 0.068169955 | R16: 0.081629668 | S16: 0.21363875 | T16: 0.095226565 | U16: 0.033981675 | V16: 0.057381264 | W16: 0.71932785 | X16: 0.71442413 | Z16: 0 | AA16: 0 | AB16: 0 | AC16: 0 | AD16: 0 | AE16: 1 | AF16: 0 | AH16: 0.094035376 | AI16: 0.074426686 | AK16: 0.1324195 | AL16: 0.014563565 | AM16: 0.091923267 | AO16: 0.15171273 | AP16: 0.077908744 | AR16: 0.079524572 | AS16: 0.083721701 | AU16: 0.082066208 | AV16: 0.15632638 | AX16: 0.11681784 | AY16: 0.079629168 | BA16: 0.065595939 | BB16: 0.084064051 | BC16: 0.10799612 | BD16: 0.033272637
B17: Grown by 11-20% | C17: 0.034791381 | D17: 0.031303875 | E17: 0.035768067 | F17: 0.00019009846 | G17: 0.052156268 | H17: 0.034457236 | J17: 0.03327221 | K17: 0.065915232 | L17: 0.031457815 | M17: 0.091296587 | O17: 0.014525103 | P17: 0.016236706 | Q17: 0.074947084 | R17: 0.1126958 | S17: 0.00011010298 | T17: 0.013104239 | U17: 0.36987044 | V17: 0.08972773 | W17: 0.012884768 | X17: 0.024021122 | Z17: 0 | AA17: 0 | AB17: 0 | AC17: 0 | AD17: 0 | AE17: 0 | AF17: 0.41649678 | AH17: 0.032184981 | AI17: 0.036480764 | AK17: 0.025481868 | AL17: 0.010754376 | AM17: 0.043730572 | AO17: 0.0078113949 | AP17: 0.036431463 | AR17: 0.057032746 | AS17: 0.02131486 | AU17: 0.034736621 | AV17: 0.091296587 | AX17: 0.044883897 | AY17: 0.034061229 | BA17: 0.0094086457 | BB17: 0.043933094 | BC17: 0.057705025 | BD17: 0.012852251
B18: Grown by 21-50% | C18: 0.035139002 | D18: 0.022112771 | E18: 0.011822301 | F18: 0.0031187739 | G18: 0.07195979 | H18: 0.043924902 | J18: 0.035925515 | K18: 0.023212977 | L18: 0 | M18: 0.037281435 | O18: 0.036237689 | P18: 0.0405688 | Q18: 0.044174236 | R18: 0.053686919 | S18: 0.054255286 | T18: 0.0057699242 | U18: 0.00054269827 | V18: 0.00075762865 | W18: 0.0030125967 | X18: 0.0019822912 | Z18: 0 | AA18: 0 | AB18: 0 | AC18: 0 | AD18: 0 | AE18: 0 | AF18: 0.42065825 | AH18: 0.036208222 | AI18: 0.034445969 | AK18: 0.047100447 | AL18: 0.00028689637 | AM18: 0.041510015 | AO18: 0.048333772 | AP18: 0.034336908 | AR18: 0.011965166 | AS18: 0.049180528 | AU18: 0.035136926 | AV18: 0.037281435 | AX18: 0.03461572 | AY18: 0.03517686 | BA18: 0.048291614 | BB18: 0.033390078 | BC18: 0.021013717 | BD18: 0.00091214202
... B20: Don’t know | C20: 0.043347078 | D20: 0.066447736 | E20: 0.014461592 | F20: 0.035964537 | G20: 0.025517158 | H20: 0.060908881 | J20: 0.043237665 | K20: 0.039652913 | L20: 0.086988111 | M20: 0.054400765 | O20: 0.031478753 | P20: 0.030407262 | Q20: 0 | R20: 0 | S20: 0 | T20: 0.061300457 | U20: 0 | V20: 0.025567669 | W20: 0.0019698879 | X20: 0.00090993099 | Z20: 0 | AA20: 0 | AB20: 0 | AC20: 0 | AD20: 0 | AE20: 0 | AF20: 0 | AH20: 0.034132448 | AI20: 0.049319697 | AK20: 0.019522474 | AL20: 0.00011978303 | AM20: 0.030604442 | AO20: 0.035814828 | AP20: 0.043804954 | AR20: 0.04936583 | AS20: 0.039700186 | AU20: 0.043336365 | AV20: 0.054400765 | AX20: 0.031456938 | AY20: 0.04420728 | BA20: 0.044939021 | BB20: 0.059278464 | BC20: 0.012471287 | BD20: 0
B22: Fieldwork: 22nd Apr - 26th Apr 2022
B23: Data weighted by business size and region to Nationally Representative proportions
B25: =HYPERLINK("#'Contents'!A1", "Return to Contents") -> Return to Contents

Sheet Table 10
D2: And over the last three years, how much did the revenue of your company grow on average?
D5: Region of Italy | J5: Number of Employees | O5: Annual Revenue | Z5: Revenue Change | AH5: Cloud User | AK5: Type of Cloud | AO5: AWS User | AR5: Woman-owned Business | AU5: Grouped Employee Count | AX5: Tech Adoption | BA5: Digital Intensity
C6: Total | D6: Centre | E6: South | F6: Islands | G6: North East | H6: North West | J6: 1-9 | K6: 10-49 | L6: 50-249 | M6: 250+ | O6: Under EUR 85,000 | P6: EUR 85,001 to EUR 250,000 | Q6: EUR 250,001 to EUR 500,000 | R6: EUR 500,001 to EUR 1 million | S6: EUR 1 million to EUR 2 million | T6: EUR 2 million to EUR 5 million | U6: EUR 5 million to EUR 10 million | V6: EUR 10 million to EUR 20 million | W6: EUR 20 million to EUR 50 million | X6: Over EUR 50 million | Z6: Declined by 10%+ | AA6: Declined by 6-10% | AB6: Declined by 0-5% | AC6: Stayed about the same size | AD6: Grown by 0-5% | AE6: Grown by 6-10% | AF6: Grown by 10%+ | AH6: Yes | AI6: No | AK6: IaaS / PaaS | AL6: Both | AM6: SaaS | AO6: Yes | AP6: No | AR6: Yes | AS6: No | AU6: Less than 250 employees | AV6: 250+ employees | AX6: Early adopter | AY6: Not early adopter | BA6: Low | BB6: Medium | BC6: High | BD6: Very High
B7: Unweighted | C7: 1018 | D7: 240 | E7: 171 | F7: 75 | G7: 180 | H7: 352 | J7: 422 | K7: 205 | L7: 103 | M7: 288 | O7: 233 | P7: 82 | Q7: 77 | R7: 95 | S7: 83 | T7: 67 | U7: 52 | V7: 70 | W7: 64 | X7: 103 | Z7: 207 | AA7: 81 | AB7: 93 | AC7: 235 | AD7: 138 | AE7: 114 | AF7: 98 | AH7: 612 | AI7: 406 | AK7: 200 | AL7: 100 | AM7: 284 | AO7: 130 | AP7: 888 | AR7: 323 | AS7: 695 | AU7: 730 | AV7: 288 | AX7: 169 | AY7: 849 | BA7: 231 | BB7: 306 | BC7: 408 | BD7: 73
B8: Weighted | C8: 1018 | D8: 221 | E8: 203 | F8: 87 | G8: 212 | H8: 295 | J8: 965 | K8: 46 | L8: 6 | M8: 1 | O8: 493 | P8: 157 | Q8: 98 | R8: 89 | S8: 38 | T8: 35 | U8: 8 | V8: 8 | W8: 3 | X8: 4 | Z8: 325 | AA8: 69 | AB8: 53 | AC8: 249 | AD8: 109 | AE8: 84 | AF8: 85 | AH8: 400 | AI8: 618 | AK8: 110 | AL8: 26 | AM8: 224 | AO8: 58 | AP8: 960 | AR8: 384 | AS8: 634 | AU8: 1017 | AV8: 1 | AX8: 69 | AY8: 949 | BA8: 341 | BB8: 440 | BC8: 219 | BD8: 18
B9: Declined by over 50% | C9: 0.080432705 | D9: 0.074657451 | E9: 0.082756109 | F9: 0.062597351 | G9: 0.12107921 | H9: 0.059209985 | J9: 0.084165914 | K9: 0.014381827 | L9: 0 | M9: 0 | O9: 0.10216601 | P9: 0.088515668 | Q9: 0.050632736 | R9: 0.05708855 | S9: 0.010960068 | T9: 0 | U9: 0 | V9: 0 | W9: 0 | X9: 0 | Z9: 0.21019448 | AA9: 0 | AB9: 0 | AC9: 0.028582194 | AD9: 0.019779395 | AE9: 0.025795261 | AF9: 0.025364399 | AH9: 0.04118359 | AI9: 0.10587269 | AK9: 0.04354032 | AL9: 0.098420686 | AM9: 0.040836778 | AO9: 0 | AP9: 0.085322116 | AR9: 0.065689575 | AS9: 0.089365885 | AU9: 0.080510654 | AV9: 0 | AX9: 0.066677258 | AY9: 0.081427856 | BA9: 0.11609503 | BB9: 0.073013045 | BC9: 0.046489095 | BD9: 0
B10: Declined by 25-50% | C10: 0.090740852 | D10: 0.10368909 | E10: 0.13270256 | F10: 0.10008605 | G10: 0.0646576 | H10: 0.068153834 | J10: 0.092334049 | K10: 0.066097283 | L10: 0.036282888 | M10: 0.014912705 | O10: 0.10852136 | P10: 0.09383822 | Q10: 0.092654133 | R10: 0.072223559 | S10: 0.0057331924 | T10: 0.031240614 | U10: 0.030910622 | V10: 0 | W10: 0.080455731 | X10: 0.0021611901 | Z10: 0.26203992 | AA10: 0.0072386469 | AB10: 0 | AC10: 0.010202375 | AD10: 0.018717056 | AE10: 3.9168106e-05 | AF10: 0.025364399 | AH10: 0.083841849 | AI10: 0.095212558 | AK10: 0.09065255 | AL10: 0.0084960763 | AM10: 0.10336112 | AO10: 0.092554661 | AP10: 0.090630593 | AR10: 0.086675641 | AS10: 0.093204051 | AU10: 0.090814338 | AV10: 0.014912705 | AX10: 0.11760913 | AY10: 0.088797042 | BA10: 0.07528515 | BB10: 0.12162693 | BC10: 0.060251717 | BD10: 0
B11: Declined by 10-25% | C11: 0.10605929 | D11: 0.094028294 | E11: 0.13414586 | F11: 0.0069873293 | G11: 0.061182508 | H11: 0.15721326 | J11: 0.10857932 | K11: 0.059545083 | L11: 0.067887848 | M11: 0.042533301 | O11: 0.12833261 | P11: 0.087932449 | Q11: 0.088570183 | R11: 0.1360744 | S11: 0.010368875 | T11: 0.0085235593 | U11: 0.061234181 | V11: 0.0011951986 | W11: 0.067384421 | X11: 0.059876096 | Z11: 0.23220392 | AA11: 0.23535688 | AB11: 0.087802425 | AC11: 0.036063785 | AD11: 0.0021595726 | AE11: 0.00070327142 | AF11: 0.027715451 | AH11: 0.11389038 | AI11: 0.10098344 | AK11: 0.083672605 | AL11: 0.079274175 | AM11: 0.13369855 | AO11: 0.11567972 | AP11: 0.10547448 | AR11: 0.13609427 | AS11: 0.087860457 | AU11: 0.10612086 | AV11: 0.042533301 | AX11: 0.073017208 | AY11: 0.10844975 | BA11: 0.11294401 | BB11: 0.095447574 | BC11: 0.10457004 | BD11: 0.25319967
B12: Declined by 6-10% | C12: 0.083870263 | D12: 0.070294408 | E12: 0.1235375 | F12: 0.15956463 | G12: 0.076953306 | H12: 0.049391622 | J12: 0.082973933 | K12: 0.10174573 | L12: 0.093823991 | M12: 0.066668075 | O12: 0.087194925 | P12: 0.13753518 | Q12: 0.12474327 | R12: 0.0075939315 | S12: 0.042793852 | T12: 0.0068896114 | U12: 0.13803124 | V12: 0.025935691 | W12: 0.022766471 | X12: 0.019869107 | Z12: 0.12656545 | AA12: 0.38441153 | AB12: 0.096497429 | AC12: 0.021142474 | AD12: 0.041699269 | AE12: 0.03127195 | AF12: 0.0023510515 | AH12: 0.09341337 | AI12: 0.077684735 | AK12: 0.080308825 | AL12: 0.1033947 | AM12: 0.10478461 | AO12: 0.084592249 | AP12: 0.083826374 | AR12: 0.11524997 | AS12: 0.064856624 | AU12: 0.083886934 | AV12: 0.066668075 | AX12: 0.042242023 | AY12: 0.086881895 | BA12: 0.059973123 | BB12: 0.085774316 | BC12: 0.11111847 | BD12: 0.15788943
B13: Declined by 0-5% | C13: 0.06712385 | D13: 0.089858103 | E13: 0.095828255 | F13: 0.032143506 | G13: 0.077618807 | H13: 0.033114003 | J13: 0.066465232 | K13: 0.075700701 | L13: 0.10596152 | M13: 0.073201122 | O13: 0.042244411 | P13: 0.10250647 | Q13: 0.10020309 | R13: 0.078213731 | S13: 0.1226526 | T13: 0.092196111 | U13: 0.17380939 | V13: 0.29242116 | W13: 0.023485993 | X13: 0.042521446 | Z13: 0.046826359 | AA13: 0.21088458 | AB13: 0.319054 | AC13: 0.059971034 | AD13: 0.038564714 | AE13: 0.029397846 | AF13: 0 | AH13: 0.099938678 | AI13: 0.04585436 | AK13: 0.074481555 | AL13: 0.20424493 | AM13: 0.078796772 | AO13: 0.186676 | AP13: 0.059856414 | AR13: 0.058049746 | AS13: 0.072622045 | AU13: 0.067117961 | AV13: 0.073201122 | AX13: 0.06124679 | AY13: 0.067549032 | BA13: 0.055347043 | BB13: 0.047931099 | BC13: 0.12819998 | BD13: 0.015093239
B14: Stayed about the same size | C14: 0.22015789 | D14: 0.2767752 | E14: 0.13923964 | F14: 0.29278159 | G14: 0.29006755 | H14: 0.16176763 | J14: 0.22150528 | K14: 0.19282372 | L14: 0.21734352 | M14: 0.19292723 | O14: 0.2545988 | P14: 0.18231824 | Q14: 0.18799944 | R14: 0.17634616 | S14: 0.15536551 | T14: 0.30914149 | U14: 0.063432007 | V14: 0.070084749 | W14: 0.0010427088 | X14: 0.025226172 | Z14: 0.077481929 | AA14: 0.080513661 | AB14: 0.24642711 | AC14: 0.61623128 | AD14: 0.1333118 | AE14: 0.060838967 | AF14: 0.083788881 | AH14: 0.18466163 | AI14: 0.2431654 | AK14: 0.18037402 | AL14: 0.26914993 | AM14: 0.14338007 | AO14: 0.13570866 | AP14: 0.22529147 | AR14: 0.21055195 | AS14: 0.22597834 | AU14: 0.22018428 | AV14: 0.19292723 | AX14: 0.19139595 | AY14: 0.2222387 | BA14: 0.2470728 | BB14: 0.22694623 | BC14: 0.16665076 | BD14: 0.19647509
